Workbook
Name ContraPart1: QCI!$M$53-SUMIF(QCI!$G$13:$G$52,,QCI!$M$13:$M$52)
Name ContraPart1: #REF!-SUMIF(#REF!,,#REF!)
Name ContraPart2: MAX(QCI!$L$6-SUM(QCI!$J$13:$L$52),0)
Name ContraPart2: MAX(#REF!-SUM(#REF!),0)
Name Contrapartida: IF(SUM(QCI!$I1:$L1)=0,"",SUM(QCI!$I1:$L1)*(Cronograma!B1/100))
Name CPAutomatica: IF(QCI!$M1="","",IF(AND(QCI!$J1="",QCI!$K1="",QCI!$L1="",QCI!ContraPart1<=0),"",IF(AND(QCI!$J1="",QCI!$K1="",QCI!$L1=""),QCI!$M1/QCI!ContraPart1*QCI!ContraPart2,"")))
Name CPAuxiliar: IF(QCI!$M$53<QCI!$M$4+QCI!$M$6,QCI!$M$53*(((QCI!$M$6*100)/(QCI!$M$4+QCI!$M$6))/100),QCI!$M$53-QCI!$M$4)
Name Incidencia: IF(QCI!$M1=0,0,QCI!$M1*100/QCI!$M$53)
Name matriz: #REF!
Name matriz2: #REF!
Name Parcial0: OFFSET(ValorTotal0,1,0,MATCH(VLOOKUP("Macroitem",TabAux,1,FALSE),TabAux,0)-1,1)
Name Parcial1: OFFSET(ValorTotal1,1,0,MATCH(VLOOKUP("Macroitem",TabAux,1,FALSE),TabAux,0)-1,1)
Name Parcial2: OFFSET(ValorTotal2,1,0,MATCH(VLOOKUP("Macroitem",TabAux,1,FALSE),TabAux,0)-1,1)
Name ParcialAc: OFFSET(ValorTotalAc,1,0,MATCH(VLOOKUP("Macroitem",TabAux,1,FALSE),TabAux,0)-1,1)
Name ParcialPer: OFFSET(ValorTotalPer,1,0,MATCH(VLOOKUP("Macroitem",TabAux,1,FALSE),TabAux,0)-1,1)
Name Quantidade1V: IF(ValorQuantidade1="",ValorQuantidade0,ValorQuantidade1)
Name Quantidade2V: IF(ValorQuantidade2<>"",ValorQuantidade2,Quantidade1V)
Name Repasse: IF([0]!ValorRepasse=0,"",[0]!ValorRepasse*(Cronograma!C1/100))
Name RepasseQCI: QCI!ValorTotal-SUM(QCI!$I1:$L1)
Name TabCPFin: QCI!$I$13:$J$52
Name TabCPFin: #REF!
Name TabCronograma: Cronograma!$A$1:$IV$65536
Name TabMedicao: QCI!$O$1:$GL$65536
Name TESTE: #REF!*#REF!
Name TotalCPFin: SUM(IF(ISNUMBER(QCI!TabCPFin),QCI!TabCPFin))
Name Unitario1V: IF(ValorUnitario1="",ValorUnitario0,ValorUnitario1)
Name ValorCPFinanceira: INDEX(QCI!$H$1:$H$65536,ROW())
Name ValorCPFisica: INDEX(QCI!$K$1:$K$65536,ROW())
Name ValorCPOutra: INDEX(QCI!$L$1:$L$65536,ROW())
Name ValorRepasse: INDEX(QCI!$F$1:$F$65536,ROW())
Name ValorRepasse: INDEX(QCI!$F$1:$F$65536,ROW())
Name ValorTotal: INDEX(QCI!$M$1:$M$65536,ROW())

Sheet Orcamento
A2: CONTRATANTE: | C2: PREFEITURA MUNICIPAL DE ARARANGUA | E2: CONVÊNIO: | F2: RECURSO PRÓPRIO/PARCERIA
A3: OBJETO: | C3: PREF. ABEL ESTEVES DE AGUIAR | E3: TOMADOR: | F3: PREFEITURA MUNICIPAL DE ARARANGUA
A4: LOCAL: | C4: VILA SÃO JOSÉ | Q4: 1170000
A5: DATA BASE: | C5: 43466 | Q5: 234000
A6: BDI: | C6: INDICADO ABAIXO | Q6: =Q4+Q5 -> 1404000
A7: LEIS SOCIAIS: | C7: OS MESMOS DO SINAPI NÃO DESONERADO | Q7: =#REF! -> #REF!
D9: ORÇAMENTO GLOBAL | Q9: REDUTOR SINAPI
Q10: 1
A12: MACRO ITEM | B12: ITENS | C12: DISCRIMINAÇÃO DOS SERVIÇOS | G12: PREVISTO - ORÇADO | J12: REFERÊNCIA | K12: OBSERVAÇÕES | M12: Quantitativos das ruas
D13: UNID | E13: QTIDADE | F13: UNITÁRIO SEM BDI | G13: BDI | H13: UNITÁRIO COM BDI | I13: PREÇO TOTAL | O13: TOTAL
O14: =ROUND(SUM(M14:N14),2) -> 0
B15: 1 | C15: DRENAGEM PLUVIAL | I15: =SUM(I16:I28) -> 22986 | O15: =ROUND(SUM(M15:N15),2) -> 0
B16: 1.1 | C16: ESCAVAÇÃO MECANIZADA DE REDE PLUVIAL | D16: m³ | E16: =O16 -> 111.6 | F16: 5.2 | G16: 25 | H16: =ROUND($F16*(1+$G16/100),2) -> 6.5 | I16: =$E16*$H16 -> 725.4 | J16: 90106 | M16: =DRENAGEM!H20 -> 111.6 | O16: =ROUND(SUM(M16:N16),2) -> 111.6 | Q16: 79.16 | S16: =E16*Q16*1.2 -> 10601.107
B17: 1.2 | C17: REATERRO MECANIZADO DE VALA COM ESCAVADEIRA | D17: m³ | E17: =O17 -> 69.52 | F17: 5 | G17: 25 | H17: =ROUND($F17*(1+$G17/100),2) -> 6.25 | I17: =$E17*$H17 -> 434.5 | J17: 93371 | M17: =DRENAGEM!I20 -> 69.523109 | O17: =ROUND(SUM(M17:N17),2) -> 69.52
B18: 1.3 | C18: LASTRO DE BRITA N. 02 EXTENSÀO - 0,5 x L x 0,10 | D18: m³ | E18: =O18 -> 0 | F18: 70 | G18: 25 | H18: =ROUND($F18*(1+$G18/100),2) -> 87.5 | I18: =$E18*$H18 -> 0 | J18: 88549 | M18: =DRENAGEM!E21 -> 0 | O18: =ROUND(SUM(M18:N18),2) -> 0 | Q18: 1533.96 | S18: =E18*Q18*1.2 -> 0
B19: 1.4 | C19: TUBO DE CONCRETO (SIMPLES) PARA REDES COLETORAS DE ÁGUAS PLUVIAIS, DIÂMETRO DE 300 MM, JUNTA RÍGIDA, INSTALADO EM LOCAL COM BAIXO NÍVEL DE INTERFERÊNCIAS - FORNECIMENTO E ASSENTAMENTO. AF_12/2015 | D19: m | E19: =O19 -> 90 | F19: 32 | G19: 25 | H19: =ROUND($F19*(1+$G19/100),2) -> 40 | I19: =$E19*$H19 -> 3600 | J19: 95567 | M19: =DRENAGEM!E10 -> 90 | O19: =ROUND(SUM(M19:N19),2) -> 90 | Q19: 101.55 | S19: =E19*Q19*1.2 -> 10967.4
B20: 1.5 | C20: TUBO DE CONCRETO (SIMPLES) PARA REDES COLETORAS DE ÁGUAS PLUVIAIS, DIÂMETRO DE 400 MM, JUNTA RÍGIDA, INSTALADO EM LOCAL COM ALTO NÍVEL DE INTERFERÊNCIAS - FORNECIMENTO E ASSENTAMENTO. AF_12/2015 | D20: m | E20: =O20 -> 0 | F20: 47 | G20: 25 | H20: =ROUND($F20*(1+$G20/100),2) -> 58.75 | I20: =$E20*$H20 -> 0 | J20: 95571 | M20: =DRENAGEM!E11 -> 0 | O20: =ROUND(SUM(M20:N20),2) -> 0 | Q20: 80
B21: 1.6 | C21: TUBO DE CONCRETO (SIMPLES) PARA REDES COLETORAS DE ÁGUAS PLUVIAIS, DIÂMETRO DE 500 MM, JUNTA RÍGIDA, INSTALADO EM LOCAL COM BAIXO NÍVEL DE INTERFERÊNCIAS - FORNECIMENTO E ASSENTAMENTO. AF_12/2015 | D21: m | E21: =O21 -> 0 | F21: 63 | G21: 25 | H21: =ROUND($F21*(1+$G21/100),2) -> 78.75 | I21: =$E21*$H21 -> 0 | J21: 95569 | M21: =DRENAGEM!E12 -> 0 | O21: =ROUND(SUM(M21:N21),2) -> 0
B22: 1.7 | C22: TUBO DE CONCRETO (SIMPLES) PARA REDES COLETORAS DE ÁGUAS PLUVIAIS, DIÂMETRO DE 600 MM, JUNTA RÍGIDA, INSTALADO EM LOCAL COM BAIXO NÍVEL DE INTERFERÊNCIAS - FORNECIMENTO E ASSENTAMENTO. AF_12/2015 | D22: m | E22: =O22 -> 0 | F22: 75 | G22: 25 | H22: =ROUND($F22*(1+$G22/100),2) -> 93.75 | I22: =$E22*$H22 -> 0 | M22: =DRENAGEM!E13 -> 0 | O22: =ROUND(SUM(M22:N22),2) -> 0
B23: 1.8 | C23: TUBO DE CONCRETO (SIMPLES) PARA REDES COLETORAS DE ÁGUAS PLUVIAIS, DIÂMETRO DE 800 MM, JUNTA RÍGIDA, INSTALADO EM LOCAL COM BAIXO NÍVEL DE INTERFERÊNCIAS - FORNECIMENTO E ASSENTAMENTO. AF_12/2015 | D23: m | E23: =O23 -> 0 | F23: 90 | G23: 25 | H23: =ROUND($F23*(1+$G23/100),2) -> 112.5 | I23: =$E23*$H23 -> 0 | M23: =DRENAGEM!E14 -> 0 | O23: =ROUND(SUM(M23:N23),2) -> 0
B24: 1.9 | C24: TUBO DE CONCRETO (SIMPLES) PARA REDES COLETORAS DE ÁGUAS PLUVIAIS, DIÂMETRO DE 1000 MM, JUNTA RÍGIDA, INSTALADO EM LOCAL COM BAIXO NÍVEL DE INTERFERÊNCIAS - FORNECIMENTO E ASSENTAMENTO. AF_12/2015 | D24: m | E24: =O24 -> 0 | F24: 135 | G24: 25 | H24: =ROUND($F24*(1+$G24/100),2) -> 168.75 | I24: =$E24*$H24 -> 0 | M24: =DRENAGEM!E15 -> 0 | O24: =ROUND(SUM(M24:N24),2) -> 0
B25: 1.10 | C25: MANTA GEOTÉXTIL 200G/M² PARA TUBOS | D25: m² | E25: =O25 -> 45.22 | F25: 4 | G25: 25 | H25: =ROUND($F25*(1+$G25/100),2) -> 5 | I25: =$E25*$H25 -> 226.1 | J25: 73881/001 | M25: =0.4*(M19*1.256+M20*1.57+M21*1.96+M22*2.35+M23*3.14+3.93*M24) -> 45.216 | O25: =ROUND(SUM(M25:N25),2) -> 45.22
B26: 1.11 | C26: CAIXA DE BOCA DE LOBO PROJ. TIPO GRELHA | D26: UNID. | E26: =O26 -> 18 | F26: 540 | G26: 25 | H26: =ROUND($F26*(1+$G26/100),2) -> 675 | I26: =$E26*$H26 -> 12150 | J26: 83659 | M26: =DRENAGEM!E4 -> 18 | O26: =ROUND(SUM(M26:N26),2) -> 18
B27: 1.12 | C27: CAIXA DE PASSAGEM COM TAMPA | D27: UNID. | E27: =O27 -> 9 | F27: 520 | G27: 25 | H27: =ROUND($F27*(1+$G27/100),2) -> 650 | I27: =$E27*$H27 -> 5850 | J27: 74206/002 | K27: prancha detalhe | M27: =DRENAGEM!E5 -> 9 | O27: =ROUND(SUM(M27:N27),2) -> 9 | Q27: 305.09 | S27: =E27*Q27*1.2 -> 3294.972
E28: =O28 -> 0 | F28: 0 | H28: =ROUND($F28*(1+$G28/100),2) -> 0 | I28: =$E28*$H28 -> 0 | M28: 0 | O28: =ROUND(SUM(M28:N28),2) -> 0 | S28: =E28*Q28*1.2 -> 0
B29: 2 | C29: PAVIMENTAÇÂO | H29: =ROUND($F29*(1+$G29/100),2) -> 0 | I29: =SUM(I30:I41) -> 339943.84 | O29: =ROUND(SUM(M29:N29),2) -> 0 | S29: =E29*Q29*1.2 -> 0
B30: 2.1 | C30: TERRAPLANAGEM | D30: m² | E30: =O30 -> 5027.64 | F30: 1 | G30: 25 | H30: =ROUND($F30*(1+$G30/100),2) -> 1.25 | I30: =$E30*$H30 -> 6284.55 | J30: 72961 | K30: Ext. da Via x (Largura lajota) + LIMPA RODA | M30: =PAVIMENTO!B16 -> 5027.644 | O30: =ROUND(SUM(M30:N30),2) -> 5027.64 | Q30: 1.2 | S30: =E30*Q30*1.2 -> 7239.8016
B31: 2.2 | C31: BASE DE BRITA GRADUADA SIMPLES COMPACTADADA 10 cm | D31: m³ | E31: =O31 -> 502.76 | F31: 92 | G31: 25 | H31: =ROUND($F31*(1+$G31/100),2) -> 115 | I31: =$E31*$H31 -> 57817.4 | J31: ins4721 | K31: Area de lajota * 0,10 | M31: =M30*0.1 -> 502.7644 | O31: =ROUND(SUM(M31:N31),2) -> 502.76 | Q31: 105.7 | R31: 4721 | S31: =E31*Q31*1.2 -> 63770.078
B32: 2.2.1 | C32: BASE DE BRITA GRADUADA SIMPLES COMPACTADADA 10 cm PARA TRECHO DESNÍVEL | D32: m³ | E32: =O32 -> 8 | F32: =F31 -> 92 | G32: 25 | H32: =ROUND($F32*(1+$G32/100),2) -> 115 | I32: =$E32*$H32 -> 920 | J32: ins4721 | K32: Area de lajota * 0,10 | M32: 8 | O32: =ROUND(SUM(M32:N32),2) -> 8 | Q32: 105.7 | R32: 4721
B33: 2.3 | C33: COLOCAÇÃO E TRANSPORTE DE AREIA MÉDIA 5 cm (EXCLUSO ESPALHAMENTO) | D33: m³ | E33: =O33 -> 251.38 | F33: 27 | G33: 15 | H33: =ROUND($F33*(1+$G33/100),2) -> 31.05 | I33: =$E33*$H33 -> 7805.349 | J33: ins 000360 | K33: área *0,05 | M33: =M30*0.05 -> 251.3822 | O33: =ROUND(SUM(M33:N33),2) -> 251.38 | Q33: 33.73 | S33: =E33*Q33*1.2 -> 10174.857
B34: 2.4 | C34: LAJOTA DE CONCRETO SEXTAVADO 8cm (Fck=35,0 MPa) PREFEITURA | D34: m² | E34: =O34 -> 130.02 | F34: 28.2 | G34: 15 | H34: =ROUND($F34*(1+$G34/100),2) -> 32.43 | I34: =$E34*$H34 -> 4216.5486 | J34: SINAPI92394/ins712 | M34: =PAVIMENTO!B15 -> 130.02 | O34: =ROUND(SUM(M34:N34),2) -> 130.02 | Q34: 49.75 | S34: =E34*Q34*1.2 -> 7762.194
B35: 2.4.1 | C35: LAJOTA DE CONCRETO SEXTAVADO 8cm (Fck=35,0 MPa) MORADORES | D35: m² | E35: =O35 -> 4897.62 | F35: 28.2 | G35: 15 | H35: =ROUND($F35*(1+$G35/100),2) -> 32.43 | I35: =$E35*$H35 -> 158829.82 | J35: SINAPI92394/ins712 | M35: =PAVIMENTO!B8 -> 4897.624 | O35: =ROUND(SUM(M35:N35),2) -> 4897.62 | Q35: 49.75
B36: 2.5 | C36: MÃO DE OBRA PARA COLOCAÇÃO DE LAJOTA SEXTAVADA E ESPALHAMENTO DE AREIA | D36: m² | E36: =O36 -> 5027.64 | F36: 10.4 | G36: 25 | H36: =ROUND($F36*(1+$G36/100),2) -> 13 | I36: =$E36*$H36 -> 65359.32 | J36: 88260 E 88316 | M36: =M30 -> 5027.644 | N36: =N31*39.2 -> 0 | O36: =ROUND(SUM(M36:N36),2) -> 5027.64 | Q36: 1.03 | S36: =E36*Q36*1.2 -> 6214.163
B37: 2.6 | C37: MEIO FIO 12X10X30x100cm (Fck = 20.0 MPa) | D37: m | E37: =O37 -> 8.5 | F37: 15 | G37: 15 | H37: =ROUND($F37*(1+$G37/100),2) -> 17.25 | I37: =$E37*$H37 -> 146.625 | J37: ins 4059 | M37: =PAVIMENTO!C15 -> 8.5 | O37: =ROUND(SUM(M37:N37),2) -> 8.5
B38: 2.6.1 | C38: MEIO FIO 12X10X30x100cm (Fck = 20.0 MPa) MORADORES | D38: m | E38: =O38 -> 1348.04 | F38: 15 | G38: 15 | H38: =ROUND($F38*(1+$G38/100),2) -> 17.25 | I38: =$E38*$H38 -> 23253.69 | J38: ins 4059 | M38: =PAVIMENTO!C8 -> 1348.044 | O38: =ROUND(SUM(M38:N38),2) -> 1348.04
B39: 2.7 | C39: MÃO DE OBRA PARA COLOCAÇÃO DE MEIO FIO | D39: m | E39: =O39 -> 1370.5 | F39: 7.5 | G39: 25 | H39: =ROUND($F39*(1+$G39/100),2) -> 9.38 | I39: =$E39*$H39 -> 12855.29 | J39: 88309 E 88316 | M39: =M38+M40+M37 -> 1370.504 | O39: =ROUND(SUM(M39:N39),2) -> 1370.5
B40: 2.8 | C40: MEIO FIO 10X10X30x100cm (Fck = 20.0 MPa) | D40: m | E40: =O40 -> 13.96 | F40: 12 | G40: 15 | H40: =ROUND($F40*(1+$G40/100),2) -> 13.8 | I40: =$E40*$H40 -> 192.648 | J40: 94273 | M40: =PAVIMENTO!D15 -> 13.96 | O40: =ROUND(SUM(M40:N40),2) -> 13.96
B41: 2.9 | C41: REGULARIZAÇÃO DA PAVIMENTAÇÃO COM PÓ DE PEDRA 0,05m INCLUSO TRANSPORTE | D41: m³ | E41: =O41 -> 25.14 | F41: 72 | G41: 25 | H41: =ROUND($F41*(1+$G41/100),2) -> 90 | I41: =$E41*$H41 -> 2262.6 | J41: 73817/001 | M41: =M36*0.005 -> 25.13822 | O41: =ROUND(SUM(M41:N41),2) -> 25.14 | S41: =E41*Q41*1.2 -> 0
B42: 2.9 | C42: SERVIÇO DE TOPOGRAFIA, (ESTAQUEAMENTO E NIVELAMENTO) REGISTADO EM CONSELHO | D42: H | E42: =O42 -> 8 | F42: 84.82 | G42: 25 | H42: =ROUND($F42*(1+$G42/100),2) -> 106.03 | I42: =$E42*$H42 -> 848.24 | J42: 90777 | M42: 8 | O42: =ROUND(SUM(M42:N42),2) -> 8 | S42: =E42*Q42*1.2 -> 0
H46: TOTAL | I46: =SUM(I29,I15) -> 362929.84 | J46: R$/m² | K46: =I46/E30 -> 72.186918 | M46: TOTAL | Q46: VERDE | R46: NÃO MEXER É FÓRMULA
C47: RECURSO PROPRIETÁRIOS ITEM 2.6 e 2.4 lajota e meio fio excluso limpa rodas, cruzamentos e área públicas | D47: =I47/I46 -> 0.50170443 | I47: =I35+I38 -> 182083.51 | J47: R$/m² | K47: =I47/E35 -> 37.177957 | M47: MORADORES | Q47: AMARELO | R47: INSERIR OS VALORE
C48: RECURSO PREFEITURA (INCLUSIVE ÁREA POSTO DE SAÚDE E LIMPA RODAS) | D48: =I48/I46 -> 0.49829557 | I48: =I46-I47 -> 180846.33

Sheet QCI
C1: Agente Promotor | F1: Número do Contrato
C2: Prefeitura Municipal de Araranguá | K2: .
A3: Logotipo Pref. | C3: Empreendimento | L3: Total Contratado | M3: Repasse
C4: PAVIMENTAÇÃO COM LAJOTAS SEXTAVADAS RUA ZELI DA ROCHA SILVEIRA | K4: . | L4: =$M$4+$M$6 -> 0
C5: Localização | F5: Programa | L5: Auxiliar | M5: C.P. Mínima
C6: POLÍCIA RODOVIÁRIA | K6: . | L6: =QCI!CPAuxiliar -> 362929.84
C8: QCI | D8: QUADRO DE COMPOSIÇÃO DO INVESTIMENTO
C10: QCI VIGENTE
A11: Executora | B11: ITEM | C11: Descrição dos Itens de Investimento | D11: UNID | E11: QTIDADE | F11: Repasse | H11: C.P Financeira | I11: C.P. Financeira | J11: C.P. Contrapartida | M11: Total | N11: Inc.
J12: Financeira | K12: Física | L12: Outras Fontes
C13: PAVIMENTAÇÃO COM LAJOTAS | F13: =QCI!RepasseQCI -> 0 | G13: =IF(OR($J13<>"",$K13<>"",$L13<>""),) -> FALSE | H13: =SUM($I13:$J13) -> 0 | I13: =QCI!CPAutomatica | N13: =QCI!Incidencia -> 0
F14: =QCI!RepasseQCI -> 0 | G14: =IF(OR($J14<>"",$K14<>"",$L14<>""),) -> FALSE | H14: =SUM($I14:$J14) -> 0 | I14: =QCI!CPAutomatica | N14: =QCI!Incidencia -> 0
B15: =Orcamento!B15 -> 1 | C15: =Orcamento!C15 -> DRENAGEM PLUVIAL | F15: =QCI!RepasseQCI -> 0 | G15: =IF(OR($J15<>"",$K15<>"",$L15<>""),) -> FALSE | H15: =SUM($I15:$J15) -> 22986 | I15: =QCI!CPAutomatica -> 22986 | M15: =Orcamento!I15 -> 22986 | N15: =QCI!Incidencia -> 6.3334556
B16: =Orcamento!B29 -> 2 | C16: =Orcamento!C29 -> PAVIMENTAÇÂO | F16: =QCI!RepasseQCI -> 0 | G16: =IF(OR($J16<>"",$K16<>"",$L16<>""),) -> FALSE | H16: =SUM($I16:$J16) -> 339943.84 | I16: =QCI!CPAutomatica -> 339943.84 | M16: =Orcamento!I29 -> 339943.84 | N16: =QCI!Incidencia -> 93.666544
F17: =QCI!RepasseQCI -> 0 | G17: =IF(OR($J17<>"",$K17<>"",$L17<>""),) -> FALSE | H17: =SUM($I17:$J17) -> 0 | I17: =QCI!CPAutomatica | N17: =QCI!Incidencia -> 0
F18: =QCI!RepasseQCI -> 0 | G18: =IF(OR($J18<>"",$K18<>"",$L18<>""),) -> FALSE | H18: =SUM($I18:$J18) -> 0 | I18: =QCI!CPAutomatica | N18: =QCI!Incidencia -> 0
F19: =QCI!RepasseQCI -> 0 | G19: =IF(OR($J19<>"",$K19<>"",$L19<>""),) -> FALSE | H19: =SUM($I19:$J19) -> 0 | I19: =QCI!CPAutomatica | N19: =QCI!Incidencia -> 0
F20: =QCI!RepasseQCI -> 0 | G20: =IF(OR($J20<>"",$K20<>"",$L20<>""),) -> FALSE | H20: =SUM($I20:$J20) -> 0 | I20: =QCI!CPAutomatica | N20: =QCI!Incidencia -> 0
F21: =QCI!RepasseQCI -> 0 | G21: =IF(OR($J21<>"",$K21<>"",$L21<>""),) -> FALSE | H21: =SUM($I21:$J21) -> 0 | I21: =QCI!CPAutomatica | N21: =QCI!Incidencia -> 0
F22: =QCI!RepasseQCI -> 0 | G22: =IF(OR($J22<>"",$K22<>"",$L22<>""),) -> FALSE | H22: =SUM($I22:$J22) -> 0 | I22: =QCI!CPAutomatica | N22: =QCI!Incidencia -> 0
F23: =QCI!RepasseQCI -> 0 | G23: =IF(OR($J23<>"",$K23<>"",$L23<>""),) -> FALSE | H23: =SUM($I23:$J23) -> 0 | I23: =QCI!CPAutomatica | N23: =QCI!Incidencia -> 0
F24: =QCI!RepasseQCI -> 0 | G24: =IF(OR($J24<>"",$K24<>"",$L24<>""),) -> FALSE | H24: =SUM($I24:$J24) -> 0 | I24: =QCI!CPAutomatica | N24: =QCI!Incidencia -> 0
F25: =QCI!RepasseQCI -> 0 | G25: =IF(OR($J25<>"",$K25<>"",$L25<>""),) -> FALSE | H25: =SUM($I25:$J25) -> 0 | I25: =QCI!CPAutomatica | N25: =QCI!Incidencia -> 0
F26: =QCI!RepasseQCI -> 0 | G26: =IF(OR($J26<>"",$K26<>"",$L26<>""),) -> FALSE | H26: =SUM($I26:$J26) -> 0 | I26: =QCI!CPAutomatica | N26: =QCI!Incidencia -> 0
F27: =QCI!RepasseQCI -> 0 | G27: =IF(OR($J27<>"",$K27<>"",$L27<>""),) -> FALSE | H27: =SUM($I27:$J27) -> 0 | I27: =QCI!CPAutomatica | N27: =QCI!Incidencia -> 0
F28: =QCI!RepasseQCI -> 0 | G28: =IF(OR($J28<>"",$K28<>"",$L28<>""),) -> FALSE | H28: =SUM($I28:$J28) -> 0 | I28: =QCI!CPAutomatica | N28: =QCI!Incidencia -> 0
... F52: =QCI!RepasseQCI -> 0 | G52: =IF(OR($J52<>"",$K52<>"",$L52<>""),) -> FALSE | H52: =SUM($I52:$J52) -> 0 | I52: =QCI!CPAutomatica | N52: =QCI!Incidencia -> 0
A53: =SUM($L$13:$L$52) -> 0 | C53: TOTAL | F53: =SUM($F$13:$F$52) -> 0 | J53: =QCI!TotalCPFin -> 362929.84 | K53: =SUM($K$13:$K$52) -> 0 | L53: =SUM($L$13:$L$52) -> 0 | M53: =SUM($M$13:$M$52) -> 362929.84 | N53: =SUM($N$13:$N$52) -> 100
B59: _____________________________________________
B60: Prefeito | F60: Responsável Técnico | M60: 43404
B61: Nome: | F61: Nome: | M61: Data
B62: CPF | F62: Registro:

Sheet Cronograma
A1: Agente Promotor | I1: Data Início de Obras
A2: =QCI!$C$2 -> Prefeitura Municipal de Araranguá
A3: Número do Contrato
A4: =QCI!$F$2 -> 0
A5: Programa | I5: Prazo de Execução
A6: =QCI!$F$6 -> 0 | I6: 2 | J6: =IF(I6=1,"mês","meses") -> meses
H8: CRONOGRAMA FÍSICO-FINANCEIRO | W8: CRONOGRAMA FÍSICO-FINANCEIRO | AL8: CRONOGRAMA FÍSICO-FINANCEIRO | BA8: CRONOGRAMA FÍSICO-FINANCEIRO | BP8: CRONOGRAMA FÍSICO-FINANCEIRO | CE8: CRONOGRAMA FÍSICO-FINANCEIRO | CT8: CRONOGRAMA FÍSICO-FINANCEIRO | DI8: CRONOGRAMA FÍSICO-FINANCEIRO | DX8: CRONOGRAMA FÍSICO-FINANCEIRO | EM8: CRONOGRAMA FÍSICO-FINANCEIRO | FB8: CRONOGRAMA FÍSICO-FINANCEIRO | FQ8: CRONOGRAMA FÍSICO-FINANCEIRO | GF8: CRONOGRAMA FÍSICO-FINANCEIRO | GU8: CRONOGRAMA FÍSICO-FINANCEIRO | HJ8: CRONOGRAMA FÍSICO-FINANCEIRO | HY8: CRONOGRAMA FÍSICO-FINANCEIRO
B10: Total | C10: Inc. | D10: Acum | E10: Mês 01 | H10: Mês 02 | K10: Mês 03 | N10: Mês 04 | Q10: Mês 05 | T10: Mês 06 | W10: Mês 07 | Z10: Mês 08 | AC10: Mês 09 | AF10: Mês 10 | AI10: Mês 11 | AL10: Mês 12 | AO10: Mês 13 | AR10: Mês 14 | AU10: Mês 15 | AX10: Mês 16 | BA10: Mês 17 | BD10: Mês 18 | BG10: Mês 19 | BJ10: Mês 20 | BM10: Mês 21 | BP10: Mês 22 | BS10: Mês 23 | BV10: Mês 24 | BY10: Mês 25 | CB10: Mês 26 | CE10: Mês 27 | CH10: Mês 28 | CK10: Mês 29 | CN10: Mês 30 | CQ10: Mês 31 | CT10: Mês 32 | CW10: Mês 33 | CZ10: Mês 34 | DC10: Mês 35 | DF10: Mês 36 | DI10: Mês 37 | DL10: Mês 38 | DO10: Mês 39 | DR10: Mês 40 | DU10: Mês 41 | DX10: Mês 42 | EA10: Mês 43 | ED10: Mês 44 | EG10: Mês 45 | EJ10: Mês 46 | EM10: Mês 47 | EP10: Mês 48 | ES10: Mês 49 | EV10: Mês 50 | EY10: Mês 51 | FB10: Mês 52 | FE10: Mês 53 | FH10: Mês 54 | FK10: Mês 55 | FN10: Mês 56 | FQ10: Mês 57 | FT10: Mês 58 | FW10: Mês 59 | FZ10: Mês 60 | GC10: Mês 61 | GF10: Mês 62 | GI10: Mês 63 | GL10: Mês 64 | GO10: Mês 65 | GR10: Mês 66 | GU10: Mês 67 | GX10: Mês 68 | HA10: Mês 69 | HD10: Mês 70 | HG10: Mês 71 | HJ10: Mês 72 | HM10: Mês 73 | HP10: Mês 74 | HS10: Mês 75 | HV10: Mês 76 | HY10: Mês 77 | IB10: Mês 78 | IE10: Mês 79 | IH10: Mês 80 | IK10: Mês 81 | IN10: Mês 82 | IQ10: Mês 83 | IT10: Mês 84
A11: Item | E11: Repasse | F11: Contrapartida R$ | G11: Percent. | H11: Repasse | I11: Contrapartida R$ | J11: Percent. | K11: Repasse | L11: Contrapartida R$ | M11: Percent. | N11: Repasse | O11: Contrapartida R$ | P11: Percent. | Q11: Repasse | R11: Contrapartida R$ | S11: Percent. | T11: Repasse | U11: Contrapartida R$ | V11: Percent. | W11: Repasse | X11: Contrapartida R$ | Y11: Percent. | Z11: Repasse | AA11: Contrapartida R$ | AB11: Percent. | AC11: Repasse | AD11: Contrapartida R$ | AE11: Percent. | AF11: Repasse | AG11: Contrapartida R$ | AH11: Percent. | AI11: Repasse | AJ11: Contrapartida R$ | AK11: Percent. | AL11: Repasse | AM11: Contrapartida R$ | AN11: Percent. | AO11: Repasse | AP11: Contrapartida R$ | AQ11: Percent. | AR11: Repasse | AS11: Contrapartida R$ | AT11: Percent. | AU11: Repasse | AV11: Contrapartida R$ | AW11: Percent. | AX11: Repasse | AY11: Contrapartida R$ | AZ11: Percent. | BA11: Repasse | BB11: Contrapartida R$ | BC11: Percent. | BD11: Repasse | BE11: Contrapartida R$ | BF11: Percent. | BG11: Repasse | BH11: Contrapartida R$ | BI11: Percent. | BJ11: Repasse | BK11: Contrapartida R$ | BL11: Percent. | BM11: Repasse | BN11: Contrapartida R$ | BO11: Percent. | BP11: Repasse | BQ11: Contrapartida R$ | BR11: Percent. | BS11: Repasse | BT11: Contrapartida R$ | BU11: Percent. | BV11: Repasse | BW11: Contrapartida R$ | BX11: Percent. | BY11: Repasse | BZ11: Contrapartida R$ | CA11: Percent. | CB11: Repasse | CC11: Contrapartida R$ | CD11: Percent. | CE11: Repasse | CF11: Contrapartida R$ | CG11: Percent. | CH11: Repasse | CI11: Contrapartida R$ | CJ11: Percent. | CK11: Repasse | CL11: Contrapartida R$ | CM11: Percent. | CN11: Repasse | CO11: Contrapartida R$ | CP11: Percent. | CQ11: Repasse | CR11: Contrapartida R$ | CS11: Percent. | CT11: Repasse | CU11: Contrapartida R$ | CV11: Percent. | CW11: Repasse | CX11: Contrapartida R$ | CY11: Percent. | CZ11: Repasse | DA11: Contrapartida R$ | DB11: Percent. | DC11: Repasse | DD11: Contrapartida R$ | DE11: Percent. | DF11: Repasse | DG11: Contrapartida R$ | DH11: Percent. | DI11: Repasse | DJ11: Contrapartida R$ | DK11: Percent. | DL11: Repasse | DM11: Contrapartida R$ | DN11: Percent. | DO11: Repasse | DP11: Contrapartida R$ | DQ11: Percent. | DR11: Repasse | DS11: Contrapartida R$ | DT11: Percent. | DU11: Repasse | DV11: Contrapartida R$ | DW11: Percent. | DX11: Repasse | DY11: Contrapartida R$ | DZ11: Percent. | EA11: Repasse | EB11: Contrapartida R$ | EC11: Percent. | ED11: Repasse | EE11: Contrapartida R$ | EF11: Percent. | EG11: Repasse | EH11: Contrapartida R$ | EI11: Percent. | EJ11: Repasse | EK11: Contrapartida R$ | EL11: Percent. | EM11: Repasse | EN11: Contrapartida R$ | EO11: Percent. | EP11: Repasse | EQ11: Contrapartida R$ | ER11: Percent. | ES11: Repasse | ET11: Contrapartida R$ | EU11: Percent. | EV11: Repasse | EW11: Contrapartida R$ | EX11: Percent. | EY11: Repasse | EZ11: Contrapartida R$ | FA11: Percent. | FB11: Repasse | FC11: Contrapartida R$ | FD11: Percent. | FE11: Repasse | FF11: Contrapartida R$ | FG11: Percent. | FH11: Repasse | FI11: Contrapartida R$ | FJ11: Percent. | FK11: Repasse | FL11: Contrapartida R$ | FM11: Percent. | FN11: Repasse | FO11: Contrapartida R$ | FP11: Percent. | FQ11: Repasse | FR11: Contrapartida R$ | FS11: Percent. | FT11: Repasse | FU11: Contrapartida R$ | FV11: Percent. | FW11: Repasse | FX11: Contrapartida R$ | FY11: Percent. | FZ11: Repasse | GA11: Contrapartida R$ | GB11: Percent. | GC11: Repasse | GD11: Contrapartida R$ | GE11: Percent. | GF11: Repasse | GG11: Contrapartida R$ | GH11: Percent. | GI11: Repasse | GJ11: Contrapartida R$ | GK11: Percent. | GL11: Repasse | GM11: Contrapartida R$ | GN11: Percent. | GO11: Repasse | GP11: Contrapartida R$ | GQ11: Percent. | GR11: Repasse | GS11: Contrapartida R$ | GT11: Percent. | GU11: Repasse | GV11: Contrapartida R$ | GW11: Percent. | GX11: Repasse | GY11: Contrapartida R$ | GZ11: Percent. | HA11: Repasse | HB11: Contrapartida R$ | HC11: Percent. | HD11: Repasse | HE11: Contrapartida R$ | HF11: Percent. | HG11: Repasse | HH11: Contrapartida R$ | HI11: Percent. | HJ11: Repasse | HK11: Contrapartida R$ | HL11: Percent. | HM11: Repasse | HN11: Contrapartida R$ | HO11: Percent. | HP11: Repasse | HQ11: Contrapartida R$ | HR11: Percent. | HS11: Repasse | HT11: Contrapartida R$ | HU11: Percent. | HV11: Repasse | HW11: Contrapartida R$ | HX11: Percent. | HY11: Repasse | HZ11: Contrapartida R$ | IA11: Percent. | IB11: Repasse | IC11: Contrapartida R$ | ID11: Percent. | IE11: Repasse | IF11: Contrapartida R$ | IG11: Percent. | IH11: Repasse | II11: Contrapartida R$ | IJ11: Percent. | IK11: Repasse | IL11: Contrapartida R$ | IM11: Percent. | IN11: Repasse | IO11: Contrapartida R$ | IP11: Percent. | IQ11: Repasse | IR11: Contrapartida R$ | IS11: Percent. | IT11: Repasse | IU11: Contrapartida R$ | IV11: Percent.
B12: (R$) | C12: (%) | D12: (%) | E12: (R$) | F12: (R$) | G12: (%) | H12: (R$) | I12: (R$) | J12: (%) | K12: (R$) | L12: (R$) | M12: (%) | N12: (R$) | O12: (R$) | P12: (%) | Q12: (R$) | R12: (R$) | S12: (%) | T12: (R$) | U12: (R$) | V12: (%) | W12: (R$) | X12: (R$) | Y12: (%) | Z12: (R$) | AA12: (R$) | AB12: (%) | AC12: (R$) | AD12: (R$) | AE12: (%) | AF12: (R$) | AG12: (R$) | AH12: (%) | AI12: (R$) | AJ12: (R$) | AK12: (%) | AL12: (R$) | AM12: (R$) | AN12: (%) | AO12: (R$) | AP12: (R$) | AQ12: (%) | AR12: (R$) | AS12: (R$) | AT12: (%) | AU12: (R$) | AV12: (R$) | AW12: (%) | AX12: (R$) | AY12: (R$) | AZ12: (%) | BA12: (R$) | BB12: (R$) | BC12: (%) | BD12: (R$) | BE12: (R$) | BF12: (%) | BG12: (R$) | BH12: (R$) | BI12: (%) | BJ12: (R$) | BK12: (R$) | BL12: (%) | BM12: (R$) | BN12: (R$) | BO12: (%) | BP12: (R$) | BQ12: (R$) | BR12: (%) | BS12: (R$) | BT12: (R$) | BU12: (%) | BV12: (R$) | BW12: (R$) | BX12: (%) | BY12: (R$) | BZ12: (R$) | CA12: (%) | CB12: (R$) | CC12: (R$) | CD12: (%) | CE12: (R$) | CF12: (R$) | CG12: (%) | CH12: (R$) | CI12: (R$) | CJ12: (%) | CK12: (R$) | CL12: (R$) | CM12: (%) | CN12: (R$) | CO12: (R$) | CP12: (%) | CQ12: (R$) | CR12: (R$) | CS12: (%) | CT12: (R$) | CU12: (R$) | CV12: (%) | CW12: (R$) | CX12: (R$) | CY12: (%) | CZ12: (R$) | DA12: (R$) | DB12: (%) | DC12: (R$) | DD12: (R$) | DE12: (%) | DF12: (R$) | DG12: (R$) | DH12: (%) | DI12: (R$) | DJ12: (R$) | DK12: (%) | DL12: (R$) | DM12: (R$) | DN12: (%) | DO12: (R$) | DP12: (R$) | DQ12: (%) | DR12: (R$) | DS12: (R$) | DT12: (%) | DU12: (R$) | DV12: (R$) | DW12: (%) | DX12: (R$) | DY12: (R$) | DZ12: (%) | EA12: (R$) | EB12: (R$) | EC12: (%) | ED12: (R$) | EE12: (R$) | EF12: (%) | EG12: (R$) | EH12: (R$) | EI12: (%) | EJ12: (R$) | EK12: (R$) | EL12: (%) | EM12: (R$) | EN12: (R$) | EO12: (%) | EP12: (R$) | EQ12: (R$) | ER12: (%) | ES12: (R$) | ET12: (R$) | EU12: (%) | EV12: (R$) | EW12: (R$) | EX12: (%) | EY12: (R$) | EZ12: (R$) | FA12: (%) | FB12: (R$) | FC12: (R$) | FD12: (%) | FE12: (R$) | FF12: (R$) | FG12: (%) | FH12: (R$) | FI12: (R$) | FJ12: (%) | FK12: (R$) | FL12: (R$) | FM12: (%) | FN12: (R$) | FO12: (R$) | FP12: (%) | FQ12: (R$) | FR12: (R$) | FS12: (%) | FT12: (R$) | FU12: (R$) | FV12: (%) | FW12: (R$) | FX12: (R$) | FY12: (%) | FZ12: (R$) | GA12: (R$) | GB12: (%) | GC12: (R$) | GD12: (R$) | GE12: (%) | GF12: (R$) | GG12: (R$) | GH12: (%) | GI12: (R$) | GJ12: (R$) | GK12: (%) | GL12: (R$) | GM12: (R$) | GN12: (%) | GO12: (R$) | GP12: (R$) | GQ12: (%) | GR12: (R$) | GS12: (R$) | GT12: (%) | GU12: (R$) | GV12: (R$) | GW12: (%) | GX12: (R$) | GY12: (R$) | GZ12: (%) | HA12: (R$) | HB12: (R$) | HC12: (%) | HD12: (R$) | HE12: (R$) | HF12: (%) | HG12: (R$) | HH12: (R$) | HI12: (%) | HJ12: (R$) | HK12: (R$) | HL12: (%) | HM12: (R$) | HN12: (R$) | HO12: (%) | HP12: (R$) | HQ12: (R$) | HR12: (%) | HS12: (R$) | HT12: (R$) | HU12: (%) | HV12: (R$) | HW12: (R$) | HX12: (%) | HY12: (R$) | HZ12: (R$) | IA12: (%) | IB12: (R$) | IC12: (R$) | ID12: (%) | IE12: (R$) | IF12: (R$) | IG12: (%) | IH12: (R$) | II12: (R$) | IJ12: (%) | IK12: (R$) | IL12: (R$) | IM12: (%) | IN12: (R$) | IO12: (R$) | IP12: (%) | IQ12: (R$) | IR12: (R$) | IS12: (%) | IT12: (R$) | IU12: (R$) | IV12: (%)
A13: =QCI!$B13 -> 0 | B13: =QCI!$M13 -> 0 | C13: =IF($B13=0,"",$B13/$B$53*100) | D13: =G13+J13+M13+P13+S13+V13+Y13+AB13+AE13+AH13+AK13+AN13+AQ13+AT13+AW13+AZ13+BC13+BF13+BI13+BL13+BO13+BR13+BU13+BX13+CA13+CD13+CG13+CJ13+CM13+CP13+CS13+CV13+CY13+DB13+DE13+DH13+DK13+DN13+DQ13+DT13+DW13+DZ13+EC13+EF13+EI13+EL13+EO13+ER13+EU13+EX13+FA13+FD13+FG13+FJ13+FM13+FP13+FS13+FV13+FY13+GB13+GE13+GH13+GK13+GN13+GQ13+GT13+GW13+GZ13+HC13+HF13+HI13+HL13+HO13+HR13+HU13+HX13+IA13+ID13+IG13+IJ13+IM13+IP13+IS13+IV13 -> 0 | E13: =Cronograma!Repasse | F13: =Cronograma!Contrapartida | H13: =Cronograma!Repasse | I13: =Cronograma!Contrapartida | K13: =Cronograma!Repasse | L13: =Cronograma!Contrapartida | N13: =Cronograma!Repasse | O13: =Cronograma!Contrapartida | Q13: =Cronograma!Repasse | R13: =Cronograma!Contrapartida | T13: =Cronograma!Repasse | U13: =Cronograma!Contrapartida | W13: =Cronograma!Repasse | X13: =Cronograma!Contrapartida | Z13: =Cronograma!Repasse | AA13: =Cronograma!Contrapartida | AC13: =Cronograma!Repasse | AD13: =Cronograma!Contrapartida | AF13: =Cronograma!Repasse | AG13: =Cronograma!Contrapartida | AI13: =Cronograma!Repasse | AJ13: =Cronograma!Contrapartida | AL13: =Cronograma!Repasse | AM13: =Cronograma!Contrapartida | AO13: =Cronograma!Repasse | AP13: =Cronograma!Contrapartida | AR13: =Cronograma!Repasse | AS13: =Cronograma!Contrapartida | AU13: =Cronograma!Repasse | AV13: =Cronograma!Contrapartida | AX13: =Cronograma!Repasse | AY13: =Cronograma!Contrapartida | BA13: =Cronograma!Repasse | BB13: =Cronograma!Contrapartida | BD13: =Cronograma!Repasse | BE13: =Cronograma!Contrapartida | BG13: =Cronograma!Repasse | BH13: =Cronograma!Contrapartida | BJ13: =Cronograma!Repasse | BK13: =Cronograma!Contrapartida | BM13: =Cronograma!Repasse | BN13: =Cronograma!Contrapartida | BP13: =Cronograma!Repasse | BQ13: =Cronograma!Contrapartida | BS13: =Cronograma!Repasse | BT13: =Cronograma!Contrapartida | BV13: =Cronograma!Repasse | BW13: =Cronograma!Contrapartida | BY13: =Cronograma!Repasse | BZ13: =Cronograma!Contrapartida | CB13: =Cronograma!Repasse | CC13: =Cronograma!Contrapartida | CE13: =Cronograma!Repasse | CF13: =Cronograma!Contrapartida | CH13: =Cronograma!Repasse | CI13: =Cronograma!Contrapartida | CK13: =Cronograma!Repasse | CL13: =Cronograma!Contrapartida | CN13: =Cronograma!Repasse | CO13: =Cronograma!Contrapartida | CQ13: =Cronograma!Repasse | CR13: =Cronograma!Contrapartida | CT13: =Cronograma!Repasse | CU13: =Cronograma!Contrapartida | CW13: =Cronograma!Repasse | CX13: =Cronograma!Contrapartida | CZ13: =Cronograma!Repasse | DA13: =Cronograma!Contrapartida | DC13: =Cronograma!Repasse | DD13: =Cronograma!Contrapartida | DF13: =Cronograma!Repasse | DG13: =Cronograma!Contrapartida | DI13: =Cronograma!Repasse | DJ13: =Cronograma!Contrapartida | DL13: =Cronograma!Repasse | DM13: =Cronograma!Contrapartida | DO13: =Cronograma!Repasse | DP13: =Cronograma!Contrapartida | DR13: =Cronograma!Repasse | DS13: =Cronograma!Contrapartida | DU13: =Cronograma!Repasse | DV13: =Cronograma!Contrapartida | DX13: =Cronograma!Repasse | DY13: =Cronograma!Contrapartida | EA13: =Cronograma!Repasse | EB13: =Cronograma!Contrapartida | ED13: =Cronograma!Repasse | EE13: =Cronograma!Contrapartida | EG13: =Cronograma!Repasse | EH13: =Cronograma!Contrapartida | EJ13: =Cronograma!Repasse | EK13: =Cronograma!Contrapartida | EM13: =Cronograma!Repasse | EN13: =Cronograma!Contrapartida | EP13: =Cronograma!Repasse | EQ13: =Cronograma!Contrapartida | ES13: =Cronograma!Repasse | ET13: =Cronograma!Contrapartida | EV13: =Cronograma!Repasse | EW13: =Cronograma!Contrapartida | EY13: =Cronograma!Repasse | EZ13: =Cronograma!Contrapartida | FB13: =Cronograma!Repasse | FC13: =Cronograma!Contrapartida | FE13: =Cronograma!Repasse | FF13: =Cronograma!Contrapartida | FH13: =Cronograma!Repasse | FI13: =Cronograma!Contrapartida | FK13: =Cronograma!Repasse | FL13: =Cronograma!Contrapartida | FN13: =Cronograma!Repasse | FO13: =Cronograma!Contrapartida | FQ13: =Cronograma!Repasse | FR13: =Cronograma!Contrapartida | FT13: =Cronograma!Repasse | FU13: =Cronograma!Contrapartida | FW13: =Cronograma!Repasse | FX13: =Cronograma!Contrapartida | FZ13: =Cronograma!Repasse | GA13: =Cronograma!Contrapartida | GC13: =Cronograma!Repasse | GD13: =Cronograma!Contrapartida | GF13: =Cronograma!Repasse | GG13: =Cronograma!Contrapartida | GI13: =Cronograma!Repasse | GJ13: =Cronograma!Contrapartida | GL13: =Cronograma!Repasse | GM13: =Cronograma!Contrapartida | GO13: =Cronograma!Repasse | GP13: =Cronograma!Contrapartida | GR13: =Cronograma!Repasse | GS13: =Cronograma!Contrapartida | GU13: =Cronograma!Repasse | GV13: =Cronograma!Contrapartida | GX13: =Cronograma!Repasse | GY13: =Cronograma!Contrapartida | HA13: =Cronograma!Repasse | HB13: =Cronograma!Contrapartida | HD13: =Cronograma!Repasse | HE13: =Cronograma!Contrapartida | HG13: =Cronograma!Repasse | HH13: =Cronograma!Contrapartida | HJ13: =Cronograma!Repasse | HK13: =Cronograma!Contrapartida | HM13: =Cronograma!Repasse | HN13: =Cronograma!Contrapartida | HP13: =Cronograma!Repasse | HQ13: =Cronograma!Contrapartida | HS13: =Cronograma!Repasse | HT13: =Cronograma!Contrapartida | HV13: =Cronograma!Repasse | HW13: =Cronograma!Contrapartida | HY13: =Cronograma!Repasse | HZ13: =Cronograma!Contrapartida | IB13: =Cronograma!Repasse | IC13: =Cronograma!Contrapartida | IE13: =Cronograma!Repasse | IF13: =Cronograma!Contrapartida | IH13: =Cronograma!Repasse | II13: =Cronograma!Contrapartida | IK13: =Cronograma!Repasse | IL13: =Cronograma!Contrapartida | IN13: =Cronograma!Repasse | IO13: =Cronograma!Contrapartida | IQ13: =Cronograma!Repasse | IR13: =Cronograma!Contrapartida | IT13: =Cronograma!Repasse | IU13: =Cronograma!Contrapartida
A14: =QCI!$B14 -> 0 | B14: =QCI!$M14 -> 0 | C14: =IF($B14=0,"",$B14/$B$53*100) | D14: =G14+J14+M14+P14+S14+V14+Y14+AB14+AE14+AH14+AK14+AN14+AQ14+AT14+AW14+AZ14+BC14+BF14+BI14+BL14+BO14+BR14+BU14+BX14+CA14+CD14+CG14+CJ14+CM14+CP14+CS14+CV14+CY14+DB14+DE14+DH14+DK14+DN14+DQ14+DT14+DW14+DZ14+EC14+EF14+EI14+EL14+EO14+ER14+EU14+EX14+FA14+FD14+FG14+FJ14+FM14+FP14+FS14+FV14+FY14+GB14+GE14+GH14+GK14+GN14+GQ14+GT14+GW14+GZ14+HC14+HF14+HI14+HL14+HO14+HR14+HU14+HX14+IA14+ID14+IG14+IJ14+IM14+IP14+IS14+IV14 -> 0 | E14: =Cronograma!Repasse | F14: =Cronograma!Contrapartida | H14: =Cronograma!Repasse | I14: =Cronograma!Contrapartida | K14: =Cronograma!Repasse | L14: =Cronograma!Contrapartida | N14: =Cronograma!Repasse | O14: =Cronograma!Contrapartida | Q14: =Cronograma!Repasse | R14: =Cronograma!Contrapartida | T14: =Cronograma!Repasse | U14: =Cronograma!Contrapartida | W14: =Cronograma!Repasse | X14: =Cronograma!Contrapartida | Z14: =Cronograma!Repasse | AA14: =Cronograma!Contrapartida | AC14: =Cronograma!Repasse | AD14: =Cronograma!Contrapartida | AF14: =Cronograma!Repasse | AG14: =Cronograma!Contrapartida | AI14: =Cronograma!Repasse | AJ14: =Cronograma!Contrapartida | AL14: =Cronograma!Repasse | AM14: =Cronograma!Contrapartida | AO14: =Cronograma!Repasse | AP14: =Cronograma!Contrapartida | AR14: =Cronograma!Repasse | AS14: =Cronograma!Contrapartida | AU14: =Cronograma!Repasse | AV14: =Cronograma!Contrapartida | AX14: =Cronograma!Repasse | AY14: =Cronograma!Contrapartida | BA14: =Cronograma!Repasse | BB14: =Cronograma!Contrapartida | BD14: =Cronograma!Repasse | BE14: =Cronograma!Contrapartida | BG14: =Cronograma!Repasse | BH14: =Cronograma!Contrapartida | BJ14: =Cronograma!Repasse | BK14: =Cronograma!Contrapartida | BM14: =Cronograma!Repasse | BN14: =Cronograma!Contrapartida | BP14: =Cronograma!Repasse | BQ14: =Cronograma!Contrapartida | BS14: =Cronograma!Repasse | BT14: =Cronograma!Contrapartida | BV14: =Cronograma!Repasse | BW14: =Cronograma!Contrapartida | BY14: =Cronograma!Repasse | BZ14: =Cronograma!Contrapartida | CB14: =Cronograma!Repasse | CC14: =Cronograma!Contrapartida | CE14: =Cronograma!Repasse | CF14: =Cronograma!Contrapartida | CH14: =Cronograma!Repasse | CI14: =Cronograma!Contrapartida | CK14: =Cronograma!Repasse | CL14: =Cronograma!Contrapartida | CN14: =Cronograma!Repasse | CO14: =Cronograma!Contrapartida | CQ14: =Cronograma!Repasse | CR14: =Cronograma!Contrapartida | CT14: =Cronograma!Repasse | CU14: =Cronograma!Contrapartida | CW14: =Cronograma!Repasse | CX14: =Cronograma!Contrapartida | CZ14: =Cronograma!Repasse | DA14: =Cronograma!Contrapartida | DC14: =Cronograma!Repasse | DD14: =Cronograma!Contrapartida | DF14: =Cronograma!Repasse | DG14: =Cronograma!Contrapartida | DI14: =Cronograma!Repasse | DJ14: =Cronograma!Contrapartida | DL14: =Cronograma!Repasse | DM14: =Cronograma!Contrapartida | DO14: =Cronograma!Repasse | DP14: =Cronograma!Contrapartida | DR14: =Cronograma!Repasse | DS14: =Cronograma!Contrapartida | DU14: =Cronograma!Repasse | DV14: =Cronograma!Contrapartida | DX14: =Cronograma!Repasse | DY14: =Cronograma!Contrapartida | EA14: =Cronograma!Repasse | EB14: =Cronograma!Contrapartida | ED14: =Cronograma!Repasse | EE14: =Cronograma!Contrapartida | EG14: =Cronograma!Repasse | EH14: =Cronograma!Contrapartida | EJ14: =Cronograma!Repasse | EK14: =Cronograma!Contrapartida | EM14: =Cronograma!Repasse | EN14: =Cronograma!Contrapartida | EP14: =Cronograma!Repasse | EQ14: =Cronograma!Contrapartida | ES14: =Cronograma!Repasse | ET14: =Cronograma!Contrapartida | EV14: =Cronograma!Repasse | EW14: =Cronograma!Contrapartida | EY14: =Cronograma!Repasse | EZ14: =Cronograma!Contrapartida | FB14: =Cronograma!Repasse | FC14: =Cronograma!Contrapartida | FE14: =Cronograma!Repasse | FF14: =Cronograma!Contrapartida | FH14: =Cronograma!Repasse | FI14: =Cronograma!Contrapartida | FK14: =Cronograma!Repasse | FL14: =Cronograma!Contrapartida | FN14: =Cronograma!Repasse | FO14: =Cronograma!Contrapartida | FQ14: =Cronograma!Repasse | FR14: =Cronograma!Contrapartida | FT14: =Cronograma!Repasse | FU14: =Cronograma!Contrapartida | FW14: =Cronograma!Repasse | FX14: =Cronograma!Contrapartida | FZ14: =Cronograma!Repasse | GA14: =Cronograma!Contrapartida | GC14: =Cronograma!Repasse | GD14: =Cronograma!Contrapartida | GF14: =Cronograma!Repasse | GG14: =Cronograma!Contrapartida | GI14: =Cronograma!Repasse | GJ14: =Cronograma!Contrapartida | GL14: =Cronograma!Repasse | GM14: =Cronograma!Contrapartida | GO14: =Cronograma!Repasse | GP14: =Cronograma!Contrapartida | GR14: =Cronograma!Repasse | GS14: =Cronograma!Contrapartida | GU14: =Cronograma!Repasse | GV14: =Cronograma!Contrapartida | GX14: =Cronograma!Repasse | GY14: =Cronograma!Contrapartida | HA14: =Cronograma!Repasse | HB14: =Cronograma!Contrapartida | HD14: =Cronograma!Repasse | HE14: =Cronograma!Contrapartida | HG14: =Cronograma!Repasse | HH14: =Cronograma!Contrapartida | HJ14: =Cronograma!Repasse | HK14: =Cronograma!Contrapartida | HM14: =Cronograma!Repasse | HN14: =Cronograma!Contrapartida | HP14: =Cronograma!Repasse | HQ14: =Cronograma!Contrapartida | HS14: =Cronograma!Repasse | HT14: =Cronograma!Contrapartida | HV14: =Cronograma!Repasse | HW14: =Cronograma!Contrapartida | HY14: =Cronograma!Repasse | HZ14: =Cronograma!Contrapartida | IB14: =Cronograma!Repasse | IC14: =Cronograma!Contrapartida | IE14: =Cronograma!Repasse | IF14: =Cronograma!Contrapartida | IH14: =Cronograma!Repasse | II14: =Cronograma!Contrapartida | IK14: =Cronograma!Repasse | IL14: =Cronograma!Contrapartida | IN14: =Cronograma!Repasse | IO14: =Cronograma!Contrapartida | IQ14: =Cronograma!Repasse | IR14: =Cronograma!Contrapartida | IT14: =Cronograma!Repasse | IU14: =Cronograma!Contrapartida
A15: =QCI!$B15 -> 1 | B15: =QCI!$M15 -> 22986 | C15: =IF($B15=0,"",$B15/$B$53*100) -> 6.3334556 | D15: =G15+J15+M15+P15+S15+V15+Y15+AB15+AE15+AH15+AK15+AN15+AQ15+AT15+AW15+AZ15+BC15+BF15+BI15+BL15+BO15+BR15+BU15+BX15+CA15+CD15+CG15+CJ15+CM15+CP15+CS15+CV15+CY15+DB15+DE15+DH15+DK15+DN15+DQ15+DT15+DW15+DZ15+EC15+EF15+EI15+EL15+EO15+ER15+EU15+EX15+FA15+FD15+FG15+FJ15+FM15+FP15+FS15+FV15+FY15+GB15+GE15+GH15+GK15+GN15+GQ15+GT15+GW15+GZ15+HC15+HF15+HI15+HL15+HO15+HR15+HU15+HX15+IA15+ID15+IG15+IJ15+IM15+IP15+IS15+IV15 -> 100 | E15: =Cronograma!Repasse | F15: =Cronograma!Contrapartida -> 22986 | G15: 100 | H15: =Cronograma!Repasse | I15: =Cronograma!Contrapartida -> 0 | J15: 0 | K15: =Cronograma!Repasse | L15: =Cronograma!Contrapartida -> 0 | N15: =Cronograma!Repasse | O15: =Cronograma!Contrapartida -> 0 | Q15: =Cronograma!Repasse | R15: =Cronograma!Contrapartida -> 0 | T15: =Cronograma!Repasse | U15: =Cronograma!Contrapartida -> 0 | W15: =Cronograma!Repasse | X15: =Cronograma!Contrapartida -> 0 | Z15: =Cronograma!Repasse | AA15: =Cronograma!Contrapartida -> 0 | AC15: =Cronograma!Repasse | AD15: =Cronograma!Contrapartida -> 0 | AF15: =Cronograma!Repasse | AG15: =Cronograma!Contrapartida -> 0 | AI15: =Cronograma!Repasse | AJ15: =Cronograma!Contrapartida -> 0 | AL15: =Cronograma!Repasse | AM15: =Cronograma!Contrapartida -> 0 | AO15: =Cronograma!Repasse | AP15: =Cronograma!Contrapartida -> 0 | AR15: =Cronograma!Repasse | AS15: =Cronograma!Contrapartida -> 0 | AU15: =Cronograma!Repasse | AV15: =Cronograma!Contrapartida -> 0 | AX15: =Cronograma!Repasse | AY15: =Cronograma!Contrapartida -> 0 | BA15: =Cronograma!Repasse | BB15: =Cronograma!Contrapartida -> 0 | BD15: =Cronograma!Repasse | BE15: =Cronograma!Contrapartida -> 0 | BG15: =Cronograma!Repasse | BH15: =Cronograma!Contrapartida -> 0 | BJ15: =Cronograma!Repasse | BK15: =Cronograma!Contrapartida -> 0 | BM15: =Cronograma!Repasse | BN15: =Cronograma!Contrapartida -> 0 | BP15: =Cronograma!Repasse | BQ15: =Cronograma!Contrapartida -> 0 | BS15: =Cronograma!Repasse | BT15: =Cronograma!Contrapartida -> 0 | BV15: =Cronograma!Repasse | BW15: =Cronograma!Contrapartida -> 0 | BY15: =Cronograma!Repasse | BZ15: =Cronograma!Contrapartida -> 0 | CB15: =Cronograma!Repasse | CC15: =Cronograma!Contrapartida -> 0 | CE15: =Cronograma!Repasse | CF15: =Cronograma!Contrapartida -> 0 | CH15: =Cronograma!Repasse | CI15: =Cronograma!Contrapartida -> 0 | CK15: =Cronograma!Repasse | CL15: =Cronograma!Contrapartida -> 0 | CN15: =Cronograma!Repasse | CO15: =Cronograma!Contrapartida -> 0 | CQ15: =Cronograma!Repasse | CR15: =Cronograma!Contrapartida -> 0 | CT15: =Cronograma!Repasse | CU15: =Cronograma!Contrapartida -> 0 | CW15: =Cronograma!Repasse | CX15: =Cronograma!Contrapartida -> 0 | CZ15: =Cronograma!Repasse | DA15: =Cronograma!Contrapartida -> 0 | DC15: =Cronograma!Repasse | DD15: =Cronograma!Contrapartida -> 0 | DF15: =Cronograma!Repasse | DG15: =Cronograma!Contrapartida -> 0 | DI15: =Cronograma!Repasse | DJ15: =Cronograma!Contrapartida -> 0 | DL15: =Cronograma!Repasse | DM15: =Cronograma!Contrapartida -> 0 | DO15: =Cronograma!Repasse | DP15: =Cronograma!Contrapartida -> 0 | DR15: =Cronograma!Repasse | DS15: =Cronograma!Contrapartida -> 0 | DU15: =Cronograma!Repasse | DV15: =Cronograma!Contrapartida -> 0 | DX15: =Cronograma!Repasse | DY15: =Cronograma!Contrapartida -> 0 | EA15: =Cronograma!Repasse | EB15: =Cronograma!Contrapartida -> 0 | ED15: =Cronograma!Repasse | EE15: =Cronograma!Contrapartida -> 0 | EG15: =Cronograma!Repasse | EH15: =Cronograma!Contrapartida -> 0 | EJ15: =Cronograma!Repasse | EK15: =Cronograma!Contrapartida -> 0 | EM15: =Cronograma!Repasse | EN15: =Cronograma!Contrapartida -> 0 | EP15: =Cronograma!Repasse | EQ15: =Cronograma!Contrapartida -> 0 | ES15: =Cronograma!Repasse | ET15: =Cronograma!Contrapartida -> 0 | EV15: =Cronograma!Repasse | EW15: =Cronograma!Contrapartida -> 0 | EY15: =Cronograma!Repasse | EZ15: =Cronograma!Contrapartida -> 0 | FB15: =Cronograma!Repasse | FC15: =Cronograma!Contrapartida -> 0 | FE15: =Cronograma!Repasse | FF15: =Cronograma!Contrapartida -> 0 | FH15: =Cronograma!Repasse | FI15: =Cronograma!Contrapartida -> 0 | FK15: =Cronograma!Repasse | FL15: =Cronograma!Contrapartida -> 0 | FN15: =Cronograma!Repasse | FO15: =Cronograma!Contrapartida -> 0 | FQ15: =Cronograma!Repasse | FR15: =Cronograma!Contrapartida -> 0 | FT15: =Cronograma!Repasse | FU15: =Cronograma!Contrapartida -> 0 | FW15: =Cronograma!Repasse | FX15: =Cronograma!Contrapartida -> 0 | FZ15: =Cronograma!Repasse | GA15: =Cronograma!Contrapartida -> 0 | GC15: =Cronograma!Repasse | GD15: =Cronograma!Contrapartida -> 0 | GF15: =Cronograma!Repasse | GG15: =Cronograma!Contrapartida -> 0 | GI15: =Cronograma!Repasse | GJ15: =Cronograma!Contrapartida -> 0 | GL15: =Cronograma!Repasse | GM15: =Cronograma!Contrapartida -> 0 | GO15: =Cronograma!Repasse | GP15: =Cronograma!Contrapartida -> 0 | GR15: =Cronograma!Repasse | GS15: =Cronograma!Contrapartida -> 0 | GU15: =Cronograma!Repasse | GV15: =Cronograma!Contrapartida -> 0 | GX15: =Cronograma!Repasse | GY15: =Cronograma!Contrapartida -> 0 | HA15: =Cronograma!Repasse | HB15: =Cronograma!Contrapartida -> 0 | HD15: =Cronograma!Repasse | HE15: =Cronograma!Contrapartida -> 0 | HG15: =Cronograma!Repasse | HH15: =Cronograma!Contrapartida -> 0 | HJ15: =Cronograma!Repasse | HK15: =Cronograma!Contrapartida -> 0 | HM15: =Cronograma!Repasse | HN15: =Cronograma!Contrapartida -> 0 | HP15: =Cronograma!Repasse | HQ15: =Cronograma!Contrapartida -> 0 | HS15: =Cronograma!Repasse | HT15: =Cronograma!Contrapartida -> 0 | HV15: =Cronograma!Repasse | HW15: =Cronograma!Contrapartida -> 0 | HY15: =Cronograma!Repasse | HZ15: =Cronograma!Contrapartida -> 0 | IB15: =Cronograma!Repasse | IC15: =Cronograma!Contrapartida -> 0 | IE15: =Cronograma!Repasse | IF15: =Cronograma!Contrapartida -> 0 | IH15: =Cronograma!Repasse | II15: =Cronograma!Contrapartida -> 0 | IK15: =Cronograma!Repasse | IL15: =Cronograma!Contrapartida -> 0 | IN15: =Cronograma!Repasse | IO15: =Cronograma!Contrapartida -> 0 | IQ15: =Cronograma!Repasse | IR15: =Cronograma!Contrapartida -> 0 | IT15: =Cronograma!Repasse | IU15: =Cronograma!Contrapartida -> 0
A16: =QCI!$B16 -> 2 | B16: =QCI!$M16 -> 339943.84 | C16: =IF($B16=0,"",$B16/$B$53*100) -> 93.666544 | D16: =G16+J16+M16+P16+S16+V16+Y16+AB16+AE16+AH16+AK16+AN16+AQ16+AT16+AW16+AZ16+BC16+BF16+BI16+BL16+BO16+BR16+BU16+BX16+CA16+CD16+CG16+CJ16+CM16+CP16+CS16+CV16+CY16+DB16+DE16+DH16+DK16+DN16+DQ16+DT16+DW16+DZ16+EC16+EF16+EI16+EL16+EO16+ER16+EU16+EX16+FA16+FD16+FG16+FJ16+FM16+FP16+FS16+FV16+FY16+GB16+GE16+GH16+GK16+GN16+GQ16+GT16+GW16+GZ16+HC16+HF16+HI16+HL16+HO16+HR16+HU16+HX16+IA16+ID16+IG16+IJ16+IM16+IP16+IS16+IV16 -> 100 | E16: =Cronograma!Repasse | F16: =Cronograma!Contrapartida -> 101983.15 | G16: 30 | H16: =Cronograma!Repasse | I16: =Cronograma!Contrapartida -> 169971.92 | J16: 50 | K16: =Cronograma!Repasse | L16: =Cronograma!Contrapartida -> 67988.767 | M16: 20 | N16: =Cronograma!Repasse | O16: =Cronograma!Contrapartida -> 0 | Q16: =Cronograma!Repasse | R16: =Cronograma!Contrapartida -> 0 | T16: =Cronograma!Repasse | U16: =Cronograma!Contrapartida -> 0 | W16: =Cronograma!Repasse | X16: =Cronograma!Contrapartida -> 0 | Z16: =Cronograma!Repasse | AA16: =Cronograma!Contrapartida -> 0 | AC16: =Cronograma!Repasse | AD16: =Cronograma!Contrapartida -> 0 | AF16: =Cronograma!Repasse | AG16: =Cronograma!Contrapartida -> 0 | AI16: =Cronograma!Repasse | AJ16: =Cronograma!Contrapartida -> 0 | AL16: =Cronograma!Repasse | AM16: =Cronograma!Contrapartida -> 0 | AO16: =Cronograma!Repasse | AP16: =Cronograma!Contrapartida -> 0 | AR16: =Cronograma!Repasse | AS16: =Cronograma!Contrapartida -> 0 | AU16: =Cronograma!Repasse | AV16: =Cronograma!Contrapartida -> 0 | AX16: =Cronograma!Repasse | AY16: =Cronograma!Contrapartida -> 0 | BA16: =Cronograma!Repasse | BB16: =Cronograma!Contrapartida -> 0 | BD16: =Cronograma!Repasse | BE16: =Cronograma!Contrapartida -> 0 | BG16: =Cronograma!Repasse | BH16: =Cronograma!Contrapartida -> 0 | BJ16: =Cronograma!Repasse | BK16: =Cronograma!Contrapartida -> 0 | BM16: =Cronograma!Repasse | BN16: =Cronograma!Contrapartida -> 0 | BP16: =Cronograma!Repasse | BQ16: =Cronograma!Contrapartida -> 0 | BS16: =Cronograma!Repasse | BT16: =Cronograma!Contrapartida -> 0 | BV16: =Cronograma!Repasse | BW16: =Cronograma!Contrapartida -> 0 | BY16: =Cronograma!Repasse | BZ16: =Cronograma!Contrapartida -> 0 | CB16: =Cronograma!Repasse | CC16: =Cronograma!Contrapartida -> 0 | CE16: =Cronograma!Repasse | CF16: =Cronograma!Contrapartida -> 0 | CH16: =Cronograma!Repasse | CI16: =Cronograma!Contrapartida -> 0 | CK16: =Cronograma!Repasse | CL16: =Cronograma!Contrapartida -> 0 | CN16: =Cronograma!Repasse | CO16: =Cronograma!Contrapartida -> 0 | CQ16: =Cronograma!Repasse | CR16: =Cronograma!Contrapartida -> 0 | CT16: =Cronograma!Repasse | CU16: =Cronograma!Contrapartida -> 0 | CW16: =Cronograma!Repasse | CX16: =Cronograma!Contrapartida -> 0 | CZ16: =Cronograma!Repasse | DA16: =Cronograma!Contrapartida -> 0 | DC16: =Cronograma!Repasse | DD16: =Cronograma!Contrapartida -> 0 | DF16: =Cronograma!Repasse | DG16: =Cronograma!Contrapartida -> 0 | DI16: =Cronograma!Repasse | DJ16: =Cronograma!Contrapartida -> 0 | DL16: =Cronograma!Repasse | DM16: =Cronograma!Contrapartida -> 0 | DO16: =Cronograma!Repasse | DP16: =Cronograma!Contrapartida -> 0 | DR16: =Cronograma!Repasse | DS16: =Cronograma!Contrapartida -> 0 | DU16: =Cronograma!Repasse | DV16: =Cronograma!Contrapartida -> 0 | DX16: =Cronograma!Repasse | DY16: =Cronograma!Contrapartida -> 0 | EA16: =Cronograma!Repasse | EB16: =Cronograma!Contrapartida -> 0 | ED16: =Cronograma!Repasse | EE16: =Cronograma!Contrapartida -> 0 | EG16: =Cronograma!Repasse | EH16: =Cronograma!Contrapartida -> 0 | EJ16: =Cronograma!Repasse | EK16: =Cronograma!Contrapartida -> 0 | EM16: =Cronograma!Repasse | EN16: =Cronograma!Contrapartida -> 0 | EP16: =Cronograma!Repasse | EQ16: =Cronograma!Contrapartida -> 0 | ES16: =Cronograma!Repasse | ET16: =Cronograma!Contrapartida -> 0 | EV16: =Cronograma!Repasse | EW16: =Cronograma!Contrapartida -> 0 | EY16: =Cronograma!Repasse | EZ16: =Cronograma!Contrapartida -> 0 | FB16: =Cronograma!Repasse | FC16: =Cronograma!Contrapartida -> 0 | FE16: =Cronograma!Repasse | FF16: =Cronograma!Contrapartida -> 0 | FH16: =Cronograma!Repasse | FI16: =Cronograma!Contrapartida -> 0 | FK16: =Cronograma!Repasse | FL16: =Cronograma!Contrapartida -> 0 | FN16: =Cronograma!Repasse | FO16: =Cronograma!Contrapartida -> 0 | FQ16: =Cronograma!Repasse | FR16: =Cronograma!Contrapartida -> 0 | FT16: =Cronograma!Repasse | FU16: =Cronograma!Contrapartida -> 0 | FW16: =Cronograma!Repasse | FX16: =Cronograma!Contrapartida -> 0 | FZ16: =Cronograma!Repasse | GA16: =Cronograma!Contrapartida -> 0 | GC16: =Cronograma!Repasse | GD16: =Cronograma!Contrapartida -> 0 | GF16: =Cronograma!Repasse | GG16: =Cronograma!Contrapartida -> 0 | GI16: =Cronograma!Repasse | GJ16: =Cronograma!Contrapartida -> 0 | GL16: =Cronograma!Repasse | GM16: =Cronograma!Contrapartida -> 0 | GO16: =Cronograma!Repasse | GP16: =Cronograma!Contrapartida -> 0 | GR16: =Cronograma!Repasse | GS16: =Cronograma!Contrapartida -> 0 | GU16: =Cronograma!Repasse | GV16: =Cronograma!Contrapartida -> 0 | GX16: =Cronograma!Repasse | GY16: =Cronograma!Contrapartida -> 0 | HA16: =Cronograma!Repasse | HB16: =Cronograma!Contrapartida -> 0 | HD16: =Cronograma!Repasse | HE16: =Cronograma!Contrapartida -> 0 | HG16: =Cronograma!Repasse | HH16: =Cronograma!Contrapartida -> 0 | HJ16: =Cronograma!Repasse | HK16: =Cronograma!Contrapartida -> 0 | HM16: =Cronograma!Repasse | HN16: =Cronograma!Contrapartida -> 0 | HP16: =Cronograma!Repasse | HQ16: =Cronograma!Contrapartida -> 0 | HS16: =Cronograma!Repasse | HT16: =Cronograma!Contrapartida -> 0 | HV16: =Cronograma!Repasse | HW16: =Cronograma!Contrapartida -> 0 | HY16: =Cronograma!Repasse | HZ16: =Cronograma!Contrapartida -> 0 | IB16: =Cronograma!Repasse | IC16: =Cronograma!Contrapartida -> 0 | IE16: =Cronograma!Repasse | IF16: =Cronograma!Contrapartida -> 0 | IH16: =Cronograma!Repasse | II16: =Cronograma!Contrapartida -> 0 | IK16: =Cronograma!Repasse | IL16: =Cronograma!Contrapartida -> 0 | IN16: =Cronograma!Repasse | IO16: =Cronograma!Contrapartida -> 0 | IQ16: =Cronograma!Repasse | IR16: =Cronograma!Contrapartida -> 0 | IT16: =Cronograma!Repasse | IU16: =Cronograma!Contrapartida -> 0
A17: =QCI!$B17 -> 0 | B17: =QCI!$M17 -> 0 | C17: =IF($B17=0,"",$B17/$B$53*100) | D17: =G17+J17+M17+P17+S17+V17+Y17+AB17+AE17+AH17+AK17+AN17+AQ17+AT17+AW17+AZ17+BC17+BF17+BI17+BL17+BO17+BR17+BU17+BX17+CA17+CD17+CG17+CJ17+CM17+CP17+CS17+CV17+CY17+DB17+DE17+DH17+DK17+DN17+DQ17+DT17+DW17+DZ17+EC17+EF17+EI17+EL17+EO17+ER17+EU17+EX17+FA17+FD17+FG17+FJ17+FM17+FP17+FS17+FV17+FY17+GB17+GE17+GH17+GK17+GN17+GQ17+GT17+GW17+GZ17+HC17+HF17+HI17+HL17+HO17+HR17+HU17+HX17+IA17+ID17+IG17+IJ17+IM17+IP17+IS17+IV17 -> 0 | E17: =Cronograma!Repasse | F17: =Cronograma!Contrapartida | H17: =Cronograma!Repasse | I17: =Cronograma!Contrapartida | K17: =Cronograma!Repasse | L17: =Cronograma!Contrapartida | N17: =Cronograma!Repasse | O17: =Cronograma!Contrapartida | Q17: =Cronograma!Repasse | R17: =Cronograma!Contrapartida | T17: =Cronograma!Repasse | U17: =Cronograma!Contrapartida | W17: =Cronograma!Repasse | X17: =Cronograma!Contrapartida | Z17: =Cronograma!Repasse | AA17: =Cronograma!Contrapartida | AC17: =Cronograma!Repasse | AD17: =Cronograma!Contrapartida | AF17: =Cronograma!Repasse | AG17: =Cronograma!Contrapartida | AI17: =Cronograma!Repasse | AJ17: =Cronograma!Contrapartida | AL17: =Cronograma!Repasse | AM17: =Cronograma!Contrapartida | AO17: =Cronograma!Repasse | AP17: =Cronograma!Contrapartida | AR17: =Cronograma!Repasse | AS17: =Cronograma!Contrapartida | AU17: =Cronograma!Repasse | AV17: =Cronograma!Contrapartida | AX17: =Cronograma!Repasse | AY17: =Cronograma!Contrapartida | BA17: =Cronograma!Repasse | BB17: =Cronograma!Contrapartida | BD17: =Cronograma!Repasse | BE17: =Cronograma!Contrapartida | BG17: =Cronograma!Repasse | BH17: =Cronograma!Contrapartida | BJ17: =Cronograma!Repasse | BK17: =Cronograma!Contrapartida | BM17: =Cronograma!Repasse | BN17: =Cronograma!Contrapartida | BP17: =Cronograma!Repasse | BQ17: =Cronograma!Contrapartida | BS17: =Cronograma!Repasse | BT17: =Cronograma!Contrapartida | BV17: =Cronograma!Repasse | BW17: =Cronograma!Contrapartida | BY17: =Cronograma!Repasse | BZ17: =Cronograma!Contrapartida | CB17: =Cronograma!Repasse | CC17: =Cronograma!Contrapartida | CE17: =Cronograma!Repasse | CF17: =Cronograma!Contrapartida | CH17: =Cronograma!Repasse | CI17: =Cronograma!Contrapartida | CK17: =Cronograma!Repasse | CL17: =Cronograma!Contrapartida | CN17: =Cronograma!Repasse | CO17: =Cronograma!Contrapartida | CQ17: =Cronograma!Repasse | CR17: =Cronograma!Contrapartida | CT17: =Cronograma!Repasse | CU17: =Cronograma!Contrapartida | CW17: =Cronograma!Repasse | CX17: =Cronograma!Contrapartida | CZ17: =Cronograma!Repasse | DA17: =Cronograma!Contrapartida | DC17: =Cronograma!Repasse | DD17: =Cronograma!Contrapartida | DF17: =Cronograma!Repasse | DG17: =Cronograma!Contrapartida | DI17: =Cronograma!Repasse | DJ17: =Cronograma!Contrapartida | DL17: =Cronograma!Repasse | DM17: =Cronograma!Contrapartida | DO17: =Cronograma!Repasse | DP17: =Cronograma!Contrapartida | DR17: =Cronograma!Repasse | DS17: =Cronograma!Contrapartida | DU17: =Cronograma!Repasse | DV17: =Cronograma!Contrapartida | DX17: =Cronograma!Repasse | DY17: =Cronograma!Contrapartida | EA17: =Cronograma!Repasse | EB17: =Cronograma!Contrapartida | ED17: =Cronograma!Repasse | EE17: =Cronograma!Contrapartida | EG17: =Cronograma!Repasse | EH17: =Cronograma!Contrapartida | EJ17: =Cronograma!Repasse | EK17: =Cronograma!Contrapartida | EM17: =Cronograma!Repasse | EN17: =Cronograma!Contrapartida | EP17: =Cronograma!Repasse | EQ17: =Cronograma!Contrapartida | ES17: =Cronograma!Repasse | ET17: =Cronograma!Contrapartida | EV17: =Cronograma!Repasse | EW17: =Cronograma!Contrapartida | EY17: =Cronograma!Repasse | EZ17: =Cronograma!Contrapartida | FB17: =Cronograma!Repasse | FC17: =Cronograma!Contrapartida | FE17: =Cronograma!Repasse | FF17: =Cronograma!Contrapartida | FH17: =Cronograma!Repasse | FI17: =Cronograma!Contrapartida | FK17: =Cronograma!Repasse | FL17: =Cronograma!Contrapartida | FN17: =Cronograma!Repasse | FO17: =Cronograma!Contrapartida | FQ17: =Cronograma!Repasse | FR17: =Cronograma!Contrapartida | FT17: =Cronograma!Repasse | FU17: =Cronograma!Contrapartida | FW17: =Cronograma!Repasse | FX17: =Cronograma!Contrapartida | FZ17: =Cronograma!Repasse | GA17: =Cronograma!Contrapartida | GC17: =Cronograma!Repasse | GD17: =Cronograma!Contrapartida | GF17: =Cronograma!Repasse | GG17: =Cronograma!Contrapartida | GI17: =Cronograma!Repasse | GJ17: =Cronograma!Contrapartida | GL17: =Cronograma!Repasse | GM17: =Cronograma!Contrapartida | GO17: =Cronograma!Repasse | GP17: =Cronograma!Contrapartida | GR17: =Cronograma!Repasse | GS17: =Cronograma!Contrapartida | GU17: =Cronograma!Repasse | GV17: =Cronograma!Contrapartida | GX17: =Cronograma!Repasse | GY17: =Cronograma!Contrapartida | HA17: =Cronograma!Repasse | HB17: =Cronograma!Contrapartida | HD17: =Cronograma!Repasse | HE17: =Cronograma!Contrapartida | HG17: =Cronograma!Repasse | HH17: =Cronograma!Contrapartida | HJ17: =Cronograma!Repasse | HK17: =Cronograma!Contrapartida | HM17: =Cronograma!Repasse | HN17: =Cronograma!Contrapartida | HP17: =Cronograma!Repasse | HQ17: =Cronograma!Contrapartida | HS17: =Cronograma!Repasse | HT17: =Cronograma!Contrapartida | HV17: =Cronograma!Repasse | HW17: =Cronograma!Contrapartida | HY17: =Cronograma!Repasse | HZ17: =Cronograma!Contrapartida | IB17: =Cronograma!Repasse | IC17: =Cronograma!Contrapartida | IE17: =Cronograma!Repasse | IF17: =Cronograma!Contrapartida | IH17: =Cronograma!Repasse | II17: =Cronograma!Contrapartida | IK17: =Cronograma!Repasse | IL17: =Cronograma!Contrapartida | IN17: =Cronograma!Repasse | IO17: =Cronograma!Contrapartida | IQ17: =Cronograma!Repasse | IR17: =Cronograma!Contrapartida | IT17: =Cronograma!Repasse | IU17: =Cronograma!Contrapartida
A18: =QCI!$B18 -> 0 | B18: =QCI!$M18 -> 0 | C18: =IF($B18=0,"",$B18/$B$53*100) | D18: =G18+J18+M18+P18+S18+V18+Y18+AB18+AE18+AH18+AK18+AN18+AQ18+AT18+AW18+AZ18+BC18+BF18+BI18+BL18+BO18+BR18+BU18+BX18+CA18+CD18+CG18+CJ18+CM18+CP18+CS18+CV18+CY18+DB18+DE18+DH18+DK18+DN18+DQ18+DT18+DW18+DZ18+EC18+EF18+EI18+EL18+EO18+ER18+EU18+EX18+FA18+FD18+FG18+FJ18+FM18+FP18+FS18+FV18+FY18+GB18+GE18+GH18+GK18+GN18+GQ18+GT18+GW18+GZ18+HC18+HF18+HI18+HL18+HO18+HR18+HU18+HX18+IA18+ID18+IG18+IJ18+IM18+IP18+IS18+IV18 -> 0 | E18: =Cronograma!Repasse | F18: =Cronograma!Contrapartida | G18: 0 | H18: =Cronograma!Repasse | I18: =Cronograma!Contrapartida | K18: =Cronograma!Repasse | L18: =Cronograma!Contrapartida | M18: 0 | N18: =Cronograma!Repasse | O18: =Cronograma!Contrapartida | Q18: =Cronograma!Repasse | R18: =Cronograma!Contrapartida | T18: =Cronograma!Repasse | U18: =Cronograma!Contrapartida | W18: =Cronograma!Repasse | X18: =Cronograma!Contrapartida | Z18: =Cronograma!Repasse | AA18: =Cronograma!Contrapartida | AC18: =Cronograma!Repasse | AD18: =Cronograma!Contrapartida | AF18: =Cronograma!Repasse | AG18: =Cronograma!Contrapartida | AI18: =Cronograma!Repasse | AJ18: =Cronograma!Contrapartida | AL18: =Cronograma!Repasse | AM18: =Cronograma!Contrapartida | AO18: =Cronograma!Repasse | AP18: =Cronograma!Contrapartida | AR18: =Cronograma!Repasse | AS18: =Cronograma!Contrapartida | AU18: =Cronograma!Repasse | AV18: =Cronograma!Contrapartida | AX18: =Cronograma!Repasse | AY18: =Cronograma!Contrapartida | BA18: =Cronograma!Repasse | BB18: =Cronograma!Contrapartida | BD18: =Cronograma!Repasse | BE18: =Cronograma!Contrapartida | BG18: =Cronograma!Repasse | BH18: =Cronograma!Contrapartida | BJ18: =Cronograma!Repasse | BK18: =Cronograma!Contrapartida | BM18: =Cronograma!Repasse | BN18: =Cronograma!Contrapartida | BP18: =Cronograma!Repasse | BQ18: =Cronograma!Contrapartida | BS18: =Cronograma!Repasse | BT18: =Cronograma!Contrapartida | BV18: =Cronograma!Repasse | BW18: =Cronograma!Contrapartida | BY18: =Cronograma!Repasse | BZ18: =Cronograma!Contrapartida | CB18: =Cronograma!Repasse | CC18: =Cronograma!Contrapartida | CE18: =Cronograma!Repasse | CF18: =Cronograma!Contrapartida | CH18: =Cronograma!Repasse | CI18: =Cronograma!Contrapartida | CK18: =Cronograma!Repasse | CL18: =Cronograma!Contrapartida | CN18: =Cronograma!Repasse | CO18: =Cronograma!Contrapartida | CQ18: =Cronograma!Repasse | CR18: =Cronograma!Contrapartida | CT18: =Cronograma!Repasse | CU18: =Cronograma!Contrapartida | CW18: =Cronograma!Repasse | CX18: =Cronograma!Contrapartida | CZ18: =Cronograma!Repasse | DA18: =Cronograma!Contrapartida | DC18: =Cronograma!Repasse | DD18: =Cronograma!Contrapartida | DF18: =Cronograma!Repasse | DG18: =Cronograma!Contrapartida | DI18: =Cronograma!Repasse | DJ18: =Cronograma!Contrapartida | DL18: =Cronograma!Repasse | DM18: =Cronograma!Contrapartida | DO18: =Cronograma!Repasse | DP18: =Cronograma!Contrapartida | DR18: =Cronograma!Repasse | DS18: =Cronograma!Contrapartida | DU18: =Cronograma!Repasse | DV18: =Cronograma!Contrapartida | DX18: =Cronograma!Repasse | DY18: =Cronograma!Contrapartida | EA18: =Cronograma!Repasse | EB18: =Cronograma!Contrapartida | ED18: =Cronograma!Repasse | EE18: =Cronograma!Contrapartida | EG18: =Cronograma!Repasse | EH18: =Cronograma!Contrapartida | EJ18: =Cronograma!Repasse | EK18: =Cronograma!Contrapartida | EM18: =Cronograma!Repasse | EN18: =Cronograma!Contrapartida | EP18: =Cronograma!Repasse | EQ18: =Cronograma!Contrapartida | ES18: =Cronograma!Repasse | ET18: =Cronograma!Contrapartida | EV18: =Cronograma!Repasse | EW18: =Cronograma!Contrapartida | EY18: =Cronograma!Repasse | EZ18: =Cronograma!Contrapartida | FB18: =Cronograma!Repasse | FC18: =Cronograma!Contrapartida | FE18: =Cronograma!Repasse | FF18: =Cronograma!Contrapartida | FH18: =Cronograma!Repasse | FI18: =Cronograma!Contrapartida | FK18: =Cronograma!Repasse | FL18: =Cronograma!Contrapartida | FN18: =Cronograma!Repasse | FO18: =Cronograma!Contrapartida | FQ18: =Cronograma!Repasse | FR18: =Cronograma!Contrapartida | FT18: =Cronograma!Repasse | FU18: =Cronograma!Contrapartida | FW18: =Cronograma!Repasse | FX18: =Cronograma!Contrapartida | FZ18: =Cronograma!Repasse | GA18: =Cronograma!Contrapartida | GC18: =Cronograma!Repasse | GD18: =Cronograma!Contrapartida | GF18: =Cronograma!Repasse | GG18: =Cronograma!Contrapartida | GI18: =Cronograma!Repasse | GJ18: =Cronograma!Contrapartida | GL18: =Cronograma!Repasse | GM18: =Cronograma!Contrapartida | GO18: =Cronograma!Repasse | GP18: =Cronograma!Contrapartida | GR18: =Cronograma!Repasse | GS18: =Cronograma!Contrapartida | GU18: =Cronograma!Repasse | GV18: =Cronograma!Contrapartida | GX18: =Cronograma!Repasse | GY18: =Cronograma!Contrapartida | HA18: =Cronograma!Repasse | HB18: =Cronograma!Contrapartida | HD18: =Cronograma!Repasse | HE18: =Cronograma!Contrapartida | HG18: =Cronograma!Repasse | HH18: =Cronograma!Contrapartida | HJ18: =Cronograma!Repasse | HK18: =Cronograma!Contrapartida | HM18: =Cronograma!Repasse | HN18: =Cronograma!Contrapartida | HP18: =Cronograma!Repasse | HQ18: =Cronograma!Contrapartida | HS18: =Cronograma!Repasse | HT18: =Cronograma!Contrapartida | HV18: =Cronograma!Repasse | HW18: =Cronograma!Contrapartida | HY18: =Cronograma!Repasse | HZ18: =Cronograma!Contrapartida | IB18: =Cronograma!Repasse | IC18: =Cronograma!Contrapartida | IE18: =Cronograma!Repasse | IF18: =Cronograma!Contrapartida | IH18: =Cronograma!Repasse | II18: =Cronograma!Contrapartida | IK18: =Cronograma!Repasse | IL18: =Cronograma!Contrapartida | IN18: =Cronograma!Repasse | IO18: =Cronograma!Contrapartida | IQ18: =Cronograma!Repasse | IR18: =Cronograma!Contrapartida | IT18: =Cronograma!Repasse | IU18: =Cronograma!Contrapartida
A19: =QCI!$B19 -> 0 | B19: =QCI!$M19 -> 0 | C19: =IF($B19=0,"",$B19/$B$53*100) | D19: =G19+J19+M19+P19+S19+V19+Y19+AB19+AE19+AH19+AK19+AN19+AQ19+AT19+AW19+AZ19+BC19+BF19+BI19+BL19+BO19+BR19+BU19+BX19+CA19+CD19+CG19+CJ19+CM19+CP19+CS19+CV19+CY19+DB19+DE19+DH19+DK19+DN19+DQ19+DT19+DW19+DZ19+EC19+EF19+EI19+EL19+EO19+ER19+EU19+EX19+FA19+FD19+FG19+FJ19+FM19+FP19+FS19+FV19+FY19+GB19+GE19+GH19+GK19+GN19+GQ19+GT19+GW19+GZ19+HC19+HF19+HI19+HL19+HO19+HR19+HU19+HX19+IA19+ID19+IG19+IJ19+IM19+IP19+IS19+IV19 -> 0 | E19: =Cronograma!Repasse | F19: =Cronograma!Contrapartida | H19: =Cronograma!Repasse | I19: =Cronograma!Contrapartida | K19: =Cronograma!Repasse | L19: =Cronograma!Contrapartida | N19: =Cronograma!Repasse | O19: =Cronograma!Contrapartida | Q19: =Cronograma!Repasse | R19: =Cronograma!Contrapartida | T19: =Cronograma!Repasse | U19: =Cronograma!Contrapartida | W19: =Cronograma!Repasse | X19: =Cronograma!Contrapartida | Z19: =Cronograma!Repasse | AA19: =Cronograma!Contrapartida | AC19: =Cronograma!Repasse | AD19: =Cronograma!Contrapartida | AF19: =Cronograma!Repasse | AG19: =Cronograma!Contrapartida | AI19: =Cronograma!Repasse | AJ19: =Cronograma!Contrapartida | AL19: =Cronograma!Repasse | AM19: =Cronograma!Contrapartida | AO19: =Cronograma!Repasse | AP19: =Cronograma!Contrapartida | AR19: =Cronograma!Repasse | AS19: =Cronograma!Contrapartida | AU19: =Cronograma!Repasse | AV19: =Cronograma!Contrapartida | AX19: =Cronograma!Repasse | AY19: =Cronograma!Contrapartida | BA19: =Cronograma!Repasse | BB19: =Cronograma!Contrapartida | BD19: =Cronograma!Repasse | BE19: =Cronograma!Contrapartida | BG19: =Cronograma!Repasse | BH19: =Cronograma!Contrapartida | BJ19: =Cronograma!Repasse | BK19: =Cronograma!Contrapartida | BM19: =Cronograma!Repasse | BN19: =Cronograma!Contrapartida | BP19: =Cronograma!Repasse | BQ19: =Cronograma!Contrapartida | BS19: =Cronograma!Repasse | BT19: =Cronograma!Contrapartida | BV19: =Cronograma!Repasse | BW19: =Cronograma!Contrapartida | BY19: =Cronograma!Repasse | BZ19: =Cronograma!Contrapartida | CB19: =Cronograma!Repasse | CC19: =Cronograma!Contrapartida | CE19: =Cronograma!Repasse | CF19: =Cronograma!Contrapartida | CH19: =Cronograma!Repasse | CI19: =Cronograma!Contrapartida | CK19: =Cronograma!Repasse | CL19: =Cronograma!Contrapartida | CN19: =Cronograma!Repasse | CO19: =Cronograma!Contrapartida | CQ19: =Cronograma!Repasse | CR19: =Cronograma!Contrapartida | CT19: =Cronograma!Repasse | CU19: =Cronograma!Contrapartida | CW19: =Cronograma!Repasse | CX19: =Cronograma!Contrapartida | CZ19: =Cronograma!Repasse | DA19: =Cronograma!Contrapartida | DC19: =Cronograma!Repasse | DD19: =Cronograma!Contrapartida | DF19: =Cronograma!Repasse | DG19: =Cronograma!Contrapartida | DI19: =Cronograma!Repasse | DJ19: =Cronograma!Contrapartida | DL19: =Cronograma!Repasse | DM19: =Cronograma!Contrapartida | DO19: =Cronograma!Repasse | DP19: =Cronograma!Contrapartida | DR19: =Cronograma!Repasse | DS19: =Cronograma!Contrapartida | DU19: =Cronograma!Repasse | DV19: =Cronograma!Contrapartida | DX19: =Cronograma!Repasse | DY19: =Cronograma!Contrapartida | EA19: =Cronograma!Repasse | EB19: =Cronograma!Contrapartida | ED19: =Cronograma!Repasse | EE19: =Cronograma!Contrapartida | EG19: =Cronograma!Repasse | EH19: =Cronograma!Contrapartida | EJ19: =Cronograma!Repasse | EK19: =Cronograma!Contrapartida | EM19: =Cronograma!Repasse | EN19: =Cronograma!Contrapartida | EP19: =Cronograma!Repasse | EQ19: =Cronograma!Contrapartida | ES19: =Cronograma!Repasse | ET19: =Cronograma!Contrapartida | EV19: =Cronograma!Repasse | EW19: =Cronograma!Contrapartida | EY19: =Cronograma!Repasse | EZ19: =Cronograma!Contrapartida | FB19: =Cronograma!Repasse | FC19: =Cronograma!Contrapartida | FE19: =Cronograma!Repasse | FF19: =Cronograma!Contrapartida | FH19: =Cronograma!Repasse | FI19: =Cronograma!Contrapartida | FK19: =Cronograma!Repasse | FL19: =Cronograma!Contrapartida | FN19: =Cronograma!Repasse | FO19: =Cronograma!Contrapartida | FQ19: =Cronograma!Repasse | FR19: =Cronograma!Contrapartida | FT19: =Cronograma!Repasse | FU19: =Cronograma!Contrapartida | FW19: =Cronograma!Repasse | FX19: =Cronograma!Contrapartida | FZ19: =Cronograma!Repasse | GA19: =Cronograma!Contrapartida | GC19: =Cronograma!Repasse | GD19: =Cronograma!Contrapartida | GF19: =Cronograma!Repasse | GG19: =Cronograma!Contrapartida | GI19: =Cronograma!Repasse | GJ19: =Cronograma!Contrapartida | GL19: =Cronograma!Repasse | GM19: =Cronograma!Contrapartida | GO19: =Cronograma!Repasse | GP19: =Cronograma!Contrapartida | GR19: =Cronograma!Repasse | GS19: =Cronograma!Contrapartida | GU19: =Cronograma!Repasse | GV19: =Cronograma!Contrapartida | GX19: =Cronograma!Repasse | GY19: =Cronograma!Contrapartida | HA19: =Cronograma!Repasse | HB19: =Cronograma!Contrapartida | HD19: =Cronograma!Repasse | HE19: =Cronograma!Contrapartida | HG19: =Cronograma!Repasse | HH19: =Cronograma!Contrapartida | HJ19: =Cronograma!Repasse | HK19: =Cronograma!Contrapartida | HM19: =Cronograma!Repasse | HN19: =Cronograma!Contrapartida | HP19: =Cronograma!Repasse | HQ19: =Cronograma!Contrapartida | HS19: =Cronograma!Repasse | HT19: =Cronograma!Contrapartida | HV19: =Cronograma!Repasse | HW19: =Cronograma!Contrapartida | HY19: =Cronograma!Repasse | HZ19: =Cronograma!Contrapartida | IB19: =Cronograma!Repasse | IC19: =Cronograma!Contrapartida | IE19: =Cronograma!Repasse | IF19: =Cronograma!Contrapartida | IH19: =Cronograma!Repasse | II19: =Cronograma!Contrapartida | IK19: =Cronograma!Repasse | IL19: =Cronograma!Contrapartida | IN19: =Cronograma!Repasse | IO19: =Cronograma!Contrapartida | IQ19: =Cronograma!Repasse | IR19: =Cronograma!Contrapartida | IT19: =Cronograma!Repasse | IU19: =Cronograma!Contrapartida
A20: =QCI!$B20 -> 0 | B20: =QCI!$M20 -> 0 | C20: =IF($B20=0,"",$B20/$B$53*100) | D20: =G20+J20+M20+P20+S20+V20+Y20+AB20+AE20+AH20+AK20+AN20+AQ20+AT20+AW20+AZ20+BC20+BF20+BI20+BL20+BO20+BR20+BU20+BX20+CA20+CD20+CG20+CJ20+CM20+CP20+CS20+CV20+CY20+DB20+DE20+DH20+DK20+DN20+DQ20+DT20+DW20+DZ20+EC20+EF20+EI20+EL20+EO20+ER20+EU20+EX20+FA20+FD20+FG20+FJ20+FM20+FP20+FS20+FV20+FY20+GB20+GE20+GH20+GK20+GN20+GQ20+GT20+GW20+GZ20+HC20+HF20+HI20+HL20+HO20+HR20+HU20+HX20+IA20+ID20+IG20+IJ20+IM20+IP20+IS20+IV20 -> 0 | E20: =Cronograma!Repasse | F20: =Cronograma!Contrapartida | H20: =Cronograma!Repasse | I20: =Cronograma!Contrapartida | K20: =Cronograma!Repasse | L20: =Cronograma!Contrapartida | N20: =Cronograma!Repasse | O20: =Cronograma!Contrapartida | Q20: =Cronograma!Repasse | R20: =Cronograma!Contrapartida | T20: =Cronograma!Repasse | U20: =Cronograma!Contrapartida | W20: =Cronograma!Repasse | X20: =Cronograma!Contrapartida | Z20: =Cronograma!Repasse | AA20: =Cronograma!Contrapartida | AC20: =Cronograma!Repasse | AD20: =Cronograma!Contrapartida | AF20: =Cronograma!Repasse | AG20: =Cronograma!Contrapartida | AI20: =Cronograma!Repasse | AJ20: =Cronograma!Contrapartida | AL20: =Cronograma!Repasse | AM20: =Cronograma!Contrapartida | AO20: =Cronograma!Repasse | AP20: =Cronograma!Contrapartida | AR20: =Cronograma!Repasse | AS20: =Cronograma!Contrapartida | AU20: =Cronograma!Repasse | AV20: =Cronograma!Contrapartida | AX20: =Cronograma!Repasse | AY20: =Cronograma!Contrapartida | BA20: =Cronograma!Repasse | BB20: =Cronograma!Contrapartida | BD20: =Cronograma!Repasse | BE20: =Cronograma!Contrapartida | BG20: =Cronograma!Repasse | BH20: =Cronograma!Contrapartida | BJ20: =Cronograma!Repasse | BK20: =Cronograma!Contrapartida | BM20: =Cronograma!Repasse | BN20: =Cronograma!Contrapartida | BP20: =Cronograma!Repasse | BQ20: =Cronograma!Contrapartida | BS20: =Cronograma!Repasse | BT20: =Cronograma!Contrapartida | BV20: =Cronograma!Repasse | BW20: =Cronograma!Contrapartida | BY20: =Cronograma!Repasse | BZ20: =Cronograma!Contrapartida | CB20: =Cronograma!Repasse | CC20: =Cronograma!Contrapartida | CE20: =Cronograma!Repasse | CF20: =Cronograma!Contrapartida | CH20: =Cronograma!Repasse | CI20: =Cronograma!Contrapartida | CK20: =Cronograma!Repasse | CL20: =Cronograma!Contrapartida | CN20: =Cronograma!Repasse | CO20: =Cronograma!Contrapartida | CQ20: =Cronograma!Repasse | CR20: =Cronograma!Contrapartida | CT20: =Cronograma!Repasse | CU20: =Cronograma!Contrapartida | CW20: =Cronograma!Repasse | CX20: =Cronograma!Contrapartida | CZ20: =Cronograma!Repasse | DA20: =Cronograma!Contrapartida | DC20: =Cronograma!Repasse | DD20: =Cronograma!Contrapartida | DF20: =Cronograma!Repasse | DG20: =Cronograma!Contrapartida | DI20: =Cronograma!Repasse | DJ20: =Cronograma!Contrapartida | DL20: =Cronograma!Repasse | DM20: =Cronograma!Contrapartida | DO20: =Cronograma!Repasse | DP20: =Cronograma!Contrapartida | DR20: =Cronograma!Repasse | DS20: =Cronograma!Contrapartida | DU20: =Cronograma!Repasse | DV20: =Cronograma!Contrapartida | DX20: =Cronograma!Repasse | DY20: =Cronograma!Contrapartida | EA20: =Cronograma!Repasse | EB20: =Cronograma!Contrapartida | ED20: =Cronograma!Repasse | EE20: =Cronograma!Contrapartida | EG20: =Cronograma!Repasse | EH20: =Cronograma!Contrapartida | EJ20: =Cronograma!Repasse | EK20: =Cronograma!Contrapartida | EM20: =Cronograma!Repasse | EN20: =Cronograma!Contrapartida | EP20: =Cronograma!Repasse | EQ20: =Cronograma!Contrapartida | ES20: =Cronograma!Repasse | ET20: =Cronograma!Contrapartida | EV20: =Cronograma!Repasse | EW20: =Cronograma!Contrapartida | EY20: =Cronograma!Repasse | EZ20: =Cronograma!Contrapartida | FB20: =Cronograma!Repasse | FC20: =Cronograma!Contrapartida | FE20: =Cronograma!Repasse | FF20: =Cronograma!Contrapartida | FH20: =Cronograma!Repasse | FI20: =Cronograma!Contrapartida | FK20: =Cronograma!Repasse | FL20: =Cronograma!Contrapartida | FN20: =Cronograma!Repasse | FO20: =Cronograma!Contrapartida | FQ20: =Cronograma!Repasse | FR20: =Cronograma!Contrapartida | FT20: =Cronograma!Repasse | FU20: =Cronograma!Contrapartida | FW20: =Cronograma!Repasse | FX20: =Cronograma!Contrapartida | FZ20: =Cronograma!Repasse | GA20: =Cronograma!Contrapartida | GC20: =Cronograma!Repasse | GD20: =Cronograma!Contrapartida | GF20: =Cronograma!Repasse | GG20: =Cronograma!Contrapartida | GI20: =Cronograma!Repasse | GJ20: =Cronograma!Contrapartida | GL20: =Cronograma!Repasse | GM20: =Cronograma!Contrapartida | GO20: =Cronograma!Repasse | GP20: =Cronograma!Contrapartida | GR20: =Cronograma!Repasse | GS20: =Cronograma!Contrapartida | GU20: =Cronograma!Repasse | GV20: =Cronograma!Contrapartida | GX20: =Cronograma!Repasse | GY20: =Cronograma!Contrapartida | HA20: =Cronograma!Repasse | HB20: =Cronograma!Contrapartida | HD20: =Cronograma!Repasse | HE20: =Cronograma!Contrapartida | HG20: =Cronograma!Repasse | HH20: =Cronograma!Contrapartida | HJ20: =Cronograma!Repasse | HK20: =Cronograma!Contrapartida | HM20: =Cronograma!Repasse | HN20: =Cronograma!Contrapartida | HP20: =Cronograma!Repasse | HQ20: =Cronograma!Contrapartida | HS20: =Cronograma!Repasse | HT20: =Cronograma!Contrapartida | HV20: =Cronograma!Repasse | HW20: =Cronograma!Contrapartida | HY20: =Cronograma!Repasse | HZ20: =Cronograma!Contrapartida | IB20: =Cronograma!Repasse | IC20: =Cronograma!Contrapartida | IE20: =Cronograma!Repasse | IF20: =Cronograma!Contrapartida | IH20: =Cronograma!Repasse | II20: =Cronograma!Contrapartida | IK20: =Cronograma!Repasse | IL20: =Cronograma!Contrapartida | IN20: =Cronograma!Repasse | IO20: =Cronograma!Contrapartida | IQ20: =Cronograma!Repasse | IR20: =Cronograma!Contrapartida | IT20: =Cronograma!Repasse | IU20: =Cronograma!Contrapartida
A21: =QCI!$B21 -> 0 | B21: =QCI!$M21 -> 0 | C21: =IF($B21=0,"",$B21/$B$53*100) | D21: =G21+J21+M21+P21+S21+V21+Y21+AB21+AE21+AH21+AK21+AN21+AQ21+AT21+AW21+AZ21+BC21+BF21+BI21+BL21+BO21+BR21+BU21+BX21+CA21+CD21+CG21+CJ21+CM21+CP21+CS21+CV21+CY21+DB21+DE21+DH21+DK21+DN21+DQ21+DT21+DW21+DZ21+EC21+EF21+EI21+EL21+EO21+ER21+EU21+EX21+FA21+FD21+FG21+FJ21+FM21+FP21+FS21+FV21+FY21+GB21+GE21+GH21+GK21+GN21+GQ21+GT21+GW21+GZ21+HC21+HF21+HI21+HL21+HO21+HR21+HU21+HX21+IA21+ID21+IG21+IJ21+IM21+IP21+IS21+IV21 -> 0 | E21: =Cronograma!Repasse | F21: =Cronograma!Contrapartida | H21: =Cronograma!Repasse | I21: =Cronograma!Contrapartida | K21: =Cronograma!Repasse | L21: =Cronograma!Contrapartida | N21: =Cronograma!Repasse | O21: =Cronograma!Contrapartida | Q21: =Cronograma!Repasse | R21: =Cronograma!Contrapartida | T21: =Cronograma!Repasse | U21: =Cronograma!Contrapartida | W21: =Cronograma!Repasse | X21: =Cronograma!Contrapartida | Z21: =Cronograma!Repasse | AA21: =Cronograma!Contrapartida | AC21: =Cronograma!Repasse | AD21: =Cronograma!Contrapartida | AF21: =Cronograma!Repasse | AG21: =Cronograma!Contrapartida | AI21: =Cronograma!Repasse | AJ21: =Cronograma!Contrapartida | AL21: =Cronograma!Repasse | AM21: =Cronograma!Contrapartida | AO21: =Cronograma!Repasse | AP21: =Cronograma!Contrapartida | AR21: =Cronograma!Repasse | AS21: =Cronograma!Contrapartida | AU21: =Cronograma!Repasse | AV21: =Cronograma!Contrapartida | AX21: =Cronograma!Repasse | AY21: =Cronograma!Contrapartida | BA21: =Cronograma!Repasse | BB21: =Cronograma!Contrapartida | BD21: =Cronograma!Repasse | BE21: =Cronograma!Contrapartida | BG21: =Cronograma!Repasse | BH21: =Cronograma!Contrapartida | BJ21: =Cronograma!Repasse | BK21: =Cronograma!Contrapartida | BM21: =Cronograma!Repasse | BN21: =Cronograma!Contrapartida | BP21: =Cronograma!Repasse | BQ21: =Cronograma!Contrapartida | BS21: =Cronograma!Repasse | BT21: =Cronograma!Contrapartida | BV21: =Cronograma!Repasse | BW21: =Cronograma!Contrapartida | BY21: =Cronograma!Repasse | BZ21: =Cronograma!Contrapartida | CB21: =Cronograma!Repasse | CC21: =Cronograma!Contrapartida | CE21: =Cronograma!Repasse | CF21: =Cronograma!Contrapartida | CH21: =Cronograma!Repasse | CI21: =Cronograma!Contrapartida | CK21: =Cronograma!Repasse | CL21: =Cronograma!Contrapartida | CN21: =Cronograma!Repasse | CO21: =Cronograma!Contrapartida | CQ21: =Cronograma!Repasse | CR21: =Cronograma!Contrapartida | CT21: =Cronograma!Repasse | CU21: =Cronograma!Contrapartida | CW21: =Cronograma!Repasse | CX21: =Cronograma!Contrapartida | CZ21: =Cronograma!Repasse | DA21: =Cronograma!Contrapartida | DC21: =Cronograma!Repasse | DD21: =Cronograma!Contrapartida | DF21: =Cronograma!Repasse | DG21: =Cronograma!Contrapartida | DI21: =Cronograma!Repasse | DJ21: =Cronograma!Contrapartida | DL21: =Cronograma!Repasse | DM21: =Cronograma!Contrapartida | DO21: =Cronograma!Repasse | DP21: =Cronograma!Contrapartida | DR21: =Cronograma!Repasse | DS21: =Cronograma!Contrapartida | DU21: =Cronograma!Repasse | DV21: =Cronograma!Contrapartida | DX21: =Cronograma!Repasse | DY21: =Cronograma!Contrapartida | EA21: =Cronograma!Repasse | EB21: =Cronograma!Contrapartida | ED21: =Cronograma!Repasse | EE21: =Cronograma!Contrapartida | EG21: =Cronograma!Repasse | EH21: =Cronograma!Contrapartida | EJ21: =Cronograma!Repasse | EK21: =Cronograma!Contrapartida | EM21: =Cronograma!Repasse | EN21: =Cronograma!Contrapartida | EP21: =Cronograma!Repasse | EQ21: =Cronograma!Contrapartida | ES21: =Cronograma!Repasse | ET21: =Cronograma!Contrapartida | EV21: =Cronograma!Repasse | EW21: =Cronograma!Contrapartida | EY21: =Cronograma!Repasse | EZ21: =Cronograma!Contrapartida | FB21: =Cronograma!Repasse | FC21: =Cronograma!Contrapartida | FE21: =Cronograma!Repasse | FF21: =Cronograma!Contrapartida | FH21: =Cronograma!Repasse | FI21: =Cronograma!Contrapartida | FK21: =Cronograma!Repasse | FL21: =Cronograma!Contrapartida | FN21: =Cronograma!Repasse | FO21: =Cronograma!Contrapartida | FQ21: =Cronograma!Repasse | FR21: =Cronograma!Contrapartida | FT21: =Cronograma!Repasse | FU21: =Cronograma!Contrapartida | FW21: =Cronograma!Repasse | FX21: =Cronograma!Contrapartida | FZ21: =Cronograma!Repasse | GA21: =Cronograma!Contrapartida | GC21: =Cronograma!Repasse | GD21: =Cronograma!Contrapartida | GF21: =Cronograma!Repasse | GG21: =Cronograma!Contrapartida | GI21: =Cronograma!Repasse | GJ21: =Cronograma!Contrapartida | GL21: =Cronograma!Repasse | GM21: =Cronograma!Contrapartida | GO21: =Cronograma!Repasse | GP21: =Cronograma!Contrapartida | GR21: =Cronograma!Repasse | GS21: =Cronograma!Contrapartida | GU21: =Cronograma!Repasse | GV21: =Cronograma!Contrapartida | GX21: =Cronograma!Repasse | GY21: =Cronograma!Contrapartida | HA21: =Cronograma!Repasse | HB21: =Cronograma!Contrapartida | HD21: =Cronograma!Repasse | HE21: =Cronograma!Contrapartida | HG21: =Cronograma!Repasse | HH21: =Cronograma!Contrapartida | HJ21: =Cronograma!Repasse | HK21: =Cronograma!Contrapartida | HM21: =Cronograma!Repasse | HN21: =Cronograma!Contrapartida | HP21: =Cronograma!Repasse | HQ21: =Cronograma!Contrapartida | HS21: =Cronograma!Repasse | HT21: =Cronograma!Contrapartida | HV21: =Cronograma!Repasse | HW21: =Cronograma!Contrapartida | HY21: =Cronograma!Repasse | HZ21: =Cronograma!Contrapartida | IB21: =Cronograma!Repasse | IC21: =Cronograma!Contrapartida | IE21: =Cronograma!Repasse | IF21: =Cronograma!Contrapartida | IH21: =Cronograma!Repasse | II21: =Cronograma!Contrapartida | IK21: =Cronograma!Repasse | IL21: =Cronograma!Contrapartida | IN21: =Cronograma!Repasse | IO21: =Cronograma!Contrapartida | IQ21: =Cronograma!Repasse | IR21: =Cronograma!Contrapartida | IT21: =Cronograma!Repasse | IU21: =Cronograma!Contrapartida
A22: =QCI!$B22 -> 0 | B22: =QCI!$M22 -> 0 | C22: =IF($B22=0,"",$B22/$B$53*100) | D22: =G22+J22+M22+P22+S22+V22+Y22+AB22+AE22+AH22+AK22+AN22+AQ22+AT22+AW22+AZ22+BC22+BF22+BI22+BL22+BO22+BR22+BU22+BX22+CA22+CD22+CG22+CJ22+CM22+CP22+CS22+CV22+CY22+DB22+DE22+DH22+DK22+DN22+DQ22+DT22+DW22+DZ22+EC22+EF22+EI22+EL22+EO22+ER22+EU22+EX22+FA22+FD22+FG22+FJ22+FM22+FP22+FS22+FV22+FY22+GB22+GE22+GH22+GK22+GN22+GQ22+GT22+GW22+GZ22+HC22+HF22+HI22+HL22+HO22+HR22+HU22+HX22+IA22+ID22+IG22+IJ22+IM22+IP22+IS22+IV22 -> 0 | E22: =Cronograma!Repasse | F22: =Cronograma!Contrapartida | H22: =Cronograma!Repasse | I22: =Cronograma!Contrapartida | K22: =Cronograma!Repasse | L22: =Cronograma!Contrapartida | N22: =Cronograma!Repasse | O22: =Cronograma!Contrapartida | Q22: =Cronograma!Repasse | R22: =Cronograma!Contrapartida | T22: =Cronograma!Repasse | U22: =Cronograma!Contrapartida | W22: =Cronograma!Repasse | X22: =Cronograma!Contrapartida | Z22: =Cronograma!Repasse | AA22: =Cronograma!Contrapartida | AC22: =Cronograma!Repasse | AD22: =Cronograma!Contrapartida | AF22: =Cronograma!Repasse | AG22: =Cronograma!Contrapartida | AI22: =Cronograma!Repasse | AJ22: =Cronograma!Contrapartida | AL22: =Cronograma!Repasse | AM22: =Cronograma!Contrapartida | AO22: =Cronograma!Repasse | AP22: =Cronograma!Contrapartida | AR22: =Cronograma!Repasse | AS22: =Cronograma!Contrapartida | AU22: =Cronograma!Repasse | AV22: =Cronograma!Contrapartida | AX22: =Cronograma!Repasse | AY22: =Cronograma!Contrapartida | BA22: =Cronograma!Repasse | BB22: =Cronograma!Contrapartida | BD22: =Cronograma!Repasse | BE22: =Cronograma!Contrapartida | BG22: =Cronograma!Repasse | BH22: =Cronograma!Contrapartida | BJ22: =Cronograma!Repasse | BK22: =Cronograma!Contrapartida | BM22: =Cronograma!Repasse | BN22: =Cronograma!Contrapartida | BP22: =Cronograma!Repasse | BQ22: =Cronograma!Contrapartida | BS22: =Cronograma!Repasse | BT22: =Cronograma!Contrapartida | BV22: =Cronograma!Repasse | BW22: =Cronograma!Contrapartida | BY22: =Cronograma!Repasse | BZ22: =Cronograma!Contrapartida | CB22: =Cronograma!Repasse | CC22: =Cronograma!Contrapartida | CE22: =Cronograma!Repasse | CF22: =Cronograma!Contrapartida | CH22: =Cronograma!Repasse | CI22: =Cronograma!Contrapartida | CK22: =Cronograma!Repasse | CL22: =Cronograma!Contrapartida | CN22: =Cronograma!Repasse | CO22: =Cronograma!Contrapartida | CQ22: =Cronograma!Repasse | CR22: =Cronograma!Contrapartida | CT22: =Cronograma!Repasse | CU22: =Cronograma!Contrapartida | CW22: =Cronograma!Repasse | CX22: =Cronograma!Contrapartida | CZ22: =Cronograma!Repasse | DA22: =Cronograma!Contrapartida | DC22: =Cronograma!Repasse | DD22: =Cronograma!Contrapartida | DF22: =Cronograma!Repasse | DG22: =Cronograma!Contrapartida | DI22: =Cronograma!Repasse | DJ22: =Cronograma!Contrapartida | DL22: =Cronograma!Repasse | DM22: =Cronograma!Contrapartida | DO22: =Cronograma!Repasse | DP22: =Cronograma!Contrapartida | DR22: =Cronograma!Repasse | DS22: =Cronograma!Contrapartida | DU22: =Cronograma!Repasse | DV22: =Cronograma!Contrapartida | DX22: =Cronograma!Repasse | DY22: =Cronograma!Contrapartida | EA22: =Cronograma!Repasse | EB22: =Cronograma!Contrapartida | ED22: =Cronograma!Repasse | EE22: =Cronograma!Contrapartida | EG22: =Cronograma!Repasse | EH22: =Cronograma!Contrapartida | EJ22: =Cronograma!Repasse | EK22: =Cronograma!Contrapartida | EM22: =Cronograma!Repasse | EN22: =Cronograma!Contrapartida | EP22: =Cronograma!Repasse | EQ22: =Cronograma!Contrapartida | ES22: =Cronograma!Repasse | ET22: =Cronograma!Contrapartida | EV22: =Cronograma!Repasse | EW22: =Cronograma!Contrapartida | EY22: =Cronograma!Repasse | EZ22: =Cronograma!Contrapartida | FB22: =Cronograma!Repasse | FC22: =Cronograma!Contrapartida | FE22: =Cronograma!Repasse | FF22: =Cronograma!Contrapartida | FH22: =Cronograma!Repasse | FI22: =Cronograma!Contrapartida | FK22: =Cronograma!Repasse | FL22: =Cronograma!Contrapartida | FN22: =Cronograma!Repasse | FO22: =Cronograma!Contrapartida | FQ22: =Cronograma!Repasse | FR22: =Cronograma!Contrapartida | FT22: =Cronograma!Repasse | FU22: =Cronograma!Contrapartida | FW22: =Cronograma!Repasse | FX22: =Cronograma!Contrapartida | FZ22: =Cronograma!Repasse | GA22: =Cronograma!Contrapartida | GC22: =Cronograma!Repasse | GD22: =Cronograma!Contrapartida | GF22: =Cronograma!Repasse | GG22: =Cronograma!Contrapartida | GI22: =Cronograma!Repasse | GJ22: =Cronograma!Contrapartida | GL22: =Cronograma!Repasse | GM22: =Cronograma!Contrapartida | GO22: =Cronograma!Repasse | GP22: =Cronograma!Contrapartida | GR22: =Cronograma!Repasse | GS22: =Cronograma!Contrapartida | GU22: =Cronograma!Repasse | GV22: =Cronograma!Contrapartida | GX22: =Cronograma!Repasse | GY22: =Cronograma!Contrapartida | HA22: =Cronograma!Repasse | HB22: =Cronograma!Contrapartida | HD22: =Cronograma!Repasse | HE22: =Cronograma!Contrapartida | HG22: =Cronograma!Repasse | HH22: =Cronograma!Contrapartida | HJ22: =Cronograma!Repasse | HK22: =Cronograma!Contrapartida | HM22: =Cronograma!Repasse | HN22: =Cronograma!Contrapartida | HP22: =Cronograma!Repasse | HQ22: =Cronograma!Contrapartida | HS22: =Cronograma!Repasse | HT22: =Cronograma!Contrapartida | HV22: =Cronograma!Repasse | HW22: =Cronograma!Contrapartida | HY22: =Cronograma!Repasse | HZ22: =Cronograma!Contrapartida | IB22: =Cronograma!Repasse | IC22: =Cronograma!Contrapartida | IE22: =Cronograma!Repasse | IF22: =Cronograma!Contrapartida | IH22: =Cronograma!Repasse | II22: =Cronograma!Contrapartida | IK22: =Cronograma!Repasse | IL22: =Cronograma!Contrapartida | IN22: =Cronograma!Repasse | IO22: =Cronograma!Contrapartida | IQ22: =Cronograma!Repasse | IR22: =Cronograma!Contrapartida | IT22: =Cronograma!Repasse | IU22: =Cronograma!Contrapartida
A23: =QCI!$B23 -> 0 | B23: =QCI!$M23 -> 0 | C23: =IF($B23=0,"",$B23/$B$53*100) | D23: =G23+J23+M23+P23+S23+V23+Y23+AB23+AE23+AH23+AK23+AN23+AQ23+AT23+AW23+AZ23+BC23+BF23+BI23+BL23+BO23+BR23+BU23+BX23+CA23+CD23+CG23+CJ23+CM23+CP23+CS23+CV23+CY23+DB23+DE23+DH23+DK23+DN23+DQ23+DT23+DW23+DZ23+EC23+EF23+EI23+EL23+EO23+ER23+EU23+EX23+FA23+FD23+FG23+FJ23+FM23+FP23+FS23+FV23+FY23+GB23+GE23+GH23+GK23+GN23+GQ23+GT23+GW23+GZ23+HC23+HF23+HI23+HL23+HO23+HR23+HU23+HX23+IA23+ID23+IG23+IJ23+IM23+IP23+IS23+IV23 -> 0 | E23: =Cronograma!Repasse | F23: =Cronograma!Contrapartida | H23: =Cronograma!Repasse | I23: =Cronograma!Contrapartida | K23: =Cronograma!Repasse | L23: =Cronograma!Contrapartida | N23: =Cronograma!Repasse | O23: =Cronograma!Contrapartida | Q23: =Cronograma!Repasse | R23: =Cronograma!Contrapartida | T23: =Cronograma!Repasse | U23: =Cronograma!Contrapartida | W23: =Cronograma!Repasse | X23: =Cronograma!Contrapartida | Z23: =Cronograma!Repasse | AA23: =Cronograma!Contrapartida | AC23: =Cronograma!Repasse | AD23: =Cronograma!Contrapartida | AF23: =Cronograma!Repasse | AG23: =Cronograma!Contrapartida | AI23: =Cronograma!Repasse | AJ23: =Cronograma!Contrapartida | AL23: =Cronograma!Repasse | AM23: =Cronograma!Contrapartida | AO23: =Cronograma!Repasse | AP23: =Cronograma!Contrapartida | AR23: =Cronograma!Repasse | AS23: =Cronograma!Contrapartida | AU23: =Cronograma!Repasse | AV23: =Cronograma!Contrapartida | AX23: =Cronograma!Repasse | AY23: =Cronograma!Contrapartida | BA23: =Cronograma!Repasse | BB23: =Cronograma!Contrapartida | BD23: =Cronograma!Repasse | BE23: =Cronograma!Contrapartida | BG23: =Cronograma!Repasse | BH23: =Cronograma!Contrapartida | BJ23: =Cronograma!Repasse | BK23: =Cronograma!Contrapartida | BM23: =Cronograma!Repasse | BN23: =Cronograma!Contrapartida | BP23: =Cronograma!Repasse | BQ23: =Cronograma!Contrapartida | BS23: =Cronograma!Repasse | BT23: =Cronograma!Contrapartida | BV23: =Cronograma!Repasse | BW23: =Cronograma!Contrapartida | BY23: =Cronograma!Repasse | BZ23: =Cronograma!Contrapartida | CB23: =Cronograma!Repasse | CC23: =Cronograma!Contrapartida | CE23: =Cronograma!Repasse | CF23: =Cronograma!Contrapartida | CH23: =Cronograma!Repasse | CI23: =Cronograma!Contrapartida | CK23: =Cronograma!Repasse | CL23: =Cronograma!Contrapartida | CN23: =Cronograma!Repasse | CO23: =Cronograma!Contrapartida | CQ23: =Cronograma!Repasse | CR23: =Cronograma!Contrapartida | CT23: =Cronograma!Repasse | CU23: =Cronograma!Contrapartida | CW23: =Cronograma!Repasse | CX23: =Cronograma!Contrapartida | CZ23: =Cronograma!Repasse | DA23: =Cronograma!Contrapartida | DC23: =Cronograma!Repasse | DD23: =Cronograma!Contrapartida | DF23: =Cronograma!Repasse | DG23: =Cronograma!Contrapartida | DI23: =Cronograma!Repasse | DJ23: =Cronograma!Contrapartida | DL23: =Cronograma!Repasse | DM23: =Cronograma!Contrapartida | DO23: =Cronograma!Repasse | DP23: =Cronograma!Contrapartida | DR23: =Cronograma!Repasse | DS23: =Cronograma!Contrapartida | DU23: =Cronograma!Repasse | DV23: =Cronograma!Contrapartida | DX23: =Cronograma!Repasse | DY23: =Cronograma!Contrapartida | EA23: =Cronograma!Repasse | EB23: =Cronograma!Contrapartida | ED23: =Cronograma!Repasse | EE23: =Cronograma!Contrapartida | EG23: =Cronograma!Repasse | EH23: =Cronograma!Contrapartida | EJ23: =Cronograma!Repasse | EK23: =Cronograma!Contrapartida | EM23: =Cronograma!Repasse | EN23: =Cronograma!Contrapartida | EP23: =Cronograma!Repasse | EQ23: =Cronograma!Contrapartida | ES23: =Cronograma!Repasse | ET23: =Cronograma!Contrapartida | EV23: =Cronograma!Repasse | EW23: =Cronograma!Contrapartida | EY23: =Cronograma!Repasse | EZ23: =Cronograma!Contrapartida | FB23: =Cronograma!Repasse | FC23: =Cronograma!Contrapartida | FE23: =Cronograma!Repasse | FF23: =Cronograma!Contrapartida | FH23: =Cronograma!Repasse | FI23: =Cronograma!Contrapartida | FK23: =Cronograma!Repasse | FL23: =Cronograma!Contrapartida | FN23: =Cronograma!Repasse | FO23: =Cronograma!Contrapartida | FQ23: =Cronograma!Repasse | FR23: =Cronograma!Contrapartida | FT23: =Cronograma!Repasse | FU23: =Cronograma!Contrapartida | FW23: =Cronograma!Repasse | FX23: =Cronograma!Contrapartida | FZ23: =Cronograma!Repasse | GA23: =Cronograma!Contrapartida | GC23: =Cronograma!Repasse | GD23: =Cronograma!Contrapartida | GF23: =Cronograma!Repasse | GG23: =Cronograma!Contrapartida | GI23: =Cronograma!Repasse | GJ23: =Cronograma!Contrapartida | GL23: =Cronograma!Repasse | GM23: =Cronograma!Contrapartida | GO23: =Cronograma!Repasse | GP23: =Cronograma!Contrapartida | GR23: =Cronograma!Repasse | GS23: =Cronograma!Contrapartida | GU23: =Cronograma!Repasse | GV23: =Cronograma!Contrapartida | GX23: =Cronograma!Repasse | GY23: =Cronograma!Contrapartida | HA23: =Cronograma!Repasse | HB23: =Cronograma!Contrapartida | HD23: =Cronograma!Repasse | HE23: =Cronograma!Contrapartida | HG23: =Cronograma!Repasse | HH23: =Cronograma!Contrapartida | HJ23: =Cronograma!Repasse | HK23: =Cronograma!Contrapartida | HM23: =Cronograma!Repasse | HN23: =Cronograma!Contrapartida | HP23: =Cronograma!Repasse | HQ23: =Cronograma!Contrapartida | HS23: =Cronograma!Repasse | HT23: =Cronograma!Contrapartida | HV23: =Cronograma!Repasse | HW23: =Cronograma!Contrapartida | HY23: =Cronograma!Repasse | HZ23: =Cronograma!Contrapartida | IB23: =Cronograma!Repasse | IC23: =Cronograma!Contrapartida | IE23: =Cronograma!Repasse | IF23: =Cronograma!Contrapartida | IH23: =Cronograma!Repasse | II23: =Cronograma!Contrapartida | IK23: =Cronograma!Repasse | IL23: =Cronograma!Contrapartida | IN23: =Cronograma!Repasse | IO23: =Cronograma!Contrapartida | IQ23: =Cronograma!Repasse | IR23: =Cronograma!Contrapartida | IT23: =Cronograma!Repasse | IU23: =Cronograma!Contrapartida
A24: =QCI!$B24 -> 0 | B24: =QCI!$M24 -> 0 | C24: =IF($B24=0,"",$B24/$B$53*100) | D24: =G24+J24+M24+P24+S24+V24+Y24+AB24+AE24+AH24+AK24+AN24+AQ24+AT24+AW24+AZ24+BC24+BF24+BI24+BL24+BO24+BR24+BU24+BX24+CA24+CD24+CG24+CJ24+CM24+CP24+CS24+CV24+CY24+DB24+DE24+DH24+DK24+DN24+DQ24+DT24+DW24+DZ24+EC24+EF24+EI24+EL24+EO24+ER24+EU24+EX24+FA24+FD24+FG24+FJ24+FM24+FP24+FS24+FV24+FY24+GB24+GE24+GH24+GK24+GN24+GQ24+GT24+GW24+GZ24+HC24+HF24+HI24+HL24+HO24+HR24+HU24+HX24+IA24+ID24+IG24+IJ24+IM24+IP24+IS24+IV24 -> 0 | E24: =Cronograma!Repasse | F24: =Cronograma!Contrapartida | H24: =Cronograma!Repasse | I24: =Cronograma!Contrapartida | K24: =Cronograma!Repasse | L24: =Cronograma!Contrapartida | N24: =Cronograma!Repasse | O24: =Cronograma!Contrapartida | Q24: =Cronograma!Repasse | R24: =Cronograma!Contrapartida | T24: =Cronograma!Repasse | U24: =Cronograma!Contrapartida | W24: =Cronograma!Repasse | X24: =Cronograma!Contrapartida | Z24: =Cronograma!Repasse | AA24: =Cronograma!Contrapartida | AC24: =Cronograma!Repasse | AD24: =Cronograma!Contrapartida | AF24: =Cronograma!Repasse | AG24: =Cronograma!Contrapartida | AI24: =Cronograma!Repasse | AJ24: =Cronograma!Contrapartida | AL24: =Cronograma!Repasse | AM24: =Cronograma!Contrapartida | AO24: =Cronograma!Repasse | AP24: =Cronograma!Contrapartida | AR24: =Cronograma!Repasse | AS24: =Cronograma!Contrapartida | AU24: =Cronograma!Repasse | AV24: =Cronograma!Contrapartida | AX24: =Cronograma!Repasse | AY24: =Cronograma!Contrapartida | BA24: =Cronograma!Repasse | BB24: =Cronograma!Contrapartida | BD24: =Cronograma!Repasse | BE24: =Cronograma!Contrapartida | BG24: =Cronograma!Repasse | BH24: =Cronograma!Contrapartida | BJ24: =Cronograma!Repasse | BK24: =Cronograma!Contrapartida | BM24: =Cronograma!Repasse | BN24: =Cronograma!Contrapartida | BP24: =Cronograma!Repasse | BQ24: =Cronograma!Contrapartida | BS24: =Cronograma!Repasse | BT24: =Cronograma!Contrapartida | BV24: =Cronograma!Repasse | BW24: =Cronograma!Contrapartida | BY24: =Cronograma!Repasse | BZ24: =Cronograma!Contrapartida | CB24: =Cronograma!Repasse | CC24: =Cronograma!Contrapartida | CE24: =Cronograma!Repasse | CF24: =Cronograma!Contrapartida | CH24: =Cronograma!Repasse | CI24: =Cronograma!Contrapartida | CK24: =Cronograma!Repasse | CL24: =Cronograma!Contrapartida | CN24: =Cronograma!Repasse | CO24: =Cronograma!Contrapartida | CQ24: =Cronograma!Repasse | CR24: =Cronograma!Contrapartida | CT24: =Cronograma!Repasse | CU24: =Cronograma!Contrapartida | CW24: =Cronograma!Repasse | CX24: =Cronograma!Contrapartida | CZ24: =Cronograma!Repasse | DA24: =Cronograma!Contrapartida | DC24: =Cronograma!Repasse | DD24: =Cronograma!Contrapartida | DF24: =Cronograma!Repasse | DG24: =Cronograma!Contrapartida | DI24: =Cronograma!Repasse | DJ24: =Cronograma!Contrapartida | DL24: =Cronograma!Repasse | DM24: =Cronograma!Contrapartida | DO24: =Cronograma!Repasse | DP24: =Cronograma!Contrapartida | DR24: =Cronograma!Repasse | DS24: =Cronograma!Contrapartida | DU24: =Cronograma!Repasse | DV24: =Cronograma!Contrapartida | DX24: =Cronograma!Repasse | DY24: =Cronograma!Contrapartida | EA24: =Cronograma!Repasse | EB24: =Cronograma!Contrapartida | ED24: =Cronograma!Repasse | EE24: =Cronograma!Contrapartida | EG24: =Cronograma!Repasse | EH24: =Cronograma!Contrapartida | EJ24: =Cronograma!Repasse | EK24: =Cronograma!Contrapartida | EM24: =Cronograma!Repasse | EN24: =Cronograma!Contrapartida | EP24: =Cronograma!Repasse | EQ24: =Cronograma!Contrapartida | ES24: =Cronograma!Repasse | ET24: =Cronograma!Contrapartida | EV24: =Cronograma!Repasse | EW24: =Cronograma!Contrapartida | EY24: =Cronograma!Repasse | EZ24: =Cronograma!Contrapartida | FB24: =Cronograma!Repasse | FC24: =Cronograma!Contrapartida | FE24: =Cronograma!Repasse | FF24: =Cronograma!Contrapartida | FH24: =Cronograma!Repasse | FI24: =Cronograma!Contrapartida | FK24: =Cronograma!Repasse | FL24: =Cronograma!Contrapartida | FN24: =Cronograma!Repasse | FO24: =Cronograma!Contrapartida | FQ24: =Cronograma!Repasse | FR24: =Cronograma!Contrapartida | FT24: =Cronograma!Repasse | FU24: =Cronograma!Contrapartida | FW24: =Cronograma!Repasse | FX24: =Cronograma!Contrapartida | FZ24: =Cronograma!Repasse | GA24: =Cronograma!Contrapartida | GC24: =Cronograma!Repasse | GD24: =Cronograma!Contrapartida | GF24: =Cronograma!Repasse | GG24: =Cronograma!Contrapartida | GI24: =Cronograma!Repasse | GJ24: =Cronograma!Contrapartida | GL24: =Cronograma!Repasse | GM24: =Cronograma!Contrapartida | GO24: =Cronograma!Repasse | GP24: =Cronograma!Contrapartida | GR24: =Cronograma!Repasse | GS24: =Cronograma!Contrapartida | GU24: =Cronograma!Repasse | GV24: =Cronograma!Contrapartida | GX24: =Cronograma!Repasse | GY24: =Cronograma!Contrapartida | HA24: =Cronograma!Repasse | HB24: =Cronograma!Contrapartida | HD24: =Cronograma!Repasse | HE24: =Cronograma!Contrapartida | HG24: =Cronograma!Repasse | HH24: =Cronograma!Contrapartida | HJ24: =Cronograma!Repasse | HK24: =Cronograma!Contrapartida | HM24: =Cronograma!Repasse | HN24: =Cronograma!Contrapartida | HP24: =Cronograma!Repasse | HQ24: =Cronograma!Contrapartida | HS24: =Cronograma!Repasse | HT24: =Cronograma!Contrapartida | HV24: =Cronograma!Repasse | HW24: =Cronograma!Contrapartida | HY24: =Cronograma!Repasse | HZ24: =Cronograma!Contrapartida | IB24: =Cronograma!Repasse | IC24: =Cronograma!Contrapartida | IE24: =Cronograma!Repasse | IF24: =Cronograma!Contrapartida | IH24: =Cronograma!Repasse | II24: =Cronograma!Contrapartida | IK24: =Cronograma!Repasse | IL24: =Cronograma!Contrapartida | IN24: =Cronograma!Repasse | IO24: =Cronograma!Contrapartida | IQ24: =Cronograma!Repasse | IR24: =Cronograma!Contrapartida | IT24: =Cronograma!Repasse | IU24: =Cronograma!Contrapartida
A25: =QCI!$B25 -> 0 | B25: =QCI!$M25 -> 0 | C25: =IF($B25=0,"",$B25/$B$53*100) | D25: =G25+J25+M25+P25+S25+V25+Y25+AB25+AE25+AH25+AK25+AN25+AQ25+AT25+AW25+AZ25+BC25+BF25+BI25+BL25+BO25+BR25+BU25+BX25+CA25+CD25+CG25+CJ25+CM25+CP25+CS25+CV25+CY25+DB25+DE25+DH25+DK25+DN25+DQ25+DT25+DW25+DZ25+EC25+EF25+EI25+EL25+EO25+ER25+EU25+EX25+FA25+FD25+FG25+FJ25+FM25+FP25+FS25+FV25+FY25+GB25+GE25+GH25+GK25+GN25+GQ25+GT25+GW25+GZ25+HC25+HF25+HI25+HL25+HO25+HR25+HU25+HX25+IA25+ID25+IG25+IJ25+IM25+IP25+IS25+IV25 -> 0 | E25: =Cronograma!Repasse | F25: =Cronograma!Contrapartida | H25: =Cronograma!Repasse | I25: =Cronograma!Contrapartida | K25: =Cronograma!Repasse | L25: =Cronograma!Contrapartida | N25: =Cronograma!Repasse | O25: =Cronograma!Contrapartida | Q25: =Cronograma!Repasse | R25: =Cronograma!Contrapartida | T25: =Cronograma!Repasse | U25: =Cronograma!Contrapartida | W25: =Cronograma!Repasse | X25: =Cronograma!Contrapartida | Z25: =Cronograma!Repasse | AA25: =Cronograma!Contrapartida | AC25: =Cronograma!Repasse | AD25: =Cronograma!Contrapartida | AF25: =Cronograma!Repasse | AG25: =Cronograma!Contrapartida | AI25: =Cronograma!Repasse | AJ25: =Cronograma!Contrapartida | AL25: =Cronograma!Repasse | AM25: =Cronograma!Contrapartida | AO25: =Cronograma!Repasse | AP25: =Cronograma!Contrapartida | AR25: =Cronograma!Repasse | AS25: =Cronograma!Contrapartida | AU25: =Cronograma!Repasse | AV25: =Cronograma!Contrapartida | AX25: =Cronograma!Repasse | AY25: =Cronograma!Contrapartida | BA25: =Cronograma!Repasse | BB25: =Cronograma!Contrapartida | BD25: =Cronograma!Repasse | BE25: =Cronograma!Contrapartida | BG25: =Cronograma!Repasse | BH25: =Cronograma!Contrapartida | BJ25: =Cronograma!Repasse | BK25: =Cronograma!Contrapartida | BM25: =Cronograma!Repasse | BN25: =Cronograma!Contrapartida | BP25: =Cronograma!Repasse | BQ25: =Cronograma!Contrapartida | BS25: =Cronograma!Repasse | BT25: =Cronograma!Contrapartida | BV25: =Cronograma!Repasse | BW25: =Cronograma!Contrapartida | BY25: =Cronograma!Repasse | BZ25: =Cronograma!Contrapartida | CB25: =Cronograma!Repasse | CC25: =Cronograma!Contrapartida | CE25: =Cronograma!Repasse | CF25: =Cronograma!Contrapartida | CH25: =Cronograma!Repasse | CI25: =Cronograma!Contrapartida | CK25: =Cronograma!Repasse | CL25: =Cronograma!Contrapartida | CN25: =Cronograma!Repasse | CO25: =Cronograma!Contrapartida | CQ25: =Cronograma!Repasse | CR25: =Cronograma!Contrapartida | CT25: =Cronograma!Repasse | CU25: =Cronograma!Contrapartida | CW25: =Cronograma!Repasse | CX25: =Cronograma!Contrapartida | CZ25: =Cronograma!Repasse | DA25: =Cronograma!Contrapartida | DC25: =Cronograma!Repasse | DD25: =Cronograma!Contrapartida | DF25: =Cronograma!Repasse | DG25: =Cronograma!Contrapartida | DI25: =Cronograma!Repasse | DJ25: =Cronograma!Contrapartida | DL25: =Cronograma!Repasse | DM25: =Cronograma!Contrapartida | DO25: =Cronograma!Repasse | DP25: =Cronograma!Contrapartida | DR25: =Cronograma!Repasse | DS25: =Cronograma!Contrapartida | DU25: =Cronograma!Repasse | DV25: =Cronograma!Contrapartida | DX25: =Cronograma!Repasse | DY25: =Cronograma!Contrapartida | EA25: =Cronograma!Repasse | EB25: =Cronograma!Contrapartida | ED25: =Cronograma!Repasse | EE25: =Cronograma!Contrapartida | EG25: =Cronograma!Repasse | EH25: =Cronograma!Contrapartida | EJ25: =Cronograma!Repasse | EK25: =Cronograma!Contrapartida | EM25: =Cronograma!Repasse | EN25: =Cronograma!Contrapartida | EP25: =Cronograma!Repasse | EQ25: =Cronograma!Contrapartida | ES25: =Cronograma!Repasse | ET25: =Cronograma!Contrapartida | EV25: =Cronograma!Repasse | EW25: =Cronograma!Contrapartida | EY25: =Cronograma!Repasse | EZ25: =Cronograma!Contrapartida | FB25: =Cronograma!Repasse | FC25: =Cronograma!Contrapartida | FE25: =Cronograma!Repasse | FF25: =Cronograma!Contrapartida | FH25: =Cronograma!Repasse | FI25: =Cronograma!Contrapartida | FK25: =Cronograma!Repasse | FL25: =Cronograma!Contrapartida | FN25: =Cronograma!Repasse | FO25: =Cronograma!Contrapartida | FQ25: =Cronograma!Repasse | FR25: =Cronograma!Contrapartida | FT25: =Cronograma!Repasse | FU25: =Cronograma!Contrapartida | FW25: =Cronograma!Repasse | FX25: =Cronograma!Contrapartida | FZ25: =Cronograma!Repasse | GA25: =Cronograma!Contrapartida | GC25: =Cronograma!Repasse | GD25: =Cronograma!Contrapartida | GF25: =Cronograma!Repasse | GG25: =Cronograma!Contrapartida | GI25: =Cronograma!Repasse | GJ25: =Cronograma!Contrapartida | GL25: =Cronograma!Repasse | GM25: =Cronograma!Contrapartida | GO25: =Cronograma!Repasse | GP25: =Cronograma!Contrapartida | GR25: =Cronograma!Repasse | GS25: =Cronograma!Contrapartida | GU25: =Cronograma!Repasse | GV25: =Cronograma!Contrapartida | GX25: =Cronograma!Repasse | GY25: =Cronograma!Contrapartida | HA25: =Cronograma!Repasse | HB25: =Cronograma!Contrapartida | HD25: =Cronograma!Repasse | HE25: =Cronograma!Contrapartida | HG25: =Cronograma!Repasse | HH25: =Cronograma!Contrapartida | HJ25: =Cronograma!Repasse | HK25: =Cronograma!Contrapartida | HM25: =Cronograma!Repasse | HN25: =Cronograma!Contrapartida | HP25: =Cronograma!Repasse | HQ25: =Cronograma!Contrapartida | HS25: =Cronograma!Repasse | HT25: =Cronograma!Contrapartida | HV25: =Cronograma!Repasse | HW25: =Cronograma!Contrapartida | HY25: =Cronograma!Repasse | HZ25: =Cronograma!Contrapartida | IB25: =Cronograma!Repasse | IC25: =Cronograma!Contrapartida | IE25: =Cronograma!Repasse | IF25: =Cronograma!Contrapartida | IH25: =Cronograma!Repasse | II25: =Cronograma!Contrapartida | IK25: =Cronograma!Repasse | IL25: =Cronograma!Contrapartida | IN25: =Cronograma!Repasse | IO25: =Cronograma!Contrapartida | IQ25: =Cronograma!Repasse | IR25: =Cronograma!Contrapartida | IT25: =Cronograma!Repasse | IU25: =Cronograma!Contrapartida
A26: =QCI!$B26 -> 0 | B26: =QCI!$M26 -> 0 | C26: =IF($B26=0,"",$B26/$B$53*100) | D26: =G26+J26+M26+P26+S26+V26+Y26+AB26+AE26+AH26+AK26+AN26+AQ26+AT26+AW26+AZ26+BC26+BF26+BI26+BL26+BO26+BR26+BU26+BX26+CA26+CD26+CG26+CJ26+CM26+CP26+CS26+CV26+CY26+DB26+DE26+DH26+DK26+DN26+DQ26+DT26+DW26+DZ26+EC26+EF26+EI26+EL26+EO26+ER26+EU26+EX26+FA26+FD26+FG26+FJ26+FM26+FP26+FS26+FV26+FY26+GB26+GE26+GH26+GK26+GN26+GQ26+GT26+GW26+GZ26+HC26+HF26+HI26+HL26+HO26+HR26+HU26+HX26+IA26+ID26+IG26+IJ26+IM26+IP26+IS26+IV26 -> 0 | E26: =Cronograma!Repasse | F26: =Cronograma!Contrapartida | H26: =Cronograma!Repasse | I26: =Cronograma!Contrapartida | K26: =Cronograma!Repasse | L26: =Cronograma!Contrapartida | N26: =Cronograma!Repasse | O26: =Cronograma!Contrapartida | Q26: =Cronograma!Repasse | R26: =Cronograma!Contrapartida | T26: =Cronograma!Repasse | U26: =Cronograma!Contrapartida | W26: =Cronograma!Repasse | X26: =Cronograma!Contrapartida | Z26: =Cronograma!Repasse | AA26: =Cronograma!Contrapartida | AC26: =Cronograma!Repasse | AD26: =Cronograma!Contrapartida | AF26: =Cronograma!Repasse | AG26: =Cronograma!Contrapartida | AI26: =Cronograma!Repasse | AJ26: =Cronograma!Contrapartida | AL26: =Cronograma!Repasse | AM26: =Cronograma!Contrapartida | AO26: =Cronograma!Repasse | AP26: =Cronograma!Contrapartida | AR26: =Cronograma!Repasse | AS26: =Cronograma!Contrapartida | AU26: =Cronograma!Repasse | AV26: =Cronograma!Contrapartida | AX26: =Cronograma!Repasse | AY26: =Cronograma!Contrapartida | BA26: =Cronograma!Repasse | BB26: =Cronograma!Contrapartida | BD26: =Cronograma!Repasse | BE26: =Cronograma!Contrapartida | BG26: =Cronograma!Repasse | BH26: =Cronograma!Contrapartida | BJ26: =Cronograma!Repasse | BK26: =Cronograma!Contrapartida | BM26: =Cronograma!Repasse | BN26: =Cronograma!Contrapartida | BP26: =Cronograma!Repasse | BQ26: =Cronograma!Contrapartida | BS26: =Cronograma!Repasse | BT26: =Cronograma!Contrapartida | BV26: =Cronograma!Repasse | BW26: =Cronograma!Contrapartida | BY26: =Cronograma!Repasse | BZ26: =Cronograma!Contrapartida | CB26: =Cronograma!Repasse | CC26: =Cronograma!Contrapartida | CE26: =Cronograma!Repasse | CF26: =Cronograma!Contrapartida | CH26: =Cronograma!Repasse | CI26: =Cronograma!Contrapartida | CK26: =Cronograma!Repasse | CL26: =Cronograma!Contrapartida | CN26: =Cronograma!Repasse | CO26: =Cronograma!Contrapartida | CQ26: =Cronograma!Repasse | CR26: =Cronograma!Contrapartida | CT26: =Cronograma!Repasse | CU26: =Cronograma!Contrapartida | CW26: =Cronograma!Repasse | CX26: =Cronograma!Contrapartida | CZ26: =Cronograma!Repasse | DA26: =Cronograma!Contrapartida | DC26: =Cronograma!Repasse | DD26: =Cronograma!Contrapartida | DF26: =Cronograma!Repasse | DG26: =Cronograma!Contrapartida | DI26: =Cronograma!Repasse | DJ26: =Cronograma!Contrapartida | DL26: =Cronograma!Repasse | DM26: =Cronograma!Contrapartida | DO26: =Cronograma!Repasse | DP26: =Cronograma!Contrapartida | DR26: =Cronograma!Repasse | DS26: =Cronograma!Contrapartida | DU26: =Cronograma!Repasse | DV26: =Cronograma!Contrapartida | DX26: =Cronograma!Repasse | DY26: =Cronograma!Contrapartida | EA26: =Cronograma!Repasse | EB26: =Cronograma!Contrapartida | ED26: =Cronograma!Repasse | EE26: =Cronograma!Contrapartida | EG26: =Cronograma!Repasse | EH26: =Cronograma!Contrapartida | EJ26: =Cronograma!Repasse | EK26: =Cronograma!Contrapartida | EM26: =Cronograma!Repasse | EN26: =Cronograma!Contrapartida | EP26: =Cronograma!Repasse | EQ26: =Cronograma!Contrapartida | ES26: =Cronograma!Repasse | ET26: =Cronograma!Contrapartida | EV26: =Cronograma!Repasse | EW26: =Cronograma!Contrapartida | EY26: =Cronograma!Repasse | EZ26: =Cronograma!Contrapartida | FB26: =Cronograma!Repasse | FC26: =Cronograma!Contrapartida | FE26: =Cronograma!Repasse | FF26: =Cronograma!Contrapartida | FH26: =Cronograma!Repasse | FI26: =Cronograma!Contrapartida | FK26: =Cronograma!Repasse | FL26: =Cronograma!Contrapartida | FN26: =Cronograma!Repasse | FO26: =Cronograma!Contrapartida | FQ26: =Cronograma!Repasse | FR26: =Cronograma!Contrapartida | FT26: =Cronograma!Repasse | FU26: =Cronograma!Contrapartida | FW26: =Cronograma!Repasse | FX26: =Cronograma!Contrapartida | FZ26: =Cronograma!Repasse | GA26: =Cronograma!Contrapartida | GC26: =Cronograma!Repasse | GD26: =Cronograma!Contrapartida | GF26: =Cronograma!Repasse | GG26: =Cronograma!Contrapartida | GI26: =Cronograma!Repasse | GJ26: =Cronograma!Contrapartida | GL26: =Cronograma!Repasse | GM26: =Cronograma!Contrapartida | GO26: =Cronograma!Repasse | GP26: =Cronograma!Contrapartida | GR26: =Cronograma!Repasse | GS26: =Cronograma!Contrapartida | GU26: =Cronograma!Repasse | GV26: =Cronograma!Contrapartida | GX26: =Cronograma!Repasse | GY26: =Cronograma!Contrapartida | HA26: =Cronograma!Repasse | HB26: =Cronograma!Contrapartida | HD26: =Cronograma!Repasse | HE26: =Cronograma!Contrapartida | HG26: =Cronograma!Repasse | HH26: =Cronograma!Contrapartida | HJ26: =Cronograma!Repasse | HK26: =Cronograma!Contrapartida | HM26: =Cronograma!Repasse | HN26: =Cronograma!Contrapartida | HP26: =Cronograma!Repasse | HQ26: =Cronograma!Contrapartida | HS26: =Cronograma!Repasse | HT26: =Cronograma!Contrapartida | HV26: =Cronograma!Repasse | HW26: =Cronograma!Contrapartida | HY26: =Cronograma!Repasse | HZ26: =Cronograma!Contrapartida | IB26: =Cronograma!Repasse | IC26: =Cronograma!Contrapartida | IE26: =Cronograma!Repasse | IF26: =Cronograma!Contrapartida | IH26: =Cronograma!Repasse | II26: =Cronograma!Contrapartida | IK26: =Cronograma!Repasse | IL26: =Cronograma!Contrapartida | IN26: =Cronograma!Repasse | IO26: =Cronograma!Contrapartida | IQ26: =Cronograma!Repasse | IR26: =Cronograma!Contrapartida | IT26: =Cronograma!Repasse | IU26: =Cronograma!Contrapartida
A27: =QCI!$B27 -> 0 | B27: =QCI!$M27 -> 0 | C27: =IF($B27=0,"",$B27/$B$53*100) | D27: =G27+J27+M27+P27+S27+V27+Y27+AB27+AE27+AH27+AK27+AN27+AQ27+AT27+AW27+AZ27+BC27+BF27+BI27+BL27+BO27+BR27+BU27+BX27+CA27+CD27+CG27+CJ27+CM27+CP27+CS27+CV27+CY27+DB27+DE27+DH27+DK27+DN27+DQ27+DT27+DW27+DZ27+EC27+EF27+EI27+EL27+EO27+ER27+EU27+EX27+FA27+FD27+FG27+FJ27+FM27+FP27+FS27+FV27+FY27+GB27+GE27+GH27+GK27+GN27+GQ27+GT27+GW27+GZ27+HC27+HF27+HI27+HL27+HO27+HR27+HU27+HX27+IA27+ID27+IG27+IJ27+IM27+IP27+IS27+IV27 -> 0 | E27: =Cronograma!Repasse | F27: =Cronograma!Contrapartida | H27: =Cronograma!Repasse | I27: =Cronograma!Contrapartida | K27: =Cronograma!Repasse | L27: =Cronograma!Contrapartida | N27: =Cronograma!Repasse | O27: =Cronograma!Contrapartida | Q27: =Cronograma!Repasse | R27: =Cronograma!Contrapartida | T27: =Cronograma!Repasse | U27: =Cronograma!Contrapartida | W27: =Cronograma!Repasse | X27: =Cronograma!Contrapartida | Z27: =Cronograma!Repasse | AA27: =Cronograma!Contrapartida | AC27: =Cronograma!Repasse | AD27: =Cronograma!Contrapartida | AF27: =Cronograma!Repasse | AG27: =Cronograma!Contrapartida | AI27: =Cronograma!Repasse | AJ27: =Cronograma!Contrapartida | AL27: =Cronograma!Repasse | AM27: =Cronograma!Contrapartida | AO27: =Cronograma!Repasse | AP27: =Cronograma!Contrapartida | AR27: =Cronograma!Repasse | AS27: =Cronograma!Contrapartida | AU27: =Cronograma!Repasse | AV27: =Cronograma!Contrapartida | AX27: =Cronograma!Repasse | AY27: =Cronograma!Contrapartida | BA27: =Cronograma!Repasse | BB27: =Cronograma!Contrapartida | BD27: =Cronograma!Repasse | BE27: =Cronograma!Contrapartida | BG27: =Cronograma!Repasse | BH27: =Cronograma!Contrapartida | BJ27: =Cronograma!Repasse | BK27: =Cronograma!Contrapartida | BM27: =Cronograma!Repasse | BN27: =Cronograma!Contrapartida | BP27: =Cronograma!Repasse | BQ27: =Cronograma!Contrapartida | BS27: =Cronograma!Repasse | BT27: =Cronograma!Contrapartida | BV27: =Cronograma!Repasse | BW27: =Cronograma!Contrapartida | BY27: =Cronograma!Repasse | BZ27: =Cronograma!Contrapartida | CB27: =Cronograma!Repasse | CC27: =Cronograma!Contrapartida | CE27: =Cronograma!Repasse | CF27: =Cronograma!Contrapartida | CH27: =Cronograma!Repasse | CI27: =Cronograma!Contrapartida | CK27: =Cronograma!Repasse | CL27: =Cronograma!Contrapartida | CN27: =Cronograma!Repasse | CO27: =Cronograma!Contrapartida | CQ27: =Cronograma!Repasse | CR27: =Cronograma!Contrapartida | CT27: =Cronograma!Repasse | CU27: =Cronograma!Contrapartida | CW27: =Cronograma!Repasse | CX27: =Cronograma!Contrapartida | CZ27: =Cronograma!Repasse | DA27: =Cronograma!Contrapartida | DC27: =Cronograma!Repasse | DD27: =Cronograma!Contrapartida | DF27: =Cronograma!Repasse | DG27: =Cronograma!Contrapartida | DI27: =Cronograma!Repasse | DJ27: =Cronograma!Contrapartida | DL27: =Cronograma!Repasse | DM27: =Cronograma!Contrapartida | DO27: =Cronograma!Repasse | DP27: =Cronograma!Contrapartida | DR27: =Cronograma!Repasse | DS27: =Cronograma!Contrapartida | DU27: =Cronograma!Repasse | DV27: =Cronograma!Contrapartida | DX27: =Cronograma!Repasse | DY27: =Cronograma!Contrapartida | EA27: =Cronograma!Repasse | EB27: =Cronograma!Contrapartida | ED27: =Cronograma!Repasse | EE27: =Cronograma!Contrapartida | EG27: =Cronograma!Repasse | EH27: =Cronograma!Contrapartida | EJ27: =Cronograma!Repasse | EK27: =Cronograma!Contrapartida | EM27: =Cronograma!Repasse | EN27: =Cronograma!Contrapartida | EP27: =Cronograma!Repasse | EQ27: =Cronograma!Contrapartida | ES27: =Cronograma!Repasse | ET27: =Cronograma!Contrapartida | EV27: =Cronograma!Repasse | EW27: =Cronograma!Contrapartida | EY27: =Cronograma!Repasse | EZ27: =Cronograma!Contrapartida | FB27: =Cronograma!Repasse | FC27: =Cronograma!Contrapartida | FE27: =Cronograma!Repasse | FF27: =Cronograma!Contrapartida | FH27: =Cronograma!Repasse | FI27: =Cronograma!Contrapartida | FK27: =Cronograma!Repasse | FL27: =Cronograma!Contrapartida | FN27: =Cronograma!Repasse | FO27: =Cronograma!Contrapartida | FQ27: =Cronograma!Repasse | FR27: =Cronograma!Contrapartida | FT27: =Cronograma!Repasse | FU27: =Cronograma!Contrapartida | FW27: =Cronograma!Repasse | FX27: =Cronograma!Contrapartida | FZ27: =Cronograma!Repasse | GA27: =Cronograma!Contrapartida | GC27: =Cronograma!Repasse | GD27: =Cronograma!Contrapartida | GF27: =Cronograma!Repasse | GG27: =Cronograma!Contrapartida | GI27: =Cronograma!Repasse | GJ27: =Cronograma!Contrapartida | GL27: =Cronograma!Repasse | GM27: =Cronograma!Contrapartida | GO27: =Cronograma!Repasse | GP27: =Cronograma!Contrapartida | GR27: =Cronograma!Repasse | GS27: =Cronograma!Contrapartida | GU27: =Cronograma!Repasse | GV27: =Cronograma!Contrapartida | GX27: =Cronograma!Repasse | GY27: =Cronograma!Contrapartida | HA27: =Cronograma!Repasse | HB27: =Cronograma!Contrapartida | HD27: =Cronograma!Repasse | HE27: =Cronograma!Contrapartida | HG27: =Cronograma!Repasse | HH27: =Cronograma!Contrapartida | HJ27: =Cronograma!Repasse | HK27: =Cronograma!Contrapartida | HM27: =Cronograma!Repasse | HN27: =Cronograma!Contrapartida | HP27: =Cronograma!Repasse | HQ27: =Cronograma!Contrapartida | HS27: =Cronograma!Repasse | HT27: =Cronograma!Contrapartida | HV27: =Cronograma!Repasse | HW27: =Cronograma!Contrapartida | HY27: =Cronograma!Repasse | HZ27: =Cronograma!Contrapartida | IB27: =Cronograma!Repasse | IC27: =Cronograma!Contrapartida | IE27: =Cronograma!Repasse | IF27: =Cronograma!Contrapartida | IH27: =Cronograma!Repasse | II27: =Cronograma!Contrapartida | IK27: =Cronograma!Repasse | IL27: =Cronograma!Contrapartida | IN27: =Cronograma!Repasse | IO27: =Cronograma!Contrapartida | IQ27: =Cronograma!Repasse | IR27: =Cronograma!Contrapartida | IT27: =Cronograma!Repasse | IU27: =Cronograma!Contrapartida
A28: =QCI!$B28 -> 0 | B28: =QCI!$M28 -> 0 | C28: =IF($B28=0,"",$B28/$B$53*100) | D28: =G28+J28+M28+P28+S28+V28+Y28+AB28+AE28+AH28+AK28+AN28+AQ28+AT28+AW28+AZ28+BC28+BF28+BI28+BL28+BO28+BR28+BU28+BX28+CA28+CD28+CG28+CJ28+CM28+CP28+CS28+CV28+CY28+DB28+DE28+DH28+DK28+DN28+DQ28+DT28+DW28+DZ28+EC28+EF28+EI28+EL28+EO28+ER28+EU28+EX28+FA28+FD28+FG28+FJ28+FM28+FP28+FS28+FV28+FY28+GB28+GE28+GH28+GK28+GN28+GQ28+GT28+GW28+GZ28+HC28+HF28+HI28+HL28+HO28+HR28+HU28+HX28+IA28+ID28+IG28+IJ28+IM28+IP28+IS28+IV28 -> 0 | E28: =Cronograma!Repasse | F28: =Cronograma!Contrapartida | H28: =Cronograma!Repasse | I28: =Cronograma!Contrapartida | K28: =Cronograma!Repasse | L28: =Cronograma!Contrapartida | N28: =Cronograma!Repasse | O28: =Cronograma!Contrapartida | Q28: =Cronograma!Repasse | R28: =Cronograma!Contrapartida | T28: =Cronograma!Repasse | U28: =Cronograma!Contrapartida | W28: =Cronograma!Repasse | X28: =Cronograma!Contrapartida | Z28: =Cronograma!Repasse | AA28: =Cronograma!Contrapartida | AC28: =Cronograma!Repasse | AD28: =Cronograma!Contrapartida | AF28: =Cronograma!Repasse | AG28: =Cronograma!Contrapartida | AI28: =Cronograma!Repasse | AJ28: =Cronograma!Contrapartida | AL28: =Cronograma!Repasse | AM28: =Cronograma!Contrapartida | AO28: =Cronograma!Repasse | AP28: =Cronograma!Contrapartida | AR28: =Cronograma!Repasse | AS28: =Cronograma!Contrapartida | AU28: =Cronograma!Repasse | AV28: =Cronograma!Contrapartida | AX28: =Cronograma!Repasse | AY28: =Cronograma!Contrapartida | BA28: =Cronograma!Repasse | BB28: =Cronograma!Contrapartida | BD28: =Cronograma!Repasse | BE28: =Cronograma!Contrapartida | BG28: =Cronograma!Repasse | BH28: =Cronograma!Contrapartida | BJ28: =Cronograma!Repasse | BK28: =Cronograma!Contrapartida | BM28: =Cronograma!Repasse | BN28: =Cronograma!Contrapartida | BP28: =Cronograma!Repasse | BQ28: =Cronograma!Contrapartida | BS28: =Cronograma!Repasse | BT28: =Cronograma!Contrapartida | BV28: =Cronograma!Repasse | BW28: =Cronograma!Contrapartida | BY28: =Cronograma!Repasse | BZ28: =Cronograma!Contrapartida | CB28: =Cronograma!Repasse | CC28: =Cronograma!Contrapartida | CE28: =Cronograma!Repasse | CF28: =Cronograma!Contrapartida | CH28: =Cronograma!Repasse | CI28: =Cronograma!Contrapartida | CK28: =Cronograma!Repasse | CL28: =Cronograma!Contrapartida | CN28: =Cronograma!Repasse | CO28: =Cronograma!Contrapartida | CQ28: =Cronograma!Repasse | CR28: =Cronograma!Contrapartida | CT28: =Cronograma!Repasse | CU28: =Cronograma!Contrapartida | CW28: =Cronograma!Repasse | CX28: =Cronograma!Contrapartida | CZ28: =Cronograma!Repasse | DA28: =Cronograma!Contrapartida | DC28: =Cronograma!Repasse | DD28: =Cronograma!Contrapartida | DF28: =Cronograma!Repasse | DG28: =Cronograma!Contrapartida | DI28: =Cronograma!Repasse | DJ28: =Cronograma!Contrapartida | DL28: =Cronograma!Repasse | DM28: =Cronograma!Contrapartida | DO28: =Cronograma!Repasse | DP28: =Cronograma!Contrapartida | DR28: =Cronograma!Repasse | DS28: =Cronograma!Contrapartida | DU28: =Cronograma!Repasse | DV28: =Cronograma!Contrapartida | DX28: =Cronograma!Repasse | DY28: =Cronograma!Contrapartida | EA28: =Cronograma!Repasse | EB28: =Cronograma!Contrapartida | ED28: =Cronograma!Repasse | EE28: =Cronograma!Contrapartida | EG28: =Cronograma!Repasse | EH28: =Cronograma!Contrapartida | EJ28: =Cronograma!Repasse | EK28: =Cronograma!Contrapartida | EM28: =Cronograma!Repasse | EN28: =Cronograma!Contrapartida | EP28: =Cronograma!Repasse | EQ28: =Cronograma!Contrapartida | ES28: =Cronograma!Repasse | ET28: =Cronograma!Contrapartida | EV28: =Cronograma!Repasse | EW28: =Cronograma!Contrapartida | EY28: =Cronograma!Repasse | EZ28: =Cronograma!Contrapartida | FB28: =Cronograma!Repasse | FC28: =Cronograma!Contrapartida | FE28: =Cronograma!Repasse | FF28: =Cronograma!Contrapartida | FH28: =Cronograma!Repasse | FI28: =Cronograma!Contrapartida | FK28: =Cronograma!Repasse | FL28: =Cronograma!Contrapartida | FN28: =Cronograma!Repasse | FO28: =Cronograma!Contrapartida | FQ28: =Cronograma!Repasse | FR28: =Cronograma!Contrapartida | FT28: =Cronograma!Repasse | FU28: =Cronograma!Contrapartida | FW28: =Cronograma!Repasse | FX28: =Cronograma!Contrapartida | FZ28: =Cronograma!Repasse | GA28: =Cronograma!Contrapartida | GC28: =Cronograma!Repasse | GD28: =Cronograma!Contrapartida | GF28: =Cronograma!Repasse | GG28: =Cronograma!Contrapartida | GI28: =Cronograma!Repasse | GJ28: =Cronograma!Contrapartida | GL28: =Cronograma!Repasse | GM28: =Cronograma!Contrapartida | GO28: =Cronograma!Repasse | GP28: =Cronograma!Contrapartida | GR28: =Cronograma!Repasse | GS28: =Cronograma!Contrapartida | GU28: =Cronograma!Repasse | GV28: =Cronograma!Contrapartida | GX28: =Cronograma!Repasse | GY28: =Cronograma!Contrapartida | HA28: =Cronograma!Repasse | HB28: =Cronograma!Contrapartida | HD28: =Cronograma!Repasse | HE28: =Cronograma!Contrapartida | HG28: =Cronograma!Repasse | HH28: =Cronograma!Contrapartida | HJ28: =Cronograma!Repasse | HK28: =Cronograma!Contrapartida | HM28: =Cronograma!Repasse | HN28: =Cronograma!Contrapartida | HP28: =Cronograma!Repasse | HQ28: =Cronograma!Contrapartida | HS28: =Cronograma!Repasse | HT28: =Cronograma!Contrapartida | HV28: =Cronograma!Repasse | HW28: =Cronograma!Contrapartida | HY28: =Cronograma!Repasse | HZ28: =Cronograma!Contrapartida | IB28: =Cronograma!Repasse | IC28: =Cronograma!Contrapartida | IE28: =Cronograma!Repasse | IF28: =Cronograma!Contrapartida | IH28: =Cronograma!Repasse | II28: =Cronograma!Contrapartida | IK28: =Cronograma!Repasse | IL28: =Cronograma!Contrapartida | IN28: =Cronograma!Repasse | IO28: =Cronograma!Contrapartida | IQ28: =Cronograma!Repasse | IR28: =Cronograma!Contrapartida | IT28: =Cronograma!Repasse | IU28: =Cronograma!Contrapartida
A29: =QCI!$B29 -> 0 | B29: =QCI!$M29 -> 0 | C29: =IF($B29=0,"",$B29/$B$53*100) | D29: =G29+J29+M29+P29+S29+V29+Y29+AB29+AE29+AH29+AK29+AN29+AQ29+AT29+AW29+AZ29+BC29+BF29+BI29+BL29+BO29+BR29+BU29+BX29+CA29+CD29+CG29+CJ29+CM29+CP29+CS29+CV29+CY29+DB29+DE29+DH29+DK29+DN29+DQ29+DT29+DW29+DZ29+EC29+EF29+EI29+EL29+EO29+ER29+EU29+EX29+FA29+FD29+FG29+FJ29+FM29+FP29+FS29+FV29+FY29+GB29+GE29+GH29+GK29+GN29+GQ29+GT29+GW29+GZ29+HC29+HF29+HI29+HL29+HO29+HR29+HU29+HX29+IA29+ID29+IG29+IJ29+IM29+IP29+IS29+IV29 -> 0 | E29: =Cronograma!Repasse | F29: =Cronograma!Contrapartida | H29: =Cronograma!Repasse | I29: =Cronograma!Contrapartida | K29: =Cronograma!Repasse | L29: =Cronograma!Contrapartida | N29: =Cronograma!Repasse | O29: =Cronograma!Contrapartida | Q29: =Cronograma!Repasse | R29: =Cronograma!Contrapartida | T29: =Cronograma!Repasse | U29: =Cronograma!Contrapartida | W29: =Cronograma!Repasse | X29: =Cronograma!Contrapartida | Z29: =Cronograma!Repasse | AA29: =Cronograma!Contrapartida | AC29: =Cronograma!Repasse | AD29: =Cronograma!Contrapartida | AF29: =Cronograma!Repasse | AG29: =Cronograma!Contrapartida | AI29: =Cronograma!Repasse | AJ29: =Cronograma!Contrapartida | AL29: =Cronograma!Repasse | AM29: =Cronograma!Contrapartida | AO29: =Cronograma!Repasse | AP29: =Cronograma!Contrapartida | AR29: =Cronograma!Repasse | AS29: =Cronograma!Contrapartida | AU29: =Cronograma!Repasse | AV29: =Cronograma!Contrapartida | AX29: =Cronograma!Repasse | AY29: =Cronograma!Contrapartida | BA29: =Cronograma!Repasse | BB29: =Cronograma!Contrapartida | BD29: =Cronograma!Repasse | BE29: =Cronograma!Contrapartida | BG29: =Cronograma!Repasse | BH29: =Cronograma!Contrapartida | BJ29: =Cronograma!Repasse | BK29: =Cronograma!Contrapartida | BM29: =Cronograma!Repasse | BN29: =Cronograma!Contrapartida | BP29: =Cronograma!Repasse | BQ29: =Cronograma!Contrapartida | BS29: =Cronograma!Repasse | BT29: =Cronograma!Contrapartida | BV29: =Cronograma!Repasse | BW29: =Cronograma!Contrapartida | BY29: =Cronograma!Repasse | BZ29: =Cronograma!Contrapartida | CB29: =Cronograma!Repasse | CC29: =Cronograma!Contrapartida | CE29: =Cronograma!Repasse | CF29: =Cronograma!Contrapartida | CH29: =Cronograma!Repasse | CI29: =Cronograma!Contrapartida | CK29: =Cronograma!Repasse | CL29: =Cronograma!Contrapartida | CN29: =Cronograma!Repasse | CO29: =Cronograma!Contrapartida | CQ29: =Cronograma!Repasse | CR29: =Cronograma!Contrapartida | CT29: =Cronograma!Repasse | CU29: =Cronograma!Contrapartida | CW29: =Cronograma!Repasse | CX29: =Cronograma!Contrapartida | CZ29: =Cronograma!Repasse | DA29: =Cronograma!Contrapartida | DC29: =Cronograma!Repasse | DD29: =Cronograma!Contrapartida | DF29: =Cronograma!Repasse | DG29: =Cronograma!Contrapartida | DI29: =Cronograma!Repasse | DJ29: =Cronograma!Contrapartida | DL29: =Cronograma!Repasse | DM29: =Cronograma!Contrapartida | DO29: =Cronograma!Repasse | DP29: =Cronograma!Contrapartida | DR29: =Cronograma!Repasse | DS29: =Cronograma!Contrapartida | DU29: =Cronograma!Repasse | DV29: =Cronograma!Contrapartida | DX29: =Cronograma!Repasse | DY29: =Cronograma!Contrapartida | EA29: =Cronograma!Repasse | EB29: =Cronograma!Contrapartida | ED29: =Cronograma!Repasse | EE29: =Cronograma!Contrapartida | EG29: =Cronograma!Repasse | EH29: =Cronograma!Contrapartida | EJ29: =Cronograma!Repasse | EK29: =Cronograma!Contrapartida | EM29: =Cronograma!Repasse | EN29: =Cronograma!Contrapartida | EP29: =Cronograma!Repasse | EQ29: =Cronograma!Contrapartida | ES29: =Cronograma!Repasse | ET29: =Cronograma!Contrapartida | EV29: =Cronograma!Repasse | EW29: =Cronograma!Contrapartida | EY29: =Cronograma!Repasse | EZ29: =Cronograma!Contrapartida | FB29: =Cronograma!Repasse | FC29: =Cronograma!Contrapartida | FE29: =Cronograma!Repasse | FF29: =Cronograma!Contrapartida | FH29: =Cronograma!Repasse | FI29: =Cronograma!Contrapartida | FK29: =Cronograma!Repasse | FL29: =Cronograma!Contrapartida | FN29: =Cronograma!Repasse | FO29: =Cronograma!Contrapartida | FQ29: =Cronograma!Repasse | FR29: =Cronograma!Contrapartida | FT29: =Cronograma!Repasse | FU29: =Cronograma!Contrapartida | FW29: =Cronograma!Repasse | FX29: =Cronograma!Contrapartida | FZ29: =Cronograma!Repasse | GA29: =Cronograma!Contrapartida | GC29: =Cronograma!Repasse | GD29: =Cronograma!Contrapartida | GF29: =Cronograma!Repasse | GG29: =Cronograma!Contrapartida | GI29: =Cronograma!Repasse | GJ29: =Cronograma!Contrapartida | GL29: =Cronograma!Repasse | GM29: =Cronograma!Contrapartida | GO29: =Cronograma!Repasse | GP29: =Cronograma!Contrapartida | GR29: =Cronograma!Repasse | GS29: =Cronograma!Contrapartida | GU29: =Cronograma!Repasse | GV29: =Cronograma!Contrapartida | GX29: =Cronograma!Repasse | GY29: =Cronograma!Contrapartida | HA29: =Cronograma!Repasse | HB29: =Cronograma!Contrapartida | HD29: =Cronograma!Repasse | HE29: =Cronograma!Contrapartida | HG29: =Cronograma!Repasse | HH29: =Cronograma!Contrapartida | HJ29: =Cronograma!Repasse | HK29: =Cronograma!Contrapartida | HM29: =Cronograma!Repasse | HN29: =Cronograma!Contrapartida | HP29: =Cronograma!Repasse | HQ29: =Cronograma!Contrapartida | HS29: =Cronograma!Repasse | HT29: =Cronograma!Contrapartida | HV29: =Cronograma!Repasse | HW29: =Cronograma!Contrapartida | HY29: =Cronograma!Repasse | HZ29: =Cronograma!Contrapartida | IB29: =Cronograma!Repasse | IC29: =Cronograma!Contrapartida | IE29: =Cronograma!Repasse | IF29: =Cronograma!Contrapartida | IH29: =Cronograma!Repasse | II29: =Cronograma!Contrapartida | IK29: =Cronograma!Repasse | IL29: =Cronograma!Contrapartida | IN29: =Cronograma!Repasse | IO29: =Cronograma!Contrapartida | IQ29: =Cronograma!Repasse | IR29: =Cronograma!Contrapartida | IT29: =Cronograma!Repasse | IU29: =Cronograma!Contrapartida
A30: =QCI!$B30 -> 0 | B30: =QCI!$M30 -> 0 | C30: =IF($B30=0,"",$B30/$B$53*100) | D30: =G30+J30+M30+P30+S30+V30+Y30+AB30+AE30+AH30+AK30+AN30+AQ30+AT30+AW30+AZ30+BC30+BF30+BI30+BL30+BO30+BR30+BU30+BX30+CA30+CD30+CG30+CJ30+CM30+CP30+CS30+CV30+CY30+DB30+DE30+DH30+DK30+DN30+DQ30+DT30+DW30+DZ30+EC30+EF30+EI30+EL30+EO30+ER30+EU30+EX30+FA30+FD30+FG30+FJ30+FM30+FP30+FS30+FV30+FY30+GB30+GE30+GH30+GK30+GN30+GQ30+GT30+GW30+GZ30+HC30+HF30+HI30+HL30+HO30+HR30+HU30+HX30+IA30+ID30+IG30+IJ30+IM30+IP30+IS30+IV30 -> 0 | E30: =Cronograma!Repasse | F30: =Cronograma!Contrapartida | H30: =Cronograma!Repasse | I30: =Cronograma!Contrapartida | K30: =Cronograma!Repasse | L30: =Cronograma!Contrapartida | N30: =Cronograma!Repasse | O30: =Cronograma!Contrapartida | Q30: =Cronograma!Repasse | R30: =Cronograma!Contrapartida | T30: =Cronograma!Repasse | U30: =Cronograma!Contrapartida | W30: =Cronograma!Repasse | X30: =Cronograma!Contrapartida | Z30: =Cronograma!Repasse | AA30: =Cronograma!Contrapartida | AC30: =Cronograma!Repasse | AD30: =Cronograma!Contrapartida | AF30: =Cronograma!Repasse | AG30: =Cronograma!Contrapartida | AI30: =Cronograma!Repasse | AJ30: =Cronograma!Contrapartida | AL30: =Cronograma!Repasse | AM30: =Cronograma!Contrapartida | AO30: =Cronograma!Repasse | AP30: =Cronograma!Contrapartida | AR30: =Cronograma!Repasse | AS30: =Cronograma!Contrapartida | AU30: =Cronograma!Repasse | AV30: =Cronograma!Contrapartida | AX30: =Cronograma!Repasse | AY30: =Cronograma!Contrapartida | BA30: =Cronograma!Repasse | BB30: =Cronograma!Contrapartida | BD30: =Cronograma!Repasse | BE30: =Cronograma!Contrapartida | BG30: =Cronograma!Repasse | BH30: =Cronograma!Contrapartida | BJ30: =Cronograma!Repasse | BK30: =Cronograma!Contrapartida | BM30: =Cronograma!Repasse | BN30: =Cronograma!Contrapartida | BP30: =Cronograma!Repasse | BQ30: =Cronograma!Contrapartida | BS30: =Cronograma!Repasse | BT30: =Cronograma!Contrapartida | BV30: =Cronograma!Repasse | BW30: =Cronograma!Contrapartida | BY30: =Cronograma!Repasse | BZ30: =Cronograma!Contrapartida | CB30: =Cronograma!Repasse | CC30: =Cronograma!Contrapartida | CE30: =Cronograma!Repasse | CF30: =Cronograma!Contrapartida | CH30: =Cronograma!Repasse | CI30: =Cronograma!Contrapartida | CK30: =Cronograma!Repasse | CL30: =Cronograma!Contrapartida | CN30: =Cronograma!Repasse | CO30: =Cronograma!Contrapartida | CQ30: =Cronograma!Repasse | CR30: =Cronograma!Contrapartida | CT30: =Cronograma!Repasse | CU30: =Cronograma!Contrapartida | CW30: =Cronograma!Repasse | CX30: =Cronograma!Contrapartida | CZ30: =Cronograma!Repasse | DA30: =Cronograma!Contrapartida | DC30: =Cronograma!Repasse | DD30: =Cronograma!Contrapartida | DF30: =Cronograma!Repasse | DG30: =Cronograma!Contrapartida | DI30: =Cronograma!Repasse | DJ30: =Cronograma!Contrapartida | DL30: =Cronograma!Repasse | DM30: =Cronograma!Contrapartida | DO30: =Cronograma!Repasse | DP30: =Cronograma!Contrapartida | DR30: =Cronograma!Repasse | DS30: =Cronograma!Contrapartida | DU30: =Cronograma!Repasse | DV30: =Cronograma!Contrapartida | DX30: =Cronograma!Repasse | DY30: =Cronograma!Contrapartida | EA30: =Cronograma!Repasse | EB30: =Cronograma!Contrapartida | ED30: =Cronograma!Repasse | EE30: =Cronograma!Contrapartida | EG30: =Cronograma!Repasse | EH30: =Cronograma!Contrapartida | EJ30: =Cronograma!Repasse | EK30: =Cronograma!Contrapartida | EM30: =Cronograma!Repasse | EN30: =Cronograma!Contrapartida | EP30: =Cronograma!Repasse | EQ30: =Cronograma!Contrapartida | ES30: =Cronograma!Repasse | ET30: =Cronograma!Contrapartida | EV30: =Cronograma!Repasse | EW30: =Cronograma!Contrapartida | EY30: =Cronograma!Repasse | EZ30: =Cronograma!Contrapartida | FB30: =Cronograma!Repasse | FC30: =Cronograma!Contrapartida | FE30: =Cronograma!Repasse | FF30: =Cronograma!Contrapartida | FH30: =Cronograma!Repasse | FI30: =Cronograma!Contrapartida | FK30: =Cronograma!Repasse | FL30: =Cronograma!Contrapartida | FN30: =Cronograma!Repasse | FO30: =Cronograma!Contrapartida | FQ30: =Cronograma!Repasse | FR30: =Cronograma!Contrapartida | FT30: =Cronograma!Repasse | FU30: =Cronograma!Contrapartida | FW30: =Cronograma!Repasse | FX30: =Cronograma!Contrapartida | FZ30: =Cronograma!Repasse | GA30: =Cronograma!Contrapartida | GC30: =Cronograma!Repasse | GD30: =Cronograma!Contrapartida | GF30: =Cronograma!Repasse | GG30: =Cronograma!Contrapartida | GI30: =Cronograma!Repasse | GJ30: =Cronograma!Contrapartida | GL30: =Cronograma!Repasse | GM30: =Cronograma!Contrapartida | GO30: =Cronograma!Repasse | GP30: =Cronograma!Contrapartida | GR30: =Cronograma!Repasse | GS30: =Cronograma!Contrapartida | GU30: =Cronograma!Repasse | GV30: =Cronograma!Contrapartida | GX30: =Cronograma!Repasse | GY30: =Cronograma!Contrapartida | HA30: =Cronograma!Repasse | HB30: =Cronograma!Contrapartida | HD30: =Cronograma!Repasse | HE30: =Cronograma!Contrapartida | HG30: =Cronograma!Repasse | HH30: =Cronograma!Contrapartida | HJ30: =Cronograma!Repasse | HK30: =Cronograma!Contrapartida | HM30: =Cronograma!Repasse | HN30: =Cronograma!Contrapartida | HP30: =Cronograma!Repasse | HQ30: =Cronograma!Contrapartida | HS30: =Cronograma!Repasse | HT30: =Cronograma!Contrapartida | HV30: =Cronograma!Repasse | HW30: =Cronograma!Contrapartida | HY30: =Cronograma!Repasse | HZ30: =Cronograma!Contrapartida | IB30: =Cronograma!Repasse | IC30: =Cronograma!Contrapartida | IE30: =Cronograma!Repasse | IF30: =Cronograma!Contrapartida | IH30: =Cronograma!Repasse | II30: =Cronograma!Contrapartida | IK30: =Cronograma!Repasse | IL30: =Cronograma!Contrapartida | IN30: =Cronograma!Repasse | IO30: =Cronograma!Contrapartida | IQ30: =Cronograma!Repasse | IR30: =Cronograma!Contrapartida | IT30: =Cronograma!Repasse | IU30: =Cronograma!Contrapartida
... A52: =QCI!$B52 -> 0 | B52: =QCI!$M52 -> 0 | C52: =IF($B52=0,"",$B52/$B$53*100) | D52: =G52+J52+M52+P52+S52+V52+Y52+AB52+AE52+AH52+AK52+AN52+AQ52+AT52+AW52+AZ52+BC52+BF52+BI52+BL52+BO52+BR52+BU52+BX52+CA52+CD52+CG52+CJ52+CM52+CP52+CS52+CV52+CY52+DB52+DE52+DH52+DK52+DN52+DQ52+DT52+DW52+DZ52+EC52+EF52+EI52+EL52+EO52+ER52+EU52+EX52+FA52+FD52+FG52+FJ52+FM52+FP52+FS52+FV52+FY52+GB52+GE52+GH52+GK52+GN52+GQ52+GT52+GW52+GZ52+HC52+HF52+HI52+HL52+HO52+HR52+HU52+HX52+IA52+ID52+IG52+IJ52+IM52+IP52+IS52+IV52 -> 0 | E52: =Cronograma!Repasse | F52: =Cronograma!Contrapartida | H52: =Cronograma!Repasse | I52: =Cronograma!Contrapartida | K52: =Cronograma!Repasse | L52: =Cronograma!Contrapartida | N52: =Cronograma!Repasse | O52: =Cronograma!Contrapartida | Q52: =Cronograma!Repasse | R52: =Cronograma!Contrapartida | T52: =Cronograma!Repasse | U52: =Cronograma!Contrapartida | W52: =Cronograma!Repasse | X52: =Cronograma!Contrapartida | Z52: =Cronograma!Repasse | AA52: =Cronograma!Contrapartida | AC52: =Cronograma!Repasse | AD52: =Cronograma!Contrapartida | AF52: =Cronograma!Repasse | AG52: =Cronograma!Contrapartida | AI52: =Cronograma!Repasse | AJ52: =Cronograma!Contrapartida | AL52: =Cronograma!Repasse | AM52: =Cronograma!Contrapartida | AO52: =Cronograma!Repasse | AP52: =Cronograma!Contrapartida | AR52: =Cronograma!Repasse | AS52: =Cronograma!Contrapartida | AU52: =Cronograma!Repasse | AV52: =Cronograma!Contrapartida | AX52: =Cronograma!Repasse | AY52: =Cronograma!Contrapartida | BA52: =Cronograma!Repasse | BB52: =Cronograma!Contrapartida | BD52: =Cronograma!Repasse | BE52: =Cronograma!Contrapartida | BG52: =Cronograma!Repasse | BH52: =Cronograma!Contrapartida | BJ52: =Cronograma!Repasse | BK52: =Cronograma!Contrapartida | BM52: =Cronograma!Repasse | BN52: =Cronograma!Contrapartida | BP52: =Cronograma!Repasse | BQ52: =Cronograma!Contrapartida | BS52: =Cronograma!Repasse | BT52: =Cronograma!Contrapartida | BV52: =Cronograma!Repasse | BW52: =Cronograma!Contrapartida | BY52: =Cronograma!Repasse | BZ52: =Cronograma!Contrapartida | CB52: =Cronograma!Repasse | CC52: =Cronograma!Contrapartida | CE52: =Cronograma!Repasse | CF52: =Cronograma!Contrapartida | CH52: =Cronograma!Repasse | CI52: =Cronograma!Contrapartida | CK52: =Cronograma!Repasse | CL52: =Cronograma!Contrapartida | CN52: =Cronograma!Repasse | CO52: =Cronograma!Contrapartida | CQ52: =Cronograma!Repasse | CR52: =Cronograma!Contrapartida | CT52: =Cronograma!Repasse | CU52: =Cronograma!Contrapartida | CW52: =Cronograma!Repasse | CX52: =Cronograma!Contrapartida | CZ52: =Cronograma!Repasse | DA52: =Cronograma!Contrapartida | DC52: =Cronograma!Repasse | DD52: =Cronograma!Contrapartida | DF52: =Cronograma!Repasse | DG52: =Cronograma!Contrapartida | DI52: =Cronograma!Repasse | DJ52: =Cronograma!Contrapartida | DL52: =Cronograma!Repasse | DM52: =Cronograma!Contrapartida | DO52: =Cronograma!Repasse | DP52: =Cronograma!Contrapartida | DR52: =Cronograma!Repasse | DS52: =Cronograma!Contrapartida | DU52: =Cronograma!Repasse | DV52: =Cronograma!Contrapartida | DX52: =Cronograma!Repasse | DY52: =Cronograma!Contrapartida | EA52: =Cronograma!Repasse | EB52: =Cronograma!Contrapartida | ED52: =Cronograma!Repasse | EE52: =Cronograma!Contrapartida | EG52: =Cronograma!Repasse | EH52: =Cronograma!Contrapartida | EJ52: =Cronograma!Repasse | EK52: =Cronograma!Contrapartida | EM52: =Cronograma!Repasse | EN52: =Cronograma!Contrapartida | EP52: =Cronograma!Repasse | EQ52: =Cronograma!Contrapartida | ES52: =Cronograma!Repasse | ET52: =Cronograma!Contrapartida | EV52: =Cronograma!Repasse | EW52: =Cronograma!Contrapartida | EY52: =Cronograma!Repasse | EZ52: =Cronograma!Contrapartida | FB52: =Cronograma!Repasse | FC52: =Cronograma!Contrapartida | FE52: =Cronograma!Repasse | FF52: =Cronograma!Contrapartida | FH52: =Cronograma!Repasse | FI52: =Cronograma!Contrapartida | FK52: =Cronograma!Repasse | FL52: =Cronograma!Contrapartida | FN52: =Cronograma!Repasse | FO52: =Cronograma!Contrapartida | FQ52: =Cronograma!Repasse | FR52: =Cronograma!Contrapartida | FT52: =Cronograma!Repasse | FU52: =Cronograma!Contrapartida | FW52: =Cronograma!Repasse | FX52: =Cronograma!Contrapartida | FZ52: =Cronograma!Repasse | GA52: =Cronograma!Contrapartida | GC52: =Cronograma!Repasse | GD52: =Cronograma!Contrapartida | GF52: =Cronograma!Repasse | GG52: =Cronograma!Contrapartida | GI52: =Cronograma!Repasse | GJ52: =Cronograma!Contrapartida | GL52: =Cronograma!Repasse | GM52: =Cronograma!Contrapartida | GO52: =Cronograma!Repasse | GP52: =Cronograma!Contrapartida | GR52: =Cronograma!Repasse | GS52: =Cronograma!Contrapartida | GU52: =Cronograma!Repasse | GV52: =Cronograma!Contrapartida | GX52: =Cronograma!Repasse | GY52: =Cronograma!Contrapartida | HA52: =Cronograma!Repasse | HB52: =Cronograma!Contrapartida | HD52: =Cronograma!Repasse | HE52: =Cronograma!Contrapartida | HG52: =Cronograma!Repasse | HH52: =Cronograma!Contrapartida | HJ52: =Cronograma!Repasse | HK52: =Cronograma!Contrapartida | HM52: =Cronograma!Repasse | HN52: =Cronograma!Contrapartida | HP52: =Cronograma!Repasse | HQ52: =Cronograma!Contrapartida | HS52: =Cronograma!Repasse | HT52: =Cronograma!Contrapartida | HV52: =Cronograma!Repasse | HW52: =Cronograma!Contrapartida | HY52: =Cronograma!Repasse | HZ52: =Cronograma!Contrapartida | IB52: =Cronograma!Repasse | IC52: =Cronograma!Contrapartida | IE52: =Cronograma!Repasse | IF52: =Cronograma!Contrapartida | IH52: =Cronograma!Repasse | II52: =Cronograma!Contrapartida | IK52: =Cronograma!Repasse | IL52: =Cronograma!Contrapartida | IN52: =Cronograma!Repasse | IO52: =Cronograma!Contrapartida | IQ52: =Cronograma!Repasse | IR52: =Cronograma!Contrapartida | IT52: =Cronograma!Repasse | IU52: =Cronograma!Contrapartida
B53: =IF(SUM($B$13:$B$52)=0,0,SUM($B$13:$B$52)) -> 362929.84 | E53: =IF(SUM(E$13:E$52)=0,0,SUM(E$13:E$52)) -> 0 | F53: =IF(SUM(F$13:F$52)=0,0,SUM(F$13:F$52)) -> 124969.15 | G53: =IF(SUM(G$13:G$52)=0,0,(E$53+F$53)/$B$53*100) -> 34.433419 | H53: =IF(SUM(H$13:H$52)=0,0,SUM(H$13:H$52)) -> 0 | I53: =IF(SUM(I$13:I$52)=0,0,SUM(I$13:I$52)) -> 169971.92 | J53: =IF(SUM(J$13:J$52)=0,0,(H$53+I$53)/$B$53*100) -> 46.833272 | K53: =IF(SUM(K$13:K$52)=0,0,SUM(K$13:K$52)) -> 0 | L53: =IF(SUM(L$13:L$52)=0,0,SUM(L$13:L$52)) -> 67988.767 | M53: =IF(SUM(M$13:M$52)=0,0,(K$53+L$53)/$B$53*100) -> 18.733309 | N53: =IF(SUM(N$13:N$52)=0,0,SUM(N$13:N$52)) -> 0 | O53: =IF(SUM(O$13:O$52)=0,0,SUM(O$13:O$52)) -> 0 | P53: =IF(SUM(P$13:P$52)=0,0,(N$53+O$53)/$B$53*100) -> 0 | Q53: =IF(SUM(Q$13:Q$52)=0,0,SUM(Q$13:Q$52)) -> 0 | R53: =IF(SUM(R$13:R$52)=0,0,SUM(R$13:R$52)) -> 0 | S53: =IF(SUM(S$13:S$52)=0,0,(Q$53+R$53)/$B$53*100) -> 0 | T53: =IF(SUM(T$13:T$52)=0,0,SUM(T$13:T$52)) -> 0 | U53: =IF(SUM(U$13:U$52)=0,0,SUM(U$13:U$52)) -> 0 | V53: =IF(SUM(V$13:V$52)=0,0,(T$53+U$53)/$B$53*100) -> 0 | W53: =IF(SUM(W$13:W$52)=0,0,SUM(W$13:W$52)) -> 0 | X53: =IF(SUM(X$13:X$52)=0,0,SUM(X$13:X$52)) -> 0 | Y53: =IF(SUM(Y$13:Y$52)=0,0,(W$53+X$53)/$B$53*100) -> 0 | Z53: =IF(SUM(Z$13:Z$52)=0,0,SUM(Z$13:Z$52)) -> 0 | AA53: =IF(SUM(AA$13:AA$52)=0,0,SUM(AA$13:AA$52)) -> 0 | AB53: =IF(SUM(AB$13:AB$52)=0,0,(Z$53+AA$53)/$B$53*100) -> 0 | AC53: =IF(SUM(AC$13:AC$52)=0,0,SUM(AC$13:AC$52)) -> 0 | AD53: =IF(SUM(AD$13:AD$52)=0,0,SUM(AD$13:AD$52)) -> 0 | AE53: =IF(SUM(AE$13:AE$52)=0,0,(AC$53+AD$53)/$B$53*100) -> 0 | AF53: =IF(SUM(AF$13:AF$52)=0,0,SUM(AF$13:AF$52)) -> 0 | AG53: =IF(SUM(AG$13:AG$52)=0,0,SUM(AG$13:AG$52)) -> 0 | AH53: =IF(SUM(AH$13:AH$52)=0,0,(AF$53+AG$53)/$B$53*100) -> 0 | AI53: =IF(SUM(AI$13:AI$52)=0,0,SUM(AI$13:AI$52)) -> 0 | AJ53: =IF(SUM(AJ$13:AJ$52)=0,0,SUM(AJ$13:AJ$52)) -> 0 | AK53: =IF(SUM(AK$13:AK$52)=0,0,(AI$53+AJ$53)/$B$53*100) -> 0 | AL53: =IF(SUM(AL$13:AL$52)=0,0,SUM(AL$13:AL$52)) -> 0 | AM53: =IF(SUM(AM$13:AM$52)=0,0,SUM(AM$13:AM$52)) -> 0 | AN53: =IF(SUM(AN$13:AN$52)=0,0,(AL$53+AM$53)/$B$53*100) -> 0 | AO53: =IF(SUM(AO$13:AO$52)=0,0,SUM(AO$13:AO$52)) -> 0 | AP53: =IF(SUM(AP$13:AP$52)=0,0,SUM(AP$13:AP$52)) -> 0 | AQ53: =IF(SUM(AQ$13:AQ$52)=0,0,(AO$53+AP$53)/$B$53*100) -> 0 | AR53: =IF(SUM(AR$13:AR$52)=0,0,SUM(AR$13:AR$52)) -> 0 | AS53: =IF(SUM(AS$13:AS$52)=0,0,SUM(AS$13:AS$52)) -> 0 | AT53: =IF(SUM(AT$13:AT$52)=0,0,(AR$53+AS$53)/$B$53*100) -> 0 | AU53: =IF(SUM(AU$13:AU$52)=0,0,SUM(AU$13:AU$52)) -> 0 | AV53: =IF(SUM(AV$13:AV$52)=0,0,SUM(AV$13:AV$52)) -> 0 | AW53: =IF(SUM(AW$13:AW$52)=0,0,(AU$53+AV$53)/$B$53*100) -> 0 | AX53: =IF(SUM(AX$13:AX$52)=0,0,SUM(AX$13:AX$52)) -> 0 | AY53: =IF(SUM(AY$13:AY$52)=0,0,SUM(AY$13:AY$52)) -> 0 | AZ53: =IF(SUM(AZ$13:AZ$52)=0,0,(AX$53+AY$53)/$B$53*100) -> 0 | BA53: =IF(SUM(BA$13:BA$52)=0,0,SUM(BA$13:BA$52)) -> 0 | BB53: =IF(SUM(BB$13:BB$52)=0,0,SUM(BB$13:BB$52)) -> 0 | BC53: =IF(SUM(BC$13:BC$52)=0,0,(BA$53+BB$53)/$B$53*100) -> 0 | BD53: =IF(SUM(BD$13:BD$52)=0,0,SUM(BD$13:BD$52)) -> 0 | BE53: =IF(SUM(BE$13:BE$52)=0,0,SUM(BE$13:BE$52)) -> 0 | BF53: =IF(SUM(BF$13:BF$52)=0,0,(BD$53+BE$53)/$B$53*100) -> 0 | BG53: =IF(SUM(BG$13:BG$52)=0,0,SUM(BG$13:BG$52)) -> 0 | BH53: =IF(SUM(BH$13:BH$52)=0,0,SUM(BH$13:BH$52)) -> 0 | BI53: =IF(SUM(BI$13:BI$52)=0,0,(BG$53+BH$53)/$B$53*100) -> 0 | BJ53: =IF(SUM(BJ$13:BJ$52)=0,0,SUM(BJ$13:BJ$52)) -> 0 | BK53: =IF(SUM(BK$13:BK$52)=0,0,SUM(BK$13:BK$52)) -> 0 | BL53: =IF(SUM(BL$13:BL$52)=0,0,(BJ$53+BK$53)/$B$53*100) -> 0 | BM53: =IF(SUM(BM$13:BM$52)=0,0,SUM(BM$13:BM$52)) -> 0 | BN53: =IF(SUM(BN$13:BN$52)=0,0,SUM(BN$13:BN$52)) -> 0 | BO53: =IF(SUM(BO$13:BO$52)=0,0,(BM$53+BN$53)/$B$53*100) -> 0 | BP53: =IF(SUM(BP$13:BP$52)=0,0,SUM(BP$13:BP$52)) -> 0 | BQ53: =IF(SUM(BQ$13:BQ$52)=0,0,SUM(BQ$13:BQ$52)) -> 0 | BR53: =IF(SUM(BR$13:BR$52)=0,0,(BP$53+BQ$53)/$B$53*100) -> 0 | BS53: =IF(SUM(BS$13:BS$52)=0,0,SUM(BS$13:BS$52)) -> 0 | BT53: =IF(SUM(BT$13:BT$52)=0,0,SUM(BT$13:BT$52)) -> 0 | BU53: =IF(SUM(BU$13:BU$52)=0,0,(BS$53+BT$53)/$B$53*100) -> 0 | BV53: =IF(SUM(BV$13:BV$52)=0,0,SUM(BV$13:BV$52)) -> 0 | BW53: =IF(SUM(BW$13:BW$52)=0,0,SUM(BW$13:BW$52)) -> 0 | BX53: =IF(SUM(BX$13:BX$52)=0,0,(BV$53+BW$53)/$B$53*100) -> 0 | BY53: =IF(SUM(BY$13:BY$52)=0,0,SUM(BY$13:BY$52)) -> 0 | BZ53: =IF(SUM(BZ$13:BZ$52)=0,0,SUM(BZ$13:BZ$52)) -> 0 | CA53: =IF(SUM(CA$13:CA$52)=0,0,(BY$53+BZ$53)/$B$53*100) -> 0 | CB53: =IF(SUM(CB$13:CB$52)=0,0,SUM(CB$13:CB$52)) -> 0 | CC53: =IF(SUM(CC$13:CC$52)=0,0,SUM(CC$13:CC$52)) -> 0 | CD53: =IF(SUM(CD$13:CD$52)=0,0,(CB$53+CC$53)/$B$53*100) -> 0 | CE53: =IF(SUM(CE$13:CE$52)=0,0,SUM(CE$13:CE$52)) -> 0 | CF53: =IF(SUM(CF$13:CF$52)=0,0,SUM(CF$13:CF$52)) -> 0 | CG53: =IF(SUM(CG$13:CG$52)=0,0,(CE$53+CF$53)/$B$53*100) -> 0 | CH53: =IF(SUM(CH$13:CH$52)=0,0,SUM(CH$13:CH$52)) -> 0 | CI53: =IF(SUM(CI$13:CI$52)=0,0,SUM(CI$13:CI$52)) -> 0 | CJ53: =IF(SUM(CJ$13:CJ$52)=0,0,(CH$53+CI$53)/$B$53*100) -> 0 | CK53: =IF(SUM(CK$13:CK$52)=0,0,SUM(CK$13:CK$52)) -> 0 | CL53: =IF(SUM(CL$13:CL$52)=0,0,SUM(CL$13:CL$52)) -> 0 | CM53: =IF(SUM(CM$13:CM$52)=0,0,(CK$53+CL$53)/$B$53*100) -> 0 | CN53: =IF(SUM(CN$13:CN$52)=0,0,SUM(CN$13:CN$52)) -> 0 | CO53: =IF(SUM(CO$13:CO$52)=0,0,SUM(CO$13:CO$52)) -> 0 | CP53: =IF(SUM(CP$13:CP$52)=0,0,(CN$53+CO$53)/$B$53*100) -> 0 | CQ53: =IF(SUM(CQ$13:CQ$52)=0,0,SUM(CQ$13:CQ$52)) -> 0 | CR53: =IF(SUM(CR$13:CR$52)=0,0,SUM(CR$13:CR$52)) -> 0 | CS53: =IF(SUM(CS$13:CS$52)=0,0,(CQ$53+CR$53)/$B$53*100) -> 0 | CT53: =IF(SUM(CT$13:CT$52)=0,0,SUM(CT$13:CT$52)) -> 0 | CU53: =IF(SUM(CU$13:CU$52)=0,0,SUM(CU$13:CU$52)) -> 0 | CV53: =IF(SUM(CV$13:CV$52)=0,0,(CT$53+CU$53)/$B$53*100) -> 0 | CW53: =IF(SUM(CW$13:CW$52)=0,0,SUM(CW$13:CW$52)) -> 0 | CX53: =IF(SUM(CX$13:CX$52)=0,0,SUM(CX$13:CX$52)) -> 0 | CY53: =IF(SUM(CY$13:CY$52)=0,0,(CW$53+CX$53)/$B$53*100) -> 0 | CZ53: =IF(SUM(CZ$13:CZ$52)=0,0,SUM(CZ$13:CZ$52)) -> 0 | DA53: =IF(SUM(DA$13:DA$52)=0,0,SUM(DA$13:DA$52)) -> 0 | DB53: =IF(SUM(DB$13:DB$52)=0,0,(CZ$53+DA$53)/$B$53*100) -> 0 | DC53: =IF(SUM(DC$13:DC$52)=0,0,SUM(DC$13:DC$52)) -> 0 | DD53: =IF(SUM(DD$13:DD$52)=0,0,SUM(DD$13:DD$52)) -> 0 | DE53: =IF(SUM(DE$13:DE$52)=0,0,(DC$53+DD$53)/$B$53*100) -> 0 | DF53: =IF(SUM(DF$13:DF$52)=0,0,SUM(DF$13:DF$52)) -> 0 | DG53: =IF(SUM(DG$13:DG$52)=0,0,SUM(DG$13:DG$52)) -> 0 | DH53: =IF(SUM(DH$13:DH$52)=0,0,(DF$53+DG$53)/$B$53*100) -> 0 | DI53: =IF(SUM(DI$13:DI$52)=0,0,SUM(DI$13:DI$52)) -> 0 | DJ53: =IF(SUM(DJ$13:DJ$52)=0,0,SUM(DJ$13:DJ$52)) -> 0 | DK53: =IF(SUM(DK$13:DK$52)=0,0,(DI$53+DJ$53)/$B$53*100) -> 0 | DL53: =IF(SUM(DL$13:DL$52)=0,0,SUM(DL$13:DL$52)) -> 0 | DM53: =IF(SUM(DM$13:DM$52)=0,0,SUM(DM$13:DM$52)) -> 0 | DN53: =IF(SUM(DN$13:DN$52)=0,0,(DL$53+DM$53)/$B$53*100) -> 0 | DO53: =IF(SUM(DO$13:DO$52)=0,0,SUM(DO$13:DO$52)) -> 0 | DP53: =IF(SUM(DP$13:DP$52)=0,0,SUM(DP$13:DP$52)) -> 0 | DQ53: =IF(SUM(DQ$13:DQ$52)=0,0,(DO$53+DP$53)/$B$53*100) -> 0 | DR53: =IF(SUM(DR$13:DR$52)=0,0,SUM(DR$13:DR$52)) -> 0 | DS53: =IF(SUM(DS$13:DS$52)=0,0,SUM(DS$13:DS$52)) -> 0 | DT53: =IF(SUM(DT$13:DT$52)=0,0,(DR$53+DS$53)/$B$53*100) -> 0 | DU53: =IF(SUM(DU$13:DU$52)=0,0,SUM(DU$13:DU$52)) -> 0 | DV53: =IF(SUM(DV$13:DV$52)=0,0,SUM(DV$13:DV$52)) -> 0 | DW53: =IF(SUM(DW$13:DW$52)=0,0,(DU$53+DV$53)/$B$53*100) -> 0 | DX53: =IF(SUM(DX$13:DX$52)=0,0,SUM(DX$13:DX$52)) -> 0 | DY53: =IF(SUM(DY$13:DY$52)=0,0,SUM(DY$13:DY$52)) -> 0 | DZ53: =IF(SUM(DZ$13:DZ$52)=0,0,(DX$53+DY$53)/$B$53*100) -> 0 | EA53: =IF(SUM(EA$13:EA$52)=0,0,SUM(EA$13:EA$52)) -> 0 | EB53: =IF(SUM(EB$13:EB$52)=0,0,SUM(EB$13:EB$52)) -> 0 | EC53: =IF(SUM(EC$13:EC$52)=0,0,(EA$53+EB$53)/$B$53*100) -> 0 | ED53: =IF(SUM(ED$13:ED$52)=0,0,SUM(ED$13:ED$52)) -> 0 | EE53: =IF(SUM(EE$13:EE$52)=0,0,SUM(EE$13:EE$52)) -> 0 | EF53: =IF(SUM(EF$13:EF$52)=0,0,(ED$53+EE$53)/$B$53*100) -> 0 | EG53: =IF(SUM(EG$13:EG$52)=0,0,SUM(EG$13:EG$52)) -> 0 | EH53: =IF(SUM(EH$13:EH$52)=0,0,SUM(EH$13:EH$52)) -> 0 | EI53: =IF(SUM(EI$13:EI$52)=0,0,(EG$53+EH$53)/$B$53*100) -> 0 | EJ53: =IF(SUM(EJ$13:EJ$52)=0,0,SUM(EJ$13:EJ$52)) -> 0 | EK53: =IF(SUM(EK$13:EK$52)=0,0,SUM(EK$13:EK$52)) -> 0 | EL53: =IF(SUM(EL$13:EL$52)=0,0,(EJ$53+EK$53)/$B$53*100) -> 0 | EM53: =IF(SUM(EM$13:EM$52)=0,0,SUM(EM$13:EM$52)) -> 0 | EN53: =IF(SUM(EN$13:EN$52)=0,0,SUM(EN$13:EN$52)) -> 0 | EO53: =IF(SUM(EO$13:EO$52)=0,0,(EM$53+EN$53)/$B$53*100) -> 0 | EP53: =IF(SUM(EP$13:EP$52)=0,0,SUM(EP$13:EP$52)) -> 0 | EQ53: =IF(SUM(EQ$13:EQ$52)=0,0,SUM(EQ$13:EQ$52)) -> 0 | ER53: =IF(SUM(ER$13:ER$52)=0,0,(EP$53+EQ$53)/$B$53*100) -> 0 | ES53: =IF(SUM(ES$13:ES$52)=0,0,SUM(ES$13:ES$52)) -> 0 | ET53: =IF(SUM(ET$13:ET$52)=0,0,SUM(ET$13:ET$52)) -> 0 | EU53: =IF(SUM(EU$13:EU$52)=0,0,(ES$53+ET$53)/$B$53*100) -> 0 | EV53: =IF(SUM(EV$13:EV$52)=0,0,SUM(EV$13:EV$52)) -> 0 | EW53: =IF(SUM(EW$13:EW$52)=0,0,SUM(EW$13:EW$52)) -> 0 | EX53: =IF(SUM(EX$13:EX$52)=0,0,(EV$53+EW$53)/$B$53*100) -> 0 | EY53: =IF(SUM(EY$13:EY$52)=0,0,SUM(EY$13:EY$52)) -> 0 | EZ53: =IF(SUM(EZ$13:EZ$52)=0,0,SUM(EZ$13:EZ$52)) -> 0 | FA53: =IF(SUM(FA$13:FA$52)=0,0,(EY$53+EZ$53)/$B$53*100) -> 0 | FB53: =IF(SUM(FB$13:FB$52)=0,0,SUM(FB$13:FB$52)) -> 0 | FC53: =IF(SUM(FC$13:FC$52)=0,0,SUM(FC$13:FC$52)) -> 0 | FD53: =IF(SUM(FD$13:FD$52)=0,0,(FB$53+FC$53)/$B$53*100) -> 0 | FE53: =IF(SUM(FE$13:FE$52)=0,0,SUM(FE$13:FE$52)) -> 0 | FF53: =IF(SUM(FF$13:FF$52)=0,0,SUM(FF$13:FF$52)) -> 0 | FG53: =IF(SUM(FG$13:FG$52)=0,0,(FE$53+FF$53)/$B$53*100) -> 0 | FH53: =IF(SUM(FH$13:FH$52)=0,0,SUM(FH$13:FH$52)) -> 0 | FI53: =IF(SUM(FI$13:FI$52)=0,0,SUM(FI$13:FI$52)) -> 0 | FJ53: =IF(SUM(FJ$13:FJ$52)=0,0,(FH$53+FI$53)/$B$53*100) -> 0 | FK53: =IF(SUM(FK$13:FK$52)=0,0,SUM(FK$13:FK$52)) -> 0 | FL53: =IF(SUM(FL$13:FL$52)=0,0,SUM(FL$13:FL$52)) -> 0 | FM53: =IF(SUM(FM$13:FM$52)=0,0,(FK$53+FL$53)/$B$53*100) -> 0 | FN53: =IF(SUM(FN$13:FN$52)=0,0,SUM(FN$13:FN$52)) -> 0 | FO53: =IF(SUM(FO$13:FO$52)=0,0,SUM(FO$13:FO$52)) -> 0 | FP53: =IF(SUM(FP$13:FP$52)=0,0,(FN$53+FO$53)/$B$53*100) -> 0 | FQ53: =IF(SUM(FQ$13:FQ$52)=0,0,SUM(FQ$13:FQ$52)) -> 0 | FR53: =IF(SUM(FR$13:FR$52)=0,0,SUM(FR$13:FR$52)) -> 0 | FS53: =IF(SUM(FS$13:FS$52)=0,0,(FQ$53+FR$53)/$B$53*100) -> 0 | FT53: =IF(SUM(FT$13:FT$52)=0,0,SUM(FT$13:FT$52)) -> 0 | FU53: =IF(SUM(FU$13:FU$52)=0,0,SUM(FU$13:FU$52)) -> 0 | FV53: =IF(SUM(FV$13:FV$52)=0,0,(FT$53+FU$53)/$B$53*100) -> 0 | FW53: =IF(SUM(FW$13:FW$52)=0,0,SUM(FW$13:FW$52)) -> 0 | FX53: =IF(SUM(FX$13:FX$52)=0,0,SUM(FX$13:FX$52)) -> 0 | FY53: =IF(SUM(FY$13:FY$52)=0,0,(FW$53+FX$53)/$B$53*100) -> 0 | FZ53: =IF(SUM(FZ$13:FZ$52)=0,0,SUM(FZ$13:FZ$52)) -> 0 | GA53: =IF(SUM(GA$13:GA$52)=0,0,SUM(GA$13:GA$52)) -> 0 | GB53: =IF(SUM(GB$13:GB$52)=0,0,(FZ$53+GA$53)/$B$53*100) -> 0 | GC53: =IF(SUM(GC$13:GC$52)=0,0,SUM(GC$13:GC$52)) -> 0 | GD53: =IF(SUM(GD$13:GD$52)=0,0,SUM(GD$13:GD$52)) -> 0 | GE53: =IF(SUM(GE$13:GE$52)=0,0,(GC$53+GD$53)/$B$53*100) -> 0 | GF53: =IF(SUM(GF$13:GF$52)=0,0,SUM(GF$13:GF$52)) -> 0 | GG53: =IF(SUM(GG$13:GG$52)=0,0,SUM(GG$13:GG$52)) -> 0 | GH53: =IF(SUM(GH$13:GH$52)=0,0,(GF$53+GG$53)/$B$53*100) -> 0 | GI53: =IF(SUM(GI$13:GI$52)=0,0,SUM(GI$13:GI$52)) -> 0 | GJ53: =IF(SUM(GJ$13:GJ$52)=0,0,SUM(GJ$13:GJ$52)) -> 0 | GK53: =IF(SUM(GK$13:GK$52)=0,0,(GI$53+GJ$53)/$B$53*100) -> 0 | GL53: =IF(SUM(GL$13:GL$52)=0,0,SUM(GL$13:GL$52)) -> 0 | GM53: =IF(SUM(GM$13:GM$52)=0,0,SUM(GM$13:GM$52)) -> 0 | GN53: =IF(SUM(GN$13:GN$52)=0,0,(GL$53+GM$53)/$B$53*100) -> 0 | GO53: =IF(SUM(GO$13:GO$52)=0,0,SUM(GO$13:GO$52)) -> 0 | GP53: =IF(SUM(GP$13:GP$52)=0,0,SUM(GP$13:GP$52)) -> 0 | GQ53: =IF(SUM(GQ$13:GQ$52)=0,0,(GO$53+GP$53)/$B$53*100) -> 0 | GR53: =IF(SUM(GR$13:GR$52)=0,0,SUM(GR$13:GR$52)) -> 0 | GS53: =IF(SUM(GS$13:GS$52)=0,0,SUM(GS$13:GS$52)) -> 0 | GT53: =IF(SUM(GT$13:GT$52)=0,0,(GR$53+GS$53)/$B$53*100) -> 0 | GU53: =IF(SUM(GU$13:GU$52)=0,0,SUM(GU$13:GU$52)) -> 0 | GV53: =IF(SUM(GV$13:GV$52)=0,0,SUM(GV$13:GV$52)) -> 0 | GW53: =IF(SUM(GW$13:GW$52)=0,0,(GU$53+GV$53)/$B$53*100) -> 0 | GX53: =IF(SUM(GX$13:GX$52)=0,0,SUM(GX$13:GX$52)) -> 0 | GY53: =IF(SUM(GY$13:GY$52)=0,0,SUM(GY$13:GY$52)) -> 0 | GZ53: =IF(SUM(GZ$13:GZ$52)=0,0,(GX$53+GY$53)/$B$53*100) -> 0 | HA53: =IF(SUM(HA$13:HA$52)=0,0,SUM(HA$13:HA$52)) -> 0 | HB53: =IF(SUM(HB$13:HB$52)=0,0,SUM(HB$13:HB$52)) -> 0 | HC53: =IF(SUM(HC$13:HC$52)=0,0,(HA$53+HB$53)/$B$53*100) -> 0 | HD53: =IF(SUM(HD$13:HD$52)=0,0,SUM(HD$13:HD$52)) -> 0 | HE53: =IF(SUM(HE$13:HE$52)=0,0,SUM(HE$13:HE$52)) -> 0 | HF53: =IF(SUM(HF$13:HF$52)=0,0,(HD$53+HE$53)/$B$53*100) -> 0 | HG53: =IF(SUM(HG$13:HG$52)=0,0,SUM(HG$13:HG$52)) -> 0 | HH53: =IF(SUM(HH$13:HH$52)=0,0,SUM(HH$13:HH$52)) -> 0 | HI53: =IF(SUM(HI$13:HI$52)=0,0,(HG$53+HH$53)/$B$53*100) -> 0 | HJ53: =IF(SUM(HJ$13:HJ$52)=0,0,SUM(HJ$13:HJ$52)) -> 0 | HK53: =IF(SUM(HK$13:HK$52)=0,0,SUM(HK$13:HK$52)) -> 0 | HL53: =IF(SUM(HL$13:HL$52)=0,0,(HJ$53+HK$53)/$B$53*100) -> 0 | HM53: =IF(SUM(HM$13:HM$52)=0,0,SUM(HM$13:HM$52)) -> 0 | HN53: =IF(SUM(HN$13:HN$52)=0,0,SUM(HN$13:HN$52)) -> 0 | HO53: =IF(SUM(HO$13:HO$52)=0,0,(HM$53+HN$53)/$B$53*100) -> 0 | HP53: =IF(SUM(HP$13:HP$52)=0,0,SUM(HP$13:HP$52)) -> 0 | HQ53: =IF(SUM(HQ$13:HQ$52)=0,0,SUM(HQ$13:HQ$52)) -> 0 | HR53: =IF(SUM(HR$13:HR$52)=0,0,(HP$53+HQ$53)/$B$53*100) -> 0 | HS53: =IF(SUM(HS$13:HS$52)=0,0,SUM(HS$13:HS$52)) -> 0 | HT53: =IF(SUM(HT$13:HT$52)=0,0,SUM(HT$13:HT$52)) -> 0 | HU53: =IF(SUM(HU$13:HU$52)=0,0,(HS$53+HT$53)/$B$53*100) -> 0 | HV53: =IF(SUM(HV$13:HV$52)=0,0,SUM(HV$13:HV$52)) -> 0 | HW53: =IF(SUM(HW$13:HW$52)=0,0,SUM(HW$13:HW$52)) -> 0 | HX53: =IF(SUM(HX$13:HX$52)=0,0,(HV$53+HW$53)/$B$53*100) -> 0 | HY53: =IF(SUM(HY$13:HY$52)=0,0,SUM(HY$13:HY$52)) -> 0 | HZ53: =IF(SUM(HZ$13:HZ$52)=0,0,SUM(HZ$13:HZ$52)) -> 0 | IA53: =IF(SUM(IA$13:IA$52)=0,0,(HY$53+HZ$53)/$B$53*100) -> 0 | IB53: =IF(SUM(IB$13:IB$52)=0,0,SUM(IB$13:IB$52)) -> 0 | IC53: =IF(SUM(IC$13:IC$52)=0,0,SUM(IC$13:IC$52)) -> 0 | ID53: =IF(SUM(ID$13:ID$52)=0,0,(IB$53+IC$53)/$B$53*100) -> 0 | IE53: =IF(SUM(IE$13:IE$52)=0,0,SUM(IE$13:IE$52)) -> 0 | IF53: =IF(SUM(IF$13:IF$52)=0,0,SUM(IF$13:IF$52)) -> 0 | IG53: =IF(SUM(IG$13:IG$52)=0,0,(IE$53+IF$53)/$B$53*100) -> 0 | IH53: =IF(SUM(IH$13:IH$52)=0,0,SUM(IH$13:IH$52)) -> 0 | II53: =IF(SUM(II$13:II$52)=0,0,SUM(II$13:II$52)) -> 0 | IJ53: =IF(SUM(IJ$13:IJ$52)=0,0,(IH$53+II$53)/$B$53*100) -> 0 | IK53: =IF(SUM(IK$13:IK$52)=0,0,SUM(IK$13:IK$52)) -> 0 | IL53: =IF(SUM(IL$13:IL$52)=0,0,SUM(IL$13:IL$52)) -> 0 | IM53: =IF(SUM(IM$13:IM$52)=0,0,(IK$53+IL$53)/$B$53*100) -> 0 | IN53: =IF(SUM(IN$13:IN$52)=0,0,SUM(IN$13:IN$52)) -> 0 | IO53: =IF(SUM(IO$13:IO$52)=0,0,SUM(IO$13:IO$52)) -> 0 | IP53: =IF(SUM(IP$13:IP$52)=0,0,(IN$53+IO$53)/$B$53*100) -> 0 | IQ53: =IF(SUM(IQ$13:IQ$52)=0,0,SUM(IQ$13:IQ$52)) -> 0 | IR53: =IF(SUM(IR$13:IR$52)=0,0,SUM(IR$13:IR$52)) -> 0 | IS53: =IF(SUM(IS$13:IS$52)=0,0,(IQ$53+IR$53)/$B$53*100) -> 0 | IT53: =IF(SUM(IT$13:IT$52)=0,0,SUM(IT$13:IT$52)) -> 0 | IU53: =IF(SUM(IU$13:IU$52)=0,0,SUM(IU$13:IU$52)) -> 0 | IV53: =IF(SUM(IV$13:IV$52)=0,0,(IT$53+IU$53)/$B$53*100) -> 0
B54: Financeira | C54: =SUM($E$54:$IV$54) -> 362929.84 | F54: =SUMPRODUCT(G$13:G$52,QCI!$H$13:$H$52)/100 -> 124969.15 | I54: =SUMPRODUCT(J$13:J$52,QCI!$H$13:$H$52)/100 -> 169971.92 | L54: =SUMPRODUCT(M$13:M$52,QCI!$H$13:$H$52)/100 -> 67988.767 | O54: =SUMPRODUCT(P$13:P$52,QCI!$H$13:$H$52)/100 -> 0 | R54: =SUMPRODUCT(S$13:S$52,QCI!$H$13:$H$52)/100 -> 0 | U54: =SUMPRODUCT(V$13:V$52,QCI!$H$13:$H$52)/100 -> 0 | X54: =SUMPRODUCT(Y$13:Y$52,QCI!$H$13:$H$52)/100 -> 0 | AA54: =SUMPRODUCT(AB$13:AB$52,QCI!$H$13:$H$52)/100 -> 0 | AD54: =SUMPRODUCT(AE$13:AE$52,QCI!$H$13:$H$52)/100 -> 0 | AG54: =SUMPRODUCT(AH$13:AH$52,QCI!$H$13:$H$52)/100 -> 0 | AJ54: =SUMPRODUCT(AK$13:AK$52,QCI!$H$13:$H$52)/100 -> 0 | AM54: =SUMPRODUCT(AN$13:AN$52,QCI!$H$13:$H$52)/100 -> 0 | AP54: =SUMPRODUCT(AQ$13:AQ$52,QCI!$H$13:$H$52)/100 -> 0 | AS54: =SUMPRODUCT(AT$13:AT$52,QCI!$H$13:$H$52)/100 -> 0 | AV54: =SUMPRODUCT(AW$13:AW$52,QCI!$H$13:$H$52)/100 -> 0 | AY54: =SUMPRODUCT(AZ$13:AZ$52,QCI!$H$13:$H$52)/100 -> 0 | BB54: =SUMPRODUCT(BC$13:BC$52,QCI!$H$13:$H$52)/100 -> 0 | BE54: =SUMPRODUCT(BF$13:BF$52,QCI!$H$13:$H$52)/100 -> 0 | BH54: =SUMPRODUCT(BI$13:BI$52,QCI!$H$13:$H$52)/100 -> 0 | BK54: =SUMPRODUCT(BL$13:BL$52,QCI!$H$13:$H$52)/100 -> 0 | BN54: =SUMPRODUCT(BO$13:BO$52,QCI!$H$13:$H$52)/100 -> 0 | BQ54: =SUMPRODUCT(BR$13:BR$52,QCI!$H$13:$H$52)/100 -> 0 | BT54: =SUMPRODUCT(BU$13:BU$52,QCI!$H$13:$H$52)/100 -> 0 | BW54: =SUMPRODUCT(BX$13:BX$52,QCI!$H$13:$H$52)/100 -> 0 | BZ54: =SUMPRODUCT(CA$13:CA$52,QCI!$H$13:$H$52)/100 -> 0 | CC54: =SUMPRODUCT(CD$13:CD$52,QCI!$H$13:$H$52)/100 -> 0 | CF54: =SUMPRODUCT(CG$13:CG$52,QCI!$H$13:$H$52)/100 -> 0 | CI54: =SUMPRODUCT(CJ$13:CJ$52,QCI!$H$13:$H$52)/100 -> 0 | CL54: =SUMPRODUCT(CM$13:CM$52,QCI!$H$13:$H$52)/100 -> 0 | CO54: =SUMPRODUCT(CP$13:CP$52,QCI!$H$13:$H$52)/100 -> 0 | CR54: =SUMPRODUCT(CS$13:CS$52,QCI!$H$13:$H$52)/100 -> 0 | CU54: =SUMPRODUCT(CV$13:CV$52,QCI!$H$13:$H$52)/100 -> 0 | CX54: =SUMPRODUCT(CY$13:CY$52,QCI!$H$13:$H$52)/100 -> 0 | DA54: =SUMPRODUCT(DB$13:DB$52,QCI!$H$13:$H$52)/100 -> 0 | DD54: =SUMPRODUCT(DE$13:DE$52,QCI!$H$13:$H$52)/100 -> 0 | DG54: =SUMPRODUCT(DH$13:DH$52,QCI!$H$13:$H$52)/100 -> 0 | DJ54: =SUMPRODUCT(DK$13:DK$52,QCI!$H$13:$H$52)/100 -> 0 | DM54: =SUMPRODUCT(DN$13:DN$52,QCI!$H$13:$H$52)/100 -> 0 | DP54: =SUMPRODUCT(DQ$13:DQ$52,QCI!$H$13:$H$52)/100 -> 0 | DS54: =SUMPRODUCT(DT$13:DT$52,QCI!$H$13:$H$52)/100 -> 0 | DV54: =SUMPRODUCT(DW$13:DW$52,QCI!$H$13:$H$52)/100 -> 0 | DY54: =SUMPRODUCT(DZ$13:DZ$52,QCI!$H$13:$H$52)/100 -> 0 | EB54: =SUMPRODUCT(EC$13:EC$52,QCI!$H$13:$H$52)/100 -> 0 | EE54: =SUMPRODUCT(EF$13:EF$52,QCI!$H$13:$H$52)/100 -> 0 | EH54: =SUMPRODUCT(EI$13:EI$52,QCI!$H$13:$H$52)/100 -> 0 | EK54: =SUMPRODUCT(EL$13:EL$52,QCI!$H$13:$H$52)/100 -> 0 | EN54: =SUMPRODUCT(EO$13:EO$52,QCI!$H$13:$H$52)/100 -> 0 | EQ54: =SUMPRODUCT(ER$13:ER$52,QCI!$H$13:$H$52)/100 -> 0 | ET54: =SUMPRODUCT(EU$13:EU$52,QCI!$H$13:$H$52)/100 -> 0 | EW54: =SUMPRODUCT(EX$13:EX$52,QCI!$H$13:$H$52)/100 -> 0 | EZ54: =SUMPRODUCT(FA$13:FA$52,QCI!$H$13:$H$52)/100 -> 0 | FC54: =SUMPRODUCT(FD$13:FD$52,QCI!$H$13:$H$52)/100 -> 0 | FF54: =SUMPRODUCT(FG$13:FG$52,QCI!$H$13:$H$52)/100 -> 0 | FI54: =SUMPRODUCT(FJ$13:FJ$52,QCI!$H$13:$H$52)/100 -> 0 | FL54: =SUMPRODUCT(FM$13:FM$52,QCI!$H$13:$H$52)/100 -> 0 | FO54: =SUMPRODUCT(FP$13:FP$52,QCI!$H$13:$H$52)/100 -> 0 | FR54: =SUMPRODUCT(FS$13:FS$52,QCI!$H$13:$H$52)/100 -> 0 | FU54: =SUMPRODUCT(FV$13:FV$52,QCI!$H$13:$H$52)/100 -> 0 | FX54: =SUMPRODUCT(FY$13:FY$52,QCI!$H$13:$H$52)/100 -> 0 | GA54: =SUMPRODUCT(GB$13:GB$52,QCI!$H$13:$H$52)/100 -> 0 | GD54: =SUMPRODUCT(GE$13:GE$52,QCI!$H$13:$H$52)/100 -> 0 | GG54: =SUMPRODUCT(GH$13:GH$52,QCI!$H$13:$H$52)/100 -> 0 | GJ54: =SUMPRODUCT(GK$13:GK$52,QCI!$H$13:$H$52)/100 -> 0 | GM54: =SUMPRODUCT(GN$13:GN$52,QCI!$H$13:$H$52)/100 -> 0 | GP54: =SUMPRODUCT(GQ$13:GQ$52,QCI!$H$13:$H$52)/100 -> 0 | GS54: =SUMPRODUCT(GT$13:GT$52,QCI!$H$13:$H$52)/100 -> 0 | GV54: =SUMPRODUCT(GW$13:GW$52,QCI!$H$13:$H$52)/100 -> 0 | GY54: =SUMPRODUCT(GZ$13:GZ$52,QCI!$H$13:$H$52)/100 -> 0 | HB54: =SUMPRODUCT(HC$13:HC$52,QCI!$H$13:$H$52)/100 -> 0 | HE54: =SUMPRODUCT(HF$13:HF$52,QCI!$H$13:$H$52)/100 -> 0 | HH54: =SUMPRODUCT(HI$13:HI$52,QCI!$H$13:$H$52)/100 -> 0 | HK54: =SUMPRODUCT(HL$13:HL$52,QCI!$H$13:$H$52)/100 -> 0 | HN54: =SUMPRODUCT(HO$13:HO$52,QCI!$H$13:$H$52)/100 -> 0 | HQ54: =SUMPRODUCT(HR$13:HR$52,QCI!$H$13:$H$52)/100 -> 0 | HT54: =SUMPRODUCT(HU$13:HU$52,QCI!$H$13:$H$52)/100 -> 0 | HW54: =SUMPRODUCT(HX$13:HX$52,QCI!$H$13:$H$52)/100 -> 0 | HZ54: =SUMPRODUCT(IA$13:IA$52,QCI!$H$13:$H$52)/100 -> 0 | IC54: =SUMPRODUCT(ID$13:ID$52,QCI!$H$13:$H$52)/100 -> 0 | IF54: =SUMPRODUCT(IG$13:IG$52,QCI!$H$13:$H$52)/100 -> 0 | II54: =SUMPRODUCT(IJ$13:IJ$52,QCI!$H$13:$H$52)/100 -> 0 | IL54: =SUMPRODUCT(IM$13:IM$52,QCI!$H$13:$H$52)/100 -> 0 | IO54: =SUMPRODUCT(IP$13:IP$52,QCI!$H$13:$H$52)/100 -> 0 | IR54: =SUMPRODUCT(IS$13:IS$52,QCI!$H$13:$H$52)/100 -> 0 | IU54: =SUMPRODUCT(IV$13:IV$52,QCI!$H$13:$H$52)/100 -> 0
B55: Física | C55: =SUM($E$55:$IV$55) -> 0 | F55: =SUMPRODUCT(G$13:G$52,QCI!$K$13:$K$52)/100 -> 0 | I55: =SUMPRODUCT(J$13:J$52,QCI!$K$13:$K$52)/100 -> 0 | L55: =SUMPRODUCT(M$13:M$52,QCI!$K$13:$K$52)/100 -> 0 | O55: =SUMPRODUCT(P$13:P$52,QCI!$K$13:$K$52)/100 -> 0 | R55: =SUMPRODUCT(S$13:S$52,QCI!$K$13:$K$52)/100 -> 0 | U55: =SUMPRODUCT(V$13:V$52,QCI!$K$13:$K$52)/100 -> 0 | X55: =SUMPRODUCT(Y$13:Y$52,QCI!$K$13:$K$52)/100 -> 0 | AA55: =SUMPRODUCT(AB$13:AB$52,QCI!$K$13:$K$52)/100 -> 0 | AD55: =SUMPRODUCT(AE$13:AE$52,QCI!$K$13:$K$52)/100 -> 0 | AG55: =SUMPRODUCT(AH$13:AH$52,QCI!$K$13:$K$52)/100 -> 0 | AJ55: =SUMPRODUCT(AK$13:AK$52,QCI!$K$13:$K$52)/100 -> 0 | AM55: =SUMPRODUCT(AN$13:AN$52,QCI!$K$13:$K$52)/100 -> 0 | AP55: =SUMPRODUCT(AQ$13:AQ$52,QCI!$K$13:$K$52)/100 -> 0 | AS55: =SUMPRODUCT(AT$13:AT$52,QCI!$K$13:$K$52)/100 -> 0 | AV55: =SUMPRODUCT(AW$13:AW$52,QCI!$K$13:$K$52)/100 -> 0 | AY55: =SUMPRODUCT(AZ$13:AZ$52,QCI!$K$13:$K$52)/100 -> 0 | BB55: =SUMPRODUCT(BC$13:BC$52,QCI!$K$13:$K$52)/100 -> 0 | BE55: =SUMPRODUCT(BF$13:BF$52,QCI!$K$13:$K$52)/100 -> 0 | BH55: =SUMPRODUCT(BI$13:BI$52,QCI!$K$13:$K$52)/100 -> 0 | BK55: =SUMPRODUCT(BL$13:BL$52,QCI!$K$13:$K$52)/100 -> 0 | BN55: =SUMPRODUCT(BO$13:BO$52,QCI!$K$13:$K$52)/100 -> 0 | BQ55: =SUMPRODUCT(BR$13:BR$52,QCI!$K$13:$K$52)/100 -> 0 | BT55: =SUMPRODUCT(BU$13:BU$52,QCI!$K$13:$K$52)/100 -> 0 | BW55: =SUMPRODUCT(BX$13:BX$52,QCI!$K$13:$K$52)/100 -> 0 | BZ55: =SUMPRODUCT(CA$13:CA$52,QCI!$K$13:$K$52)/100 -> 0 | CC55: =SUMPRODUCT(CD$13:CD$52,QCI!$K$13:$K$52)/100 -> 0 | CF55: =SUMPRODUCT(CG$13:CG$52,QCI!$K$13:$K$52)/100 -> 0 | CI55: =SUMPRODUCT(CJ$13:CJ$52,QCI!$K$13:$K$52)/100 -> 0 | CL55: =SUMPRODUCT(CM$13:CM$52,QCI!$K$13:$K$52)/100 -> 0 | CO55: =SUMPRODUCT(CP$13:CP$52,QCI!$K$13:$K$52)/100 -> 0 | CR55: =SUMPRODUCT(CS$13:CS$52,QCI!$K$13:$K$52)/100 -> 0 | CU55: =SUMPRODUCT(CV$13:CV$52,QCI!$K$13:$K$52)/100 -> 0 | CX55: =SUMPRODUCT(CY$13:CY$52,QCI!$K$13:$K$52)/100 -> 0 | DA55: =SUMPRODUCT(DB$13:DB$52,QCI!$K$13:$K$52)/100 -> 0 | DD55: =SUMPRODUCT(DE$13:DE$52,QCI!$K$13:$K$52)/100 -> 0 | DG55: =SUMPRODUCT(DH$13:DH$52,QCI!$K$13:$K$52)/100 -> 0 | DJ55: =SUMPRODUCT(DK$13:DK$52,QCI!$K$13:$K$52)/100 -> 0 | DM55: =SUMPRODUCT(DN$13:DN$52,QCI!$K$13:$K$52)/100 -> 0 | DP55: =SUMPRODUCT(DQ$13:DQ$52,QCI!$K$13:$K$52)/100 -> 0 | DS55: =SUMPRODUCT(DT$13:DT$52,QCI!$K$13:$K$52)/100 -> 0 | DV55: =SUMPRODUCT(DW$13:DW$52,QCI!$K$13:$K$52)/100 -> 0 | DY55: =SUMPRODUCT(DZ$13:DZ$52,QCI!$K$13:$K$52)/100 -> 0 | EB55: =SUMPRODUCT(EC$13:EC$52,QCI!$K$13:$K$52)/100 -> 0 | EE55: =SUMPRODUCT(EF$13:EF$52,QCI!$K$13:$K$52)/100 -> 0 | EH55: =SUMPRODUCT(EI$13:EI$52,QCI!$K$13:$K$52)/100 -> 0 | EK55: =SUMPRODUCT(EL$13:EL$52,QCI!$K$13:$K$52)/100 -> 0 | EN55: =SUMPRODUCT(EO$13:EO$52,QCI!$K$13:$K$52)/100 -> 0 | EQ55: =SUMPRODUCT(ER$13:ER$52,QCI!$K$13:$K$52)/100 -> 0 | ET55: =SUMPRODUCT(EU$13:EU$52,QCI!$K$13:$K$52)/100 -> 0 | EW55: =SUMPRODUCT(EX$13:EX$52,QCI!$K$13:$K$52)/100 -> 0 | EZ55: =SUMPRODUCT(FA$13:FA$52,QCI!$K$13:$K$52)/100 -> 0 | FC55: =SUMPRODUCT(FD$13:FD$52,QCI!$K$13:$K$52)/100 -> 0 | FF55: =SUMPRODUCT(FG$13:FG$52,QCI!$K$13:$K$52)/100 -> 0 | FI55: =SUMPRODUCT(FJ$13:FJ$52,QCI!$K$13:$K$52)/100 -> 0 | FL55: =SUMPRODUCT(FM$13:FM$52,QCI!$K$13:$K$52)/100 -> 0 | FO55: =SUMPRODUCT(FP$13:FP$52,QCI!$K$13:$K$52)/100 -> 0 | FR55: =SUMPRODUCT(FS$13:FS$52,QCI!$K$13:$K$52)/100 -> 0 | FU55: =SUMPRODUCT(FV$13:FV$52,QCI!$K$13:$K$52)/100 -> 0 | FX55: =SUMPRODUCT(FY$13:FY$52,QCI!$K$13:$K$52)/100 -> 0 | GA55: =SUMPRODUCT(GB$13:GB$52,QCI!$K$13:$K$52)/100 -> 0 | GD55: =SUMPRODUCT(GE$13:GE$52,QCI!$K$13:$K$52)/100 -> 0 | GG55: =SUMPRODUCT(GH$13:GH$52,QCI!$K$13:$K$52)/100 -> 0 | GJ55: =SUMPRODUCT(GK$13:GK$52,QCI!$K$13:$K$52)/100 -> 0 | GM55: =SUMPRODUCT(GN$13:GN$52,QCI!$K$13:$K$52)/100 -> 0 | GP55: =SUMPRODUCT(GQ$13:GQ$52,QCI!$K$13:$K$52)/100 -> 0 | GS55: =SUMPRODUCT(GT$13:GT$52,QCI!$K$13:$K$52)/100 -> 0 | GV55: =SUMPRODUCT(GW$13:GW$52,QCI!$K$13:$K$52)/100 -> 0 | GY55: =SUMPRODUCT(GZ$13:GZ$52,QCI!$K$13:$K$52)/100 -> 0 | HB55: =SUMPRODUCT(HC$13:HC$52,QCI!$K$13:$K$52)/100 -> 0 | HE55: =SUMPRODUCT(HF$13:HF$52,QCI!$K$13:$K$52)/100 -> 0 | HH55: =SUMPRODUCT(HI$13:HI$52,QCI!$K$13:$K$52)/100 -> 0 | HK55: =SUMPRODUCT(HL$13:HL$52,QCI!$K$13:$K$52)/100 -> 0 | HN55: =SUMPRODUCT(HO$13:HO$52,QCI!$K$13:$K$52)/100 -> 0 | HQ55: =SUMPRODUCT(HR$13:HR$52,QCI!$K$13:$K$52)/100 -> 0 | HT55: =SUMPRODUCT(HU$13:HU$52,QCI!$K$13:$K$52)/100 -> 0 | HW55: =SUMPRODUCT(HX$13:HX$52,QCI!$K$13:$K$52)/100 -> 0 | HZ55: =SUMPRODUCT(IA$13:IA$52,QCI!$K$13:$K$52)/100 -> 0 | IC55: =SUMPRODUCT(ID$13:ID$52,QCI!$K$13:$K$52)/100 -> 0 | IF55: =SUMPRODUCT(IG$13:IG$52,QCI!$K$13:$K$52)/100 -> 0 | II55: =SUMPRODUCT(IJ$13:IJ$52,QCI!$K$13:$K$52)/100 -> 0 | IL55: =SUMPRODUCT(IM$13:IM$52,QCI!$K$13:$K$52)/100 -> 0 | IO55: =SUMPRODUCT(IP$13:IP$52,QCI!$K$13:$K$52)/100 -> 0 | IR55: =SUMPRODUCT(IS$13:IS$52,QCI!$K$13:$K$52)/100 -> 0 | IU55: =SUMPRODUCT(IV$13:IV$52,QCI!$K$13:$K$52)/100 -> 0
B56: Outras Fontes | C56: =SUM($E$56:$IV$56) -> 0 | F56: =SUMPRODUCT(G$13:G$52,QCI!$L$13:$L$52)/100 -> 0 | I56: =SUMPRODUCT(J$13:J$52,QCI!$L$13:$L$52)/100 -> 0 | L56: =SUMPRODUCT(M$13:M$52,QCI!$L$13:$L$52)/100 -> 0 | O56: =SUMPRODUCT(P$13:P$52,QCI!$L$13:$L$52)/100 -> 0 | R56: =SUMPRODUCT(S$13:S$52,QCI!$L$13:$L$52)/100 -> 0 | U56: =SUMPRODUCT(V$13:V$52,QCI!$L$13:$L$52)/100 -> 0 | X56: =SUMPRODUCT(Y$13:Y$52,QCI!$L$13:$L$52)/100 -> 0 | AA56: =SUMPRODUCT(AB$13:AB$52,QCI!$L$13:$L$52)/100 -> 0 | AD56: =SUMPRODUCT(AE$13:AE$52,QCI!$L$13:$L$52)/100 -> 0 | AG56: =SUMPRODUCT(AH$13:AH$52,QCI!$L$13:$L$52)/100 -> 0 | AJ56: =SUMPRODUCT(AK$13:AK$52,QCI!$L$13:$L$52)/100 -> 0 | AM56: =SUMPRODUCT(AN$13:AN$52,QCI!$L$13:$L$52)/100 -> 0 | AP56: =SUMPRODUCT(AQ$13:AQ$52,QCI!$L$13:$L$52)/100 -> 0 | AS56: =SUMPRODUCT(AT$13:AT$52,QCI!$L$13:$L$52)/100 -> 0 | AV56: =SUMPRODUCT(AW$13:AW$52,QCI!$L$13:$L$52)/100 -> 0 | AY56: =SUMPRODUCT(AZ$13:AZ$52,QCI!$L$13:$L$52)/100 -> 0 | BB56: =SUMPRODUCT(BC$13:BC$52,QCI!$L$13:$L$52)/100 -> 0 | BE56: =SUMPRODUCT(BF$13:BF$52,QCI!$L$13:$L$52)/100 -> 0 | BH56: =SUMPRODUCT(BI$13:BI$52,QCI!$L$13:$L$52)/100 -> 0 | BK56: =SUMPRODUCT(BL$13:BL$52,QCI!$L$13:$L$52)/100 -> 0 | BN56: =SUMPRODUCT(BO$13:BO$52,QCI!$L$13:$L$52)/100 -> 0 | BQ56: =SUMPRODUCT(BR$13:BR$52,QCI!$L$13:$L$52)/100 -> 0 | BT56: =SUMPRODUCT(BU$13:BU$52,QCI!$L$13:$L$52)/100 -> 0 | BW56: =SUMPRODUCT(BX$13:BX$52,QCI!$L$13:$L$52)/100 -> 0 | BZ56: =SUMPRODUCT(CA$13:CA$52,QCI!$L$13:$L$52)/100 -> 0 | CC56: =SUMPRODUCT(CD$13:CD$52,QCI!$L$13:$L$52)/100 -> 0 | CF56: =SUMPRODUCT(CG$13:CG$52,QCI!$L$13:$L$52)/100 -> 0 | CI56: =SUMPRODUCT(CJ$13:CJ$52,QCI!$L$13:$L$52)/100 -> 0 | CL56: =SUMPRODUCT(CM$13:CM$52,QCI!$L$13:$L$52)/100 -> 0 | CO56: =SUMPRODUCT(CP$13:CP$52,QCI!$L$13:$L$52)/100 -> 0 | CR56: =SUMPRODUCT(CS$13:CS$52,QCI!$L$13:$L$52)/100 -> 0 | CU56: =SUMPRODUCT(CV$13:CV$52,QCI!$L$13:$L$52)/100 -> 0 | CX56: =SUMPRODUCT(CY$13:CY$52,QCI!$L$13:$L$52)/100 -> 0 | DA56: =SUMPRODUCT(DB$13:DB$52,QCI!$L$13:$L$52)/100 -> 0 | DD56: =SUMPRODUCT(DE$13:DE$52,QCI!$L$13:$L$52)/100 -> 0 | DG56: =SUMPRODUCT(DH$13:DH$52,QCI!$L$13:$L$52)/100 -> 0 | DJ56: =SUMPRODUCT(DK$13:DK$52,QCI!$L$13:$L$52)/100 -> 0 | DM56: =SUMPRODUCT(DN$13:DN$52,QCI!$L$13:$L$52)/100 -> 0 | DP56: =SUMPRODUCT(DQ$13:DQ$52,QCI!$L$13:$L$52)/100 -> 0 | DS56: =SUMPRODUCT(DT$13:DT$52,QCI!$L$13:$L$52)/100 -> 0 | DV56: =SUMPRODUCT(DW$13:DW$52,QCI!$L$13:$L$52)/100 -> 0 | DY56: =SUMPRODUCT(DZ$13:DZ$52,QCI!$L$13:$L$52)/100 -> 0 | EB56: =SUMPRODUCT(EC$13:EC$52,QCI!$L$13:$L$52)/100 -> 0 | EE56: =SUMPRODUCT(EF$13:EF$52,QCI!$L$13:$L$52)/100 -> 0 | EH56: =SUMPRODUCT(EI$13:EI$52,QCI!$L$13:$L$52)/100 -> 0 | EK56: =SUMPRODUCT(EL$13:EL$52,QCI!$L$13:$L$52)/100 -> 0 | EN56: =SUMPRODUCT(EO$13:EO$52,QCI!$L$13:$L$52)/100 -> 0 | EQ56: =SUMPRODUCT(ER$13:ER$52,QCI!$L$13:$L$52)/100 -> 0 | ET56: =SUMPRODUCT(EU$13:EU$52,QCI!$L$13:$L$52)/100 -> 0 | EW56: =SUMPRODUCT(EX$13:EX$52,QCI!$L$13:$L$52)/100 -> 0 | EZ56: =SUMPRODUCT(FA$13:FA$52,QCI!$L$13:$L$52)/100 -> 0 | FC56: =SUMPRODUCT(FD$13:FD$52,QCI!$L$13:$L$52)/100 -> 0 | FF56: =SUMPRODUCT(FG$13:FG$52,QCI!$L$13:$L$52)/100 -> 0 | FI56: =SUMPRODUCT(FJ$13:FJ$52,QCI!$L$13:$L$52)/100 -> 0 | FL56: =SUMPRODUCT(FM$13:FM$52,QCI!$L$13:$L$52)/100 -> 0 | FO56: =SUMPRODUCT(FP$13:FP$52,QCI!$L$13:$L$52)/100 -> 0 | FR56: =SUMPRODUCT(FS$13:FS$52,QCI!$L$13:$L$52)/100 -> 0 | FU56: =SUMPRODUCT(FV$13:FV$52,QCI!$L$13:$L$52)/100 -> 0 | FX56: =SUMPRODUCT(FY$13:FY$52,QCI!$L$13:$L$52)/100 -> 0 | GA56: =SUMPRODUCT(GB$13:GB$52,QCI!$L$13:$L$52)/100 -> 0 | GD56: =SUMPRODUCT(GE$13:GE$52,QCI!$L$13:$L$52)/100 -> 0 | GG56: =SUMPRODUCT(GH$13:GH$52,QCI!$L$13:$L$52)/100 -> 0 | GJ56: =SUMPRODUCT(GK$13:GK$52,QCI!$L$13:$L$52)/100 -> 0 | GM56: =SUMPRODUCT(GN$13:GN$52,QCI!$L$13:$L$52)/100 -> 0 | GP56: =SUMPRODUCT(GQ$13:GQ$52,QCI!$L$13:$L$52)/100 -> 0 | GS56: =SUMPRODUCT(GT$13:GT$52,QCI!$L$13:$L$52)/100 -> 0 | GV56: =SUMPRODUCT(GW$13:GW$52,QCI!$L$13:$L$52)/100 -> 0 | GY56: =SUMPRODUCT(GZ$13:GZ$52,QCI!$L$13:$L$52)/100 -> 0 | HB56: =SUMPRODUCT(HC$13:HC$52,QCI!$L$13:$L$52)/100 -> 0 | HE56: =SUMPRODUCT(HF$13:HF$52,QCI!$L$13:$L$52)/100 -> 0 | HH56: =SUMPRODUCT(HI$13:HI$52,QCI!$L$13:$L$52)/100 -> 0 | HK56: =SUMPRODUCT(HL$13:HL$52,QCI!$L$13:$L$52)/100 -> 0 | HN56: =SUMPRODUCT(HO$13:HO$52,QCI!$L$13:$L$52)/100 -> 0 | HQ56: =SUMPRODUCT(HR$13:HR$52,QCI!$L$13:$L$52)/100 -> 0 | HT56: =SUMPRODUCT(HU$13:HU$52,QCI!$L$13:$L$52)/100 -> 0 | HW56: =SUMPRODUCT(HX$13:HX$52,QCI!$L$13:$L$52)/100 -> 0 | HZ56: =SUMPRODUCT(IA$13:IA$52,QCI!$L$13:$L$52)/100 -> 0 | IC56: =SUMPRODUCT(ID$13:ID$52,QCI!$L$13:$L$52)/100 -> 0 | IF56: =SUMPRODUCT(IG$13:IG$52,QCI!$L$13:$L$52)/100 -> 0 | II56: =SUMPRODUCT(IJ$13:IJ$52,QCI!$L$13:$L$52)/100 -> 0 | IL56: =SUMPRODUCT(IM$13:IM$52,QCI!$L$13:$L$52)/100 -> 0 | IO56: =SUMPRODUCT(IP$13:IP$52,QCI!$L$13:$L$52)/100 -> 0 | IR56: =SUMPRODUCT(IS$13:IS$52,QCI!$L$13:$L$52)/100 -> 0 | IU56: =SUMPRODUCT(IV$13:IV$52,QCI!$L$13:$L$52)/100 -> 0
B57: Repasse | C57: =SUM($E$57:$IV$57) -> 0 | E57: =E$53 -> 0 | H57: =H$53 -> 0 | K57: =K$53 -> 0 | N57: =N$53 -> 0 | Q57: =Q$53 -> 0 | T57: =T$53 -> 0 | W57: =W$53 -> 0 | Z57: =Z$53 -> 0 | AC57: =AC$53 -> 0 | AF57: =AF$53 -> 0 | AI57: =AI$53 -> 0 | AL57: =AL$53 -> 0 | AO57: =AO$53 -> 0 | AR57: =AR$53 -> 0 | AU57: =AU$53 -> 0 | AX57: =AX$53 -> 0 | BA57: =BA$53 -> 0 | BD57: =BD$53 -> 0 | BG57: =BG$53 -> 0 | BJ57: =BJ$53 -> 0 | BM57: =BM$53 -> 0 | BP57: =BP$53 -> 0 | BS57: =BS$53 -> 0 | BV57: =BV$53 -> 0 | BY57: =BY$53 -> 0 | CB57: =CB$53 -> 0 | CE57: =CE$53 -> 0 | CH57: =CH$53 -> 0 | CK57: =CK$53 -> 0 | CN57: =CN$53 -> 0 | CQ57: =CQ$53 -> 0 | CT57: =CT$53 -> 0 | CW57: =CW$53 -> 0 | CZ57: =CZ$53 -> 0 | DC57: =DC$53 -> 0 | DF57: =DF$53 -> 0 | DI57: =DI$53 -> 0 | DL57: =DL$53 -> 0 | DO57: =DO$53 -> 0 | DR57: =DR$53 -> 0 | DU57: =DU$53 -> 0 | DX57: =DX$53 -> 0 | EA57: =EA$53 -> 0 | ED57: =ED$53 -> 0 | EG57: =EG$53 -> 0 | EJ57: =EJ$53 -> 0 | EM57: =EM$53 -> 0 | EP57: =EP$53 -> 0 | ES57: =ES$53 -> 0 | EV57: =EV$53 -> 0 | EY57: =EY$53 -> 0 | FB57: =FB$53 -> 0 | FE57: =FE$53 -> 0 | FH57: =FH$53 -> 0 | FK57: =FK$53 -> 0 | FN57: =FN$53 -> 0 | FQ57: =FQ$53 -> 0 | FT57: =FT$53 -> 0 | FW57: =FW$53 -> 0 | FZ57: =FZ$53 -> 0 | GC57: =GC$53 -> 0 | GF57: =GF$53 -> 0 | GI57: =GI$53 -> 0 | GL57: =GL$53 -> 0 | GO57: =GO$53 -> 0 | GR57: =GR$53 -> 0 | GU57: =GU$53 -> 0 | GX57: =GX$53 -> 0 | HA57: =HA$53 -> 0 | HD57: =HD$53 -> 0 | HG57: =HG$53 -> 0 | HJ57: =HJ$53 -> 0 | HM57: =HM$53 -> 0 | HP57: =HP$53 -> 0 | HS57: =HS$53 -> 0 | HV57: =HV$53 -> 0 | HY57: =HY$53 -> 0 | IB57: =IB$53 -> 0 | IE57: =IE$53 -> 0 | IH57: =IH$53 -> 0 | IK57: =IK$53 -> 0 | IN57: =IN$53 -> 0 | IQ57: =IQ$53 -> 0 | IT57: =IT$53 -> 0
B58: Total | C58: =SUM($E$58:$IV$58) -> 362929.84 | E58: =SUM(E$53:F$53) -> 124969.15 | H58: =SUM(H$53:I$53) -> 169971.92 | K58: =SUM(K$53:L$53) -> 67988.767 | N58: =SUM(N$53:O$53) -> 0 | Q58: =SUM(Q$53:R$53) -> 0 | T58: =SUM(T$53:U$53) -> 0 | W58: =SUM(W$53:X$53) -> 0 | Z58: =SUM(Z$53:AA$53) -> 0 | AC58: =SUM(AC$53:AD$53) -> 0 | AF58: =SUM(AF$53:AG$53) -> 0 | AI58: =SUM(AI$53:AJ$53) -> 0 | AL58: =SUM(AL$53:AM$53) -> 0 | AO58: =SUM(AO$53:AP$53) -> 0 | AR58: =SUM(AR$53:AS$53) -> 0 | AU58: =SUM(AU$53:AV$53) -> 0 | AX58: =SUM(AX$53:AY$53) -> 0 | BA58: =SUM(BA$53:BB$53) -> 0 | BD58: =SUM(BD$53:BE$53) -> 0 | BG58: =SUM(BG$53:BH$53) -> 0 | BJ58: =SUM(BJ$53:BK$53) -> 0 | BM58: =SUM(BM$53:BN$53) -> 0 | BP58: =SUM(BP$53:BQ$53) -> 0 | BS58: =SUM(BS$53:BT$53) -> 0 | BV58: =SUM(BV$53:BW$53) -> 0 | BY58: =SUM(BY$53:BZ$53) -> 0 | CB58: =SUM(CB$53:CC$53) -> 0 | CE58: =SUM(CE$53:CF$53) -> 0 | CH58: =SUM(CH$53:CI$53) -> 0 | CK58: =SUM(CK$53:CL$53) -> 0 | CN58: =SUM(CN$53:CO$53) -> 0 | CQ58: =SUM(CQ$53:CR$53) -> 0 | CT58: =SUM(CT$53:CU$53) -> 0 | CW58: =SUM(CW$53:CX$53) -> 0 | CZ58: =SUM(CZ$53:DA$53) -> 0 | DC58: =SUM(DC$53:DD$53) -> 0 | DF58: =SUM(DF$53:DG$53) -> 0 | DI58: =SUM(DI$53:DJ$53) -> 0 | DL58: =SUM(DL$53:DM$53) -> 0 | DO58: =SUM(DO$53:DP$53) -> 0 | DR58: =SUM(DR$53:DS$53) -> 0 | DU58: =SUM(DU$53:DV$53) -> 0 | DX58: =SUM(DX$53:DY$53) -> 0 | EA58: =SUM(EA$53:EB$53) -> 0 | ED58: =SUM(ED$53:EE$53) -> 0 | EG58: =SUM(EG$53:EH$53) -> 0 | EJ58: =SUM(EJ$53:EK$53) -> 0 | EM58: =SUM(EM$53:EN$53) -> 0 | EP58: =SUM(EP$53:EQ$53) -> 0 | ES58: =SUM(ES$53:ET$53) -> 0 | EV58: =SUM(EV$53:EW$53) -> 0 | EY58: =SUM(EY$53:EZ$53) -> 0 | FB58: =SUM(FB$53:FC$53) -> 0 | FE58: =SUM(FE$53:FF$53) -> 0 | FH58: =SUM(FH$53:FI$53) -> 0 | FK58: =SUM(FK$53:FL$53) -> 0 | FN58: =SUM(FN$53:FO$53) -> 0 | FQ58: =SUM(FQ$53:FR$53) -> 0 | FT58: =SUM(FT$53:FU$53) -> 0 | FW58: =SUM(FW$53:FX$53) -> 0 | FZ58: =SUM(FZ$53:GA$53) -> 0 | GC58: =SUM(GC$53:GD$53) -> 0 | GF58: =SUM(GF$53:GG$53) -> 0 | GI58: =SUM(GI$53:GJ$53) -> 0 | GL58: =SUM(GL$53:GM$53) -> 0 | GO58: =SUM(GO$53:GP$53) -> 0 | GR58: =SUM(GR$53:GS$53) -> 0 | GU58: =SUM(GU$53:GV$53) -> 0 | GX58: =SUM(GX$53:GY$53) -> 0 | HA58: =SUM(HA$53:HB$53) -> 0 | HD58: =SUM(HD$53:HE$53) -> 0 | HG58: =SUM(HG$53:HH$53) -> 0 | HJ58: =SUM(HJ$53:HK$53) -> 0 | HM58: =SUM(HM$53:HN$53) -> 0 | HP58: =SUM(HP$53:HQ$53) -> 0 | HS58: =SUM(HS$53:HT$53) -> 0 | HV58: =SUM(HV$53:HW$53) -> 0 | HY58: =SUM(HY$53:HZ$53) -> 0 | IB58: =SUM(IB$53:IC$53) -> 0 | IE58: =SUM(IE$53:IF$53) -> 0 | IH58: =SUM(IH$53:II$53) -> 0 | IK58: =SUM(IK$53:IL$53) -> 0 | IN58: =SUM(IN$53:IO$53) -> 0 | IQ58: =SUM(IQ$53:IR$53) -> 0 | IT58: =SUM(IT$53:IU$53) -> 0
B59: =$C$58 -> 362929.84 | H59: =H$53+E$53 -> 0 | I59: =I$53+F$53 -> 294941.07 | J59: =J$53+G$53 -> 81.266691 | K59: =K$53+H$59 -> 0 | L59: =L$53+I$59 -> 362929.84 | M59: =M$53+J$59 -> 100 | N59: =N$53+K$59 -> 0 | O59: =O$53+L$59 -> 362929.84 | P59: =P$53+M$59 -> 100 | Q59: =Q$53+N$59 -> 0 | R59: =R$53+O$59 -> 362929.84 | ... IV59: =IV$53+IS$59 -> 100
A69: Prefeito | H69: Responsável Técnico | N69: Responsável Técnico | R69: 43278 | W69: Responsável Técnico | AC69: Responsável Técnico | AL69: Responsável Técnico | AR69: Responsável Técnico | BA69: Responsável Técnico | BG69: Responsável Técnico | BP69: Responsável Técnico | BV69: Responsável Técnico | CE69: Responsável Técnico | CK69: Responsável Técnico | CT69: Responsável Técnico | CZ69: Responsável Técnico | DI69: Responsável Técnico | DO69: Responsável Técnico | DX69: Responsável Técnico | ED69: Responsável Técnico | EM69: Responsável Técnico | ES69: Responsável Técnico | FB69: Responsável Técnico | FH69: Responsável Técnico | FQ69: Responsável Técnico | FW69: Responsável Técnico | GF69: Responsável Técnico | GL69: Responsável Técnico | GU69: Responsável Técnico | HA69: Responsável Técnico | HJ69: Responsável Técnico | HP69: Responsável Técnico | HY69: Responsável Técnico | IE69: Responsável Técnico
A70: Nome: | B70: =QCI!$C$61 -> 0 | H70: Nome: | N70: Nome: | R70: Data | W70: Nome: | X70: =$I$70 -> 0 | AC70: Nome: | AD70: =$O$70 -> 0 | AL70: Nome: | AM70: =$I$70 -> 0 | AR70: Nome: | AS70: =$O$70 -> 0 | BA70: Nome: | BB70: =$I$70 -> 0 | BG70: Nome: | BH70: =$O$70 -> 0 | BP70: Nome: | BQ70: =$I$70 -> 0 | BV70: Nome: | BW70: =$O$70 -> 0 | CE70: Nome: | CF70: =$I$70 -> 0 | CK70: Nome: | CL70: =$O$70 -> 0 | CT70: Nome: | CU70: =$I$70 -> 0 | CZ70: Nome: | DA70: =$O$70 -> 0 | DI70: Nome: | DJ70: =$I$70 -> 0 | DO70: Nome: | DP70: =$O$70 -> 0 | DX70: Nome: | DY70: =$I$70 -> 0 | ED70: Nome: | EE70: =$O$70 -> 0 | EM70: Nome: | EN70: =$I$70 -> 0 | ES70: Nome: | ET70: =$O$70 -> 0 | FB70: Nome: | FC70: =$I$70 -> 0 | FH70: Nome: | FI70: =$O$70 -> 0 | FQ70: Nome: | FR70: =$I$70 -> 0 | FW70: Nome: | FX70: =$O$70 -> 0 | GF70: Nome: | GG70: =$I$70 -> 0 | GL70: Nome: | GM70: =$O$70 -> 0 | GU70: Nome: | GV70: =$I$70 -> 0 | HA70: Nome: | HB70: =$O$70 -> 0 | HJ70: Nome: | HK70: =$I$70 -> 0 | HP70: Nome: | HQ70: =$O$70 -> 0 | HY70: Nome: | HZ70: =$I$70 -> 0 | IE70: Nome: | IF70: =$O$70 -> 0
A71: CPF | B71: =QCI!$C$62 -> 0 | H71: Registro: | N71: Registro: | W71: Registro: | X71: =$I$71 -> 0 | AC71: Registro: | AD71: =$O$71 -> 0 | AL71: Registro: | AM71: =$I$71 -> 0 | AR71: Registro: | AS71: =$O$71 -> 0 | BA71: Registro: | BB71: =$I$71 -> 0 | BG71: Registro: | BH71: =$O$71 -> 0 | BP71: Registro: | BQ71: =$I$71 -> 0 | BV71: Registro: | BW71: =$O$71 -> 0 | CE71: Registro: | CF71: =$I$71 -> 0 | CK71: Registro: | CL71: =$O$71 -> 0 | CT71: Registro: | CU71: =$I$71 -> 0 | CZ71: Registro: | DA71: =$O$71 -> 0 | DI71: Registro: | DJ71: =$I$71 -> 0 | DO71: Registro: | DP71: =$O$71 -> 0 | DX71: Registro: | DY71: =$I$71 -> 0 | ED71: Registro: | EE71: =$O$71 -> 0 | EM71: Registro: | EN71: =$I$71 -> 0 | ES71: Registro: | ET71: =$O$71 -> 0 | FB71: Registro: | FC71: =$I$71 -> 0 | FH71: Registro: | FI71: =$O$71 -> 0 | FQ71: Registro: | FR71: =$I$71 -> 0 | FW71: Registro: | FX71: =$O$71 -> 0 | GF71: Registro: | GG71: =$I$71 -> 0 | GL71: Registro: | GM71: =$O$71 -> 0 | GU71: Registro: | GV71: =$I$71 -> 0 | HA71: Registro: | HB71: =$O$71 -> 0 | HJ71: Registro: | HK71: =$I$71 -> 0 | HP71: Registro: | HQ71: =$O$71 -> 0 | HY71: Registro: | HZ71: =$I$71 -> 0 | IE71: Registro: | IF71: =$O$71 -> 0

Sheet DRENAGEM
A1: DRENAGEM | H1: ∅ DN | I1: DIÂM EXTERNO | J1: Área Tubo (m²)
E2: QTDADE | F2: UNID. | H2: 30 | I2: 37 | J2: =(PI()*(((I2/2)/100)^2)) -> 0.10752101
H3: 40 | I3: 48 | J3: =(PI()*(((I3/2)/100)^2)) -> 0.18095574
A4: CAIXA DE BOCA DE LOBO | E4: 18 | F4: unid. | H4: 50 | I4: 60 | J4: =(PI()*(((I4/2)/100)^2)) -> 0.28274334
A5: CAIXA DE LIGAÇÃO | E5: 9 | F5: unid. | H5: 60 | I5: 71.1 | J5: =(PI()*(((I5/2)/100)^2)) -> 0.39703526
H6: 80 | I6: 93 | J6: =(PI()*(((I6/2)/100)^2)) -> 0.67929087
H7: 100 | I7: 120 | J7: =(PI()*(((I7/2)/100)^2)) -> 1.1309734
H8: 120 | I8: 144 | J8: =(PI()*(((I8/2)/100)^2)) -> 1.6286016
A9: CÁLCULO VOLUME CORTE ATERRO | E9: QTDADE | F9: UNID. | H9: ESCARIF (m³) | I9: REATERRO (m³) | J9: X | K9: Y | L9: ESCAR(M³) | M9: REAT (M³)
A10: TUBOS ∅30cm | E10: 90 | F10: m | H10: =E10*L10 -> 79.2 | I10: =E10*M10 -> 69.523109 | J10: 0.8 | K10: 1.1 | L10: =J10*K10 -> 0.88 | M10: =L10-J2 -> 0.77247899
A11: TUBOS ∅40cm | E11: 0 | F11: m | H11: =E11*L11 -> 0 | I11: =E11*M11 -> 0 | J11: 0.9 | K11: 1.2 | L11: =J11*K11 -> 1.08 | M11: =L11-J3 -> 0.89904426
A12: TUBOS ∅50cm | E12: 0 | F12: m | H12: =E12*L12 -> 0 | I12: =E12*M12 -> 0 | J12: 1 | K12: 1.3 | L12: =J12*K12 -> 1.3 | M12: =L12-J4 -> 1.0172567
A13: TUBOS ∅60cm | E13: 0 | F13: m | H13: =E13*L13 -> 0 | I13: =E13*M13 -> 0 | J13: 1.2 | K13: 1.4 | L13: =J13*K13 -> 1.68 | M13: =L13-J5 -> 1.2829647
A14: TUBOS ∅80cm | E14: 0 | F14: m | H14: =E14*L14 -> 0 | I14: =E14*M14 -> 0 | J14: 1.5 | K14: 1.6 | L14: =J14*K14 -> 2.4 | M14: =L14-J6 -> 1.7207091
A15: TUBOS ∅100cm | E15: 0 | F15: m | H15: =E15*L15 -> 0 | I15: =E15*M15 -> 0 | J15: 1.8 | K15: 1.9 | L15: =J15*K15 -> 3.42 | M15: =L15-J7 -> 2.2890266
A16: TUBOS ∅120cm | E16: 0 | F16: m | H16: =E16*L16 -> 0 | I16: =E16*M16 -> 0 | J16: 2 | K16: 2.1 | L16: =J16*K16 -> 4.2 | M16: =L16-J8 -> 2.5713984
A17: ESCAVAÇÃO PROFUNDIDADE EXCEDENTE E4 A E12 | E17: 0 | F17: m | H17: =E17*L17 -> 0 | I17: =E17*M17 -> 0 | J17: 1.2 | K17: 0.25 | L17: =J17*K17 -> 0.3 | M17: =L17*1.03 -> 0.309
K18: CAIXA DE LIG | L18: 1.2
K19: BOCA LOBO | L19: 1.2
D20: EXT. TOTAL TUBOS= | E20: =SUM(E10:E16) -> 90 | F20: m | G20: TOTAL= | H20: =SUM(H10:H17)+(L18*E5)+(L19*E4) -> 111.6 | I20: =SUM(I10:I17) -> 69.523109
D21: COLCHÃO DE BRITA (0,50X0,10)= | E21: =(E20-E10)*0.5*0.1 -> 0 | F21: m³ | I21: BIDIM PARA BOCA DE LOBO E CAIXA DE LIGAÇÃO | J21: =(E4)*0.64 -> 11.52

Sheet PAVIMENTO
A1: QUANTITATIVO
B2: PAVIMENTO (m²) | C2: MEIO FIO (m) | D2: TRAVAMENTO (m)
A3: PROPRIETÁRIOS
B4: 5009.704 | C4: 475.884 | D4: 0
C5: 304.69 | D5: 0
C6: 283.73 | D6: 0
B7: -112.08 | C7: 283.74 | D7: 0
A8: SUB TOTAL= | B8: =SUM(B4:B7) -> 4897.624 | C8: =SUM(C4:C7) -> 1348.044 | D8: =SUM(D4:D7) -> 0
A9: PREFEITURA | B9: PAVIMENTO (m²) | C9: MEIO FIO (m) | D9: TRAVAMENTO (m)
A10: CRUZAMENTO travessa | B10: 17.94 | C10: 2.5 | D10: 13.96
A11: POSTO DE SAÚDE 28,02*4,00 | B11: 112.08 | D11: 0
B12: 0 | C12: 6 | D12: 0
B13: 0 | C13: 0 | D13: 0
B14: 0 | C14: 0 | D14: 0
A15: SUB TOTAL= | B15: =SUM(B10:B14) -> 130.02 | C15: =SUM(C10:C14) -> 8.5 | D15: =SUM(D10:D14) -> 13.96
A16: TOTAL= | B16: =B8+B15 -> 5027.644 | C16: =C8+C15 -> 1356.544 | D16: =D8+D15 -> 13.96
